Workbook

Sheet Notes
A1: This workbook is a SAN Team record of the status of TCRS tickets that may include SAN Storage.
A3: If the ticket is not in this list and SAN Storage is required, this must be highlighted to the SAN Team. Only tickets recorded in this spreadsheet will have storage reserved
A5: The Summary Tab shows the real dates that tickets arrived in the SAN Queue and when they were approved. TCRS dates can vary from these.
A7: The latest dated tab shows the latest status of all tickets that will be processed by the SAN team that are still open
D89: =H89/33 -> 0
M171: 3544 | N171: 132133
K172: 3564 | L172: e89,d9e
C173: CAP0024653
K174: 3943 | L174: 521522523
C193: CAP0026672
L194: 0f4e:0f85,0Fa3:1037
C195: CAP0026071 | L195: 20ca:211c
C196: CAP0026071 | M196: 2230 | N196: 24ad:24af | O196: 2231 | P196: 24ad:24af
B326: CAP0027353

Sheet summary
A1: a | B1: Pre design | E1: post design | H1: Finalised | P1: Holidays: | Q1: 40903
A2: b | B2: queued | C2: approved | D2: days | E2: queued | F2: approved | G2: days | H2: queued | I2: approved | J2: days | K2: comments | Q2: 40904
A3: CAP0016576 | D3: =IF(B3="","",IF(C3="","",NETWORKDAYS(B3,C3,$M:$M)-1)) | G3: =IF(E3="","",IF(F3="","",NETWORKDAYS(E3,F3,$M:$M)-1)) | J3: =IF(H3="","",IF(I3="","",NETWORKDAYS(H3,I3,$M:$M)-1)) | K3: SAN not included asd approver for this TCRS | Q3: 40910
A4: CAP0016604 | D4: =IF(B4="","",IF(C4="","",NETWORKDAYS(B4,C4,$M:$M)-1)) | G4: =IF(E4="","",IF(F4="","",NETWORKDAYS(E4,F4,$M:$M)-1)) | H4: 40882 | I4: 40882 | J4: =IF(H4="","",IF(I4="","",NETWORKDAYS(H4,I4,$M:$M)-1)) -> 0 | Q4: 41005
A5: CAP0016877 | D5: =IF(B5="","",IF(C5="","",NETWORKDAYS(B5,C5,$M:$M)-1)) | G5: =IF(E5="","",IF(F5="","",NETWORKDAYS(E5,F5,$M:$M)-1)) | J5: =IF(H5="","",IF(I5="","",NETWORKDAYS(H5,I5,$M:$M)-1)) | Q5: 41008
A6: CAP0017447 | D6: =IF(B6="","",IF(C6="","",NETWORKDAYS(B6,C6,$M:$M)-1)) | G6: =IF(E6="","",IF(F6="","",NETWORKDAYS(E6,F6,$M:$M)-1)) | J6: =IF(H6="","",IF(I6="","",NETWORKDAYS(H6,I6,$M:$M)-1)) | Q6: 41036
A7: CAP0017624 | D7: =IF(B7="","",IF(C7="","",NETWORKDAYS(B7,C7,$M:$M)-1)) | G7: =IF(E7="","",IF(F7="","",NETWORKDAYS(E7,F7,$M:$M)-1)) | J7: =IF(H7="","",IF(I7="","",NETWORKDAYS(H7,I7,$M:$M)-1)) | Q7: 41064
A8: CAP0017724 | D8: =IF(B8="","",IF(C8="","",NETWORKDAYS(B8,C8,$M:$M)-1)) | G8: =IF(E8="","",IF(F8="","",NETWORKDAYS(E8,F8,$M:$M)-1)) | J8: =IF(H8="","",IF(I8="","",NETWORKDAYS(H8,I8,$M:$M)-1)) | Q8: 41065
A9: CAP0018132 | D9: =IF(B9="","",IF(C9="","",NETWORKDAYS(B9,C9,$M:$M)-1)) | G9: =IF(E9="","",IF(F9="","",NETWORKDAYS(E9,F9,$M:$M)-1)) | J9: =IF(H9="","",IF(I9="","",NETWORKDAYS(H9,I9,$M:$M)-1)) | Q9: 41148
A10: CAP0018145 | B10: 40805 | C10: 40868 | D10: =IF(B10="","",IF(C10="","",NETWORKDAYS(B10,C10,$Q:$Q)-1)) -> 45 | G10: =IF(E10="","",IF(F10="","",NETWORKDAYS(E10,F10,$Q:$Q)-1)) | J10: =IF(H10="","",IF(I10="","",NETWORKDAYS(H10,I10,$M:$M)-1)) | Q10: 41268
A11: CAP0018235 | B11: 40812 | C11: 40869 | D11: =IF(B11="","",IF(C11="","",NETWORKDAYS(B11,C11,$Q:$Q)-1)) -> 41 | G11: =IF(E11="","",IF(F11="","",NETWORKDAYS(E11,F11,$Q:$Q)-1)) | J11: =IF(H11="","",IF(I11="","",NETWORKDAYS(H11,I11,$M:$M)-1)) | Q11: 41269
A12: CAP0018331 | B12: 40840 | C12: 40865 | D12: =IF(B12="","",IF(C12="","",NETWORKDAYS(B12,C12,$Q:$Q)-1)) -> 19 | G12: =IF(E12="","",IF(F12="","",NETWORKDAYS(E12,F12,$Q:$Q)-1)) | J12: =IF(H12="","",IF(I12="","",NETWORKDAYS(H12,I12,$M:$M)-1))
A13: CAP0018481 | B13: 40849 | C13: 40865 | D13: =IF(B13="","",IF(C13="","",NETWORKDAYS(B13,C13,$Q:$Q)-1)) -> 12 | G13: =IF(E13="","",IF(F13="","",NETWORKDAYS(E13,F13,$Q:$Q)-1)) | J13: =IF(H13="","",IF(I13="","",NETWORKDAYS(H13,I13,$M:$M)-1))
A14: CAP0018509 | B14: 40807 | C14: 40819 | D14: =IF(B14="","",IF(C14="","",NETWORKDAYS(B14,C14,$Q:$Q)-1)) -> 8 | G14: =IF(E14="","",IF(F14="","",NETWORKDAYS(E14,F14,$Q:$Q)-1)) | J14: =IF(H14="","",IF(I14="","",NETWORKDAYS(H14,I14,$M:$M)-1))
A15: CAP0018600 | B15: 40821 | C15: 40865 | D15: =IF(B15="","",IF(C15="","",NETWORKDAYS(B15,C15,$Q:$Q)-1)) -> 32 | G15: =IF(E15="","",IF(F15="","",NETWORKDAYS(E15,F15,$Q:$Q)-1)) | J15: =IF(H15="","",IF(I15="","",NETWORKDAYS(H15,I15,$M:$M)-1))
A16: CAP0018714 | B16: 40850 | C16: 40885 | D16: =IF(B16="","",IF(C16="","",NETWORKDAYS(B16,C16,$Q:$Q)-1)) -> 25 | G16: =IF(E16="","",IF(F16="","",NETWORKDAYS(E16,F16,$Q:$Q)-1)) | J16: =IF(H16="","",IF(I16="","",NETWORKDAYS(H16,I16,$M:$M)-1))
A17: CAP0018763 | D17: =IF(B17="","",IF(C17="","",NETWORKDAYS(B17,C17,$Q:$Q)-1)) | G17: =IF(E17="","",IF(F17="","",NETWORKDAYS(E17,F17,$Q:$Q)-1)) | J17: =IF(H17="","",IF(I17="","",NETWORKDAYS(H17,I17,$M:$M)-1))
A18: CAP0018858 | C18: 40998 | D18: =IF(B18="","",IF(C18="","",NETWORKDAYS(B18,C18,$Q:$Q)-1)) | E18: 40998 | F18: 40998 | G18: =IF(E18="","",IF(F18="","",NETWORKDAYS(E18,F18,$Q:$Q)-1)) -> 0 | H18: 40998 | I18: 40998 | J18: =IF(H18="","",IF(I18="","",NETWORKDAYS(H18,I18,$M:$M)-1)) -> 0
A19: CAP0018879 | B19: 40844 | C19: 40861 | D19: =IF(B19="","",IF(C19="","",NETWORKDAYS(B19,C19,$Q:$Q)-1)) -> 11 | G19: =IF(E19="","",IF(F19="","",NETWORKDAYS(E19,F19,$Q:$Q)-1)) | J19: =IF(H19="","",IF(I19="","",NETWORKDAYS(H19,I19,$M:$M)-1))
A20: CAP0018880 | B20: 40872 | C20: 40872 | D20: =IF(B20="","",IF(C20="","",NETWORKDAYS(B20,C20,$Q:$Q)-1)) -> 0 | G20: =IF(E20="","",IF(F20="","",NETWORKDAYS(E20,F20,$Q:$Q)-1)) | J20: =IF(H20="","",IF(I20="","",NETWORKDAYS(H20,I20,$M:$M)-1))
A21: CAP0018952 | B21: 40863 | C21: 40865 | D21: =IF(B21="","",IF(C21="","",NETWORKDAYS(B21,C21,$Q:$Q)-1)) -> 2 | G21: =IF(E21="","",IF(F21="","",NETWORKDAYS(E21,F21,$Q:$Q)-1)) | J21: =IF(H21="","",IF(I21="","",NETWORKDAYS(H21,I21,$M:$M)-1))
A22: CAP0018954 | B22: 40848 | C22: 40861 | D22: =IF(B22="","",IF(C22="","",NETWORKDAYS(B22,C22,$Q:$Q)-1)) -> 9 | G22: =IF(E22="","",IF(F22="","",NETWORKDAYS(E22,F22,$Q:$Q)-1)) | J22: =IF(H22="","",IF(I22="","",NETWORKDAYS(H22,I22,$M:$M)-1))
A23: CAP0018995 | D23: =IF(B23="","",IF(C23="","",NETWORKDAYS(B23,C23,$Q:$Q)-1)) | G23: =IF(E23="","",IF(F23="","",NETWORKDAYS(E23,F23,$Q:$Q)-1)) | J23: =IF(H23="","",IF(I23="","",NETWORKDAYS(H23,I23,$M:$M)-1))
A24: CAP0019015 | B24: 40840 | C24: 40854 | D24: =IF(B24="","",IF(C24="","",NETWORKDAYS(B24,C24,$Q:$Q)-1)) -> 10 | G24: =IF(E24="","",IF(F24="","",NETWORKDAYS(E24,F24,$Q:$Q)-1)) | J24: =IF(H24="","",IF(I24="","",NETWORKDAYS(H24,I24,$M:$M)-1))
A25: CAP0019132 | B25: 40898 | C25: 40911 | D25: =IF(B25="","",IF(C25="","",NETWORKDAYS(B25,C25,$Q:$Q)-1)) -> 6 | E25: 40911 | F25: 40912 | G25: =IF(E25="","",IF(F25="","",NETWORKDAYS(E25,F25,$Q:$Q)-1)) -> 1 | J25: =IF(H25="","",IF(I25="","",NETWORKDAYS(H25,I25,$M:$M)-1))
A26: CAP0019179 | B26: 40982 | C26: 40982 | D26: =IF(B26="","",IF(C26="","",NETWORKDAYS(B26,C26,$Q:$Q)-1)) -> 0 | E26: 40982 | F26: 40982 | G26: =IF(E26="","",IF(F26="","",NETWORKDAYS(E26,F26,$Q:$Q)-1)) -> 0 | J26: =IF(H26="","",IF(I26="","",NETWORKDAYS(H26,I26,$M:$M)-1))
A27: CAP0019323 | B27: 40863 | C27: 40871 | D27: =IF(B27="","",IF(C27="","",NETWORKDAYS(B27,C27,$Q:$Q)-1)) -> 6 | E27: 40871 | F27: 40872 | G27: =IF(E27="","",IF(F27="","",NETWORKDAYS(E27,F27,$Q:$Q)-1)) -> 1 | H27: 40878 | I27: 40878 | J27: =IF(H27="","",IF(I27="","",NETWORKDAYS(H27,I27,$M:$M)-1)) -> 0
A28: CAP0019324 | D28: =IF(B28="","",IF(C28="","",NETWORKDAYS(B28,C28,$Q:$Q)-1)) | G28: =IF(E28="","",IF(F28="","",NETWORKDAYS(E28,F28,$Q:$Q)-1)) | J28: =IF(H28="","",IF(I28="","",NETWORKDAYS(H28,I28,$M:$M)-1))
A29: CAP0019326 | B29: 40865 | C29: 40869 | D29: =IF(B29="","",IF(C29="","",NETWORKDAYS(B29,C29,$Q:$Q)-1)) -> 2 | E29: 40869 | F29: 40869 | G29: =IF(E29="","",IF(F29="","",NETWORKDAYS(E29,F29,$Q:$Q)-1)) -> 0 | J29: =IF(H29="","",IF(I29="","",NETWORKDAYS(H29,I29,$M:$M)-1))
A30: CAP0019433 | B30: 40875 | C30: 40885 | D30: =IF(B30="","",IF(C30="","",NETWORKDAYS(B30,C30,$Q:$Q)-1)) -> 8 | G30: =IF(E30="","",IF(F30="","",NETWORKDAYS(E30,F30,$Q:$Q)-1)) | J30: =IF(H30="","",IF(I30="","",NETWORKDAYS(H30,I30,$M:$M)-1))
A31: CAP0019452 | B31: 40885 | D31: =IF(B31="","",IF(C31="","",NETWORKDAYS(B31,C31,$Q:$Q)-1)) | G31: =IF(E31="","",IF(F31="","",NETWORKDAYS(E31,F31,$Q:$Q)-1)) | J31: =IF(H31="","",IF(I31="","",NETWORKDAYS(H31,I31,$M:$M)-1))
A32: CAP0019452 | B32: 40885 | C32: 40886 | D32: =IF(B32="","",IF(C32="","",NETWORKDAYS(B32,C32,$Q:$Q)-1)) -> 1 | G32: =IF(E32="","",IF(F32="","",NETWORKDAYS(E32,F32,$Q:$Q)-1)) | J32: =IF(H32="","",IF(I32="","",NETWORKDAYS(H32,I32,$M:$M)-1))
A33: CAP0019454 | B33: 40896 | C33: 40911 | D33: =IF(B33="","",IF(C33="","",NETWORKDAYS(B33,C33,$Q:$Q)-1)) -> 8 | E33: 40911 | F33: 40912 | G33: =IF(E33="","",IF(F33="","",NETWORKDAYS(E33,F33,$Q:$Q)-1)) -> 1 | J33: =IF(H33="","",IF(I33="","",NETWORKDAYS(H33,I33,$M:$M)-1))
A34: CAP0019456 | D34: =IF(B34="","",IF(C34="","",NETWORKDAYS(B34,C34,$Q:$Q)-1)) | G34: =IF(E34="","",IF(F34="","",NETWORKDAYS(E34,F34,$Q:$Q)-1)) | J34: =IF(H34="","",IF(I34="","",NETWORKDAYS(H34,I34,$M:$M)-1))
A35: CAP0019465 | D35: =IF(B35="","",IF(C35="","",NETWORKDAYS(B35,C35,$Q:$Q)-1)) | G35: =IF(E35="","",IF(F35="","",NETWORKDAYS(E35,F35,$Q:$Q)-1)) | J35: =IF(H35="","",IF(I35="","",NETWORKDAYS(H35,I35,$M:$M)-1))
A36: CAP0019467 | B36: 40882 | C36: 40884 | D36: =IF(B36="","",IF(C36="","",NETWORKDAYS(B36,C36,$Q:$Q)-1)) -> 2 | E36: 40884 | F36: 40884 | G36: =IF(E36="","",IF(F36="","",NETWORKDAYS(E36,F36,$Q:$Q)-1)) -> 0 | H36: 40884 | I36: 40884 | J36: =IF(H36="","",IF(I36="","",NETWORKDAYS(H36,I36,$M:$M)-1)) -> 0
A37: CAP0019480 | B37: 40877 | C37: 40877 | D37: =IF(B37="","",IF(C37="","",NETWORKDAYS(B37,C37,$Q:$Q)-1)) -> 0 | E37: 40877 | F37: 40877 | G37: =IF(E37="","",IF(F37="","",NETWORKDAYS(E37,F37,$Q:$Q)-1)) -> 0 | J37: =IF(H37="","",IF(I37="","",NETWORKDAYS(H37,I37,$M:$M)-1))
A38: CAP0019481 | B38: 40877 | C38: 40884 | D38: =IF(B38="","",IF(C38="","",NETWORKDAYS(B38,C38,$Q:$Q)-1)) -> 5 | E38: 40884 | F38: 40884 | G38: =IF(E38="","",IF(F38="","",NETWORKDAYS(E38,F38,$Q:$Q)-1)) -> 0 | J38: =IF(H38="","",IF(I38="","",NETWORKDAYS(H38,I38,$M:$M)-1))
A39: CAP0019500 | B39: 40892 | C39: 40892 | D39: =IF(B39="","",IF(C39="","",NETWORKDAYS(B39,C39,$Q:$Q)-1)) -> 0 | G39: =IF(E39="","",IF(F39="","",NETWORKDAYS(E39,F39,$Q:$Q)-1)) | J39: =IF(H39="","",IF(I39="","",NETWORKDAYS(H39,I39,$M:$M)-1)) | K39: can't post-design approve, have advised customer
A40: CAP0019503 | B40: 40911 | C40: 40912 | D40: =IF(B40="","",IF(C40="","",NETWORKDAYS(B40,C40,$Q:$Q)-1)) -> 1 | E40: 40912 | F40: 40912 | G40: =IF(E40="","",IF(F40="","",NETWORKDAYS(E40,F40,$Q:$Q)-1)) -> 0 | J40: =IF(H40="","",IF(I40="","",NETWORKDAYS(H40,I40,$M:$M)-1))
A41: CAP0019506 | D41: =IF(B41="","",IF(C41="","",NETWORKDAYS(B41,C41,$Q:$Q)-1)) | G41: =IF(E41="","",IF(F41="","",NETWORKDAYS(E41,F41,$Q:$Q)-1)) | J41: =IF(H41="","",IF(I41="","",NETWORKDAYS(H41,I41,$M:$M)-1))
A42: CAP0019569 | B42: 40906 | C42: 40912 | D42: =IF(B42="","",IF(C42="","",NETWORKDAYS(B42,C42,$Q:$Q)-1)) -> 3 | G42: =IF(E42="","",IF(F42="","",NETWORKDAYS(E42,F42,$Q:$Q)-1)) | J42: =IF(H42="","",IF(I42="","",NETWORKDAYS(H42,I42,$M:$M)-1))
A43: CAP0019584 | B43: 40883 | C43: 40886 | D43: =IF(B43="","",IF(C43="","",NETWORKDAYS(B43,C43,$Q:$Q)-1)) -> 3 | E43: 40886 | F43: 40886 | G43: =IF(E43="","",IF(F43="","",NETWORKDAYS(E43,F43,$Q:$Q)-1)) -> 0 | H43: 40886 | I43: 40886 | J43: =IF(H43="","",IF(I43="","",NETWORKDAYS(H43,I43,$M:$M)-1)) -> 0
A44: CAP0019585 | B44: 40906 | C44: 40912 | D44: =IF(B44="","",IF(C44="","",NETWORKDAYS(B44,C44,$Q:$Q)-1)) -> 3 | E44: 40912 | F44: 40912 | G44: =IF(E44="","",IF(F44="","",NETWORKDAYS(E44,F44,$Q:$Q)-1)) -> 0 | H44: 40912 | I44: 40912 | J44: =IF(H44="","",IF(I44="","",NETWORKDAYS(H44,I44,$M:$M)-1)) -> 0
A45: CAP0019629 | B45: 40926 | C45: 40934 | D45: =IF(B45="","",IF(C45="","",NETWORKDAYS(B45,C45,$Q:$Q)-1)) -> 6 | E45: 40934 | F45: 40934 | G45: =IF(E45="","",IF(F45="","",NETWORKDAYS(E45,F45,$Q:$Q)-1)) -> 0 | J45: =IF(H45="","",IF(I45="","",NETWORKDAYS(H45,I45,$M:$M)-1))
A46: CAP0019630 | B46: 40885 | C46: 40886 | D46: =IF(B46="","",IF(C46="","",NETWORKDAYS(B46,C46,$Q:$Q)-1)) -> 1 | G46: =IF(E46="","",IF(F46="","",NETWORKDAYS(E46,F46,$Q:$Q)-1)) | J46: =IF(H46="","",IF(I46="","",NETWORKDAYS(H46,I46,$M:$M)-1))
A47: CAP0019631 | B47: 40896 | C47: 40911 | D47: =IF(B47="","",IF(C47="","",NETWORKDAYS(B47,C47,$Q:$Q)-1)) -> 8 | E47: 40911 | F47: 40911 | G47: =IF(E47="","",IF(F47="","",NETWORKDAYS(E47,F47,$Q:$Q)-1)) -> 0 | J47: =IF(H47="","",IF(I47="","",NETWORKDAYS(H47,I47,$M:$M)-1))
A48: CAP0019632 | B48: 40955 | C48: 40956 | D48: =IF(B48="","",IF(C48="","",NETWORKDAYS(B48,C48,$Q:$Q)-1)) -> 1 | G48: =IF(E48="","",IF(F48="","",NETWORKDAYS(E48,F48,$Q:$Q)-1)) | J48: =IF(H48="","",IF(I48="","",NETWORKDAYS(H48,I48,$M:$M)-1)) | K48: In queue earlier but tier 3 needed mofifying to only request at prod site
A49: CAP0019639 | D49: =IF(B49="","",IF(C49="","",NETWORKDAYS(B49,C49,$Q:$Q)-1)) | G49: =IF(E49="","",IF(F49="","",NETWORKDAYS(E49,F49,$Q:$Q)-1)) | J49: =IF(H49="","",IF(I49="","",NETWORKDAYS(H49,I49,$M:$M)-1))
A50: CAP0019644 | B50: 40898 | C50: 40912 | D50: =IF(B50="","",IF(C50="","",NETWORKDAYS(B50,C50,$Q:$Q)-1)) -> 7 | G50: =IF(E50="","",IF(F50="","",NETWORKDAYS(E50,F50,$Q:$Q)-1)) | J50: =IF(H50="","",IF(I50="","",NETWORKDAYS(H50,I50,$M:$M)-1))
A51: CAP0019645 | B51: 40897 | C51: 40912 | D51: =IF(B51="","",IF(C51="","",NETWORKDAYS(B51,C51,$Q:$Q)-1)) -> 8 | E51: 40912 | F51: 40912 | G51: =IF(E51="","",IF(F51="","",NETWORKDAYS(E51,F51,$Q:$Q)-1)) -> 0 | J51: =IF(H51="","",IF(I51="","",NETWORKDAYS(H51,I51,$M:$M)-1))
A52: CAP0019671 | D52: =IF(B52="","",IF(C52="","",NETWORKDAYS(B52,C52,$Q:$Q)-1)) | G52: =IF(E52="","",IF(F52="","",NETWORKDAYS(E52,F52,$Q:$Q)-1)) | J52: =IF(H52="","",IF(I52="","",NETWORKDAYS(H52,I52,$M:$M)-1))
A53: CAP0019685 | D53: =IF(B53="","",IF(C53="","",NETWORKDAYS(B53,C53,$Q:$Q)-1)) | G53: =IF(E53="","",IF(F53="","",NETWORKDAYS(E53,F53,$Q:$Q)-1)) | J53: =IF(H53="","",IF(I53="","",NETWORKDAYS(H53,I53,$M:$M)-1))
A54: CAP0019737 | B54: 41052 | C54: 41053 | D54: =IF(B54="","",IF(C54="","",NETWORKDAYS(B54,C54,$Q:$Q)-1)) -> 1 | G54: =IF(E54="","",IF(F54="","",NETWORKDAYS(E54,F54,$Q:$Q)-1)) | J54: =IF(H54="","",IF(I54="","",NETWORKDAYS(H54,I54,$M:$M)-1))
A55: CAP0019763 | B55: 40897 | C55: 40900 | D55: =IF(B55="","",IF(C55="","",NETWORKDAYS(B55,C55,$Q:$Q)-1)) -> 3 | G55: =IF(E55="","",IF(F55="","",NETWORKDAYS(E55,F55,$Q:$Q)-1)) | J55: =IF(H55="","",IF(I55="","",NETWORKDAYS(H55,I55,$M:$M)-1))
A56: CAP0019768 | B56: 40956 | C56: 40962 | D56: =IF(B56="","",IF(C56="","",NETWORKDAYS(B56,C56,$Q:$Q)-1)) -> 4 | E56: 40962 | F56: 40963 | G56: =IF(E56="","",IF(F56="","",NETWORKDAYS(E56,F56,$Q:$Q)-1)) -> 1 | J56: =IF(H56="","",IF(I56="","",NETWORKDAYS(H56,I56,$M:$M)-1))
A57: CAP0019771 | D57: =IF(B57="","",IF(C57="","",NETWORKDAYS(B57,C57,$Q:$Q)-1)) | G57: =IF(E57="","",IF(F57="","",NETWORKDAYS(E57,F57,$Q:$Q)-1)) | J57: =IF(H57="","",IF(I57="","",NETWORKDAYS(H57,I57,$M:$M)-1)) | K57: Have advised requester - looks like SAN has been missed - 08/01
A58: CAP0019774 | D58: =IF(B58="","",IF(C58="","",NETWORKDAYS(B58,C58,$Q:$Q)-1)) | G58: =IF(E58="","",IF(F58="","",NETWORKDAYS(E58,F58,$Q:$Q)-1)) | J58: =IF(H58="","",IF(I58="","",NETWORKDAYS(H58,I58,$M:$M)-1)) | K58: Have advised requester - looks like SAN has been missed - 08/01
A59: CAP0019775 | D59: =IF(B59="","",IF(C59="","",NETWORKDAYS(B59,C59,$Q:$Q)-1)) | G59: =IF(E59="","",IF(F59="","",NETWORKDAYS(E59,F59,$Q:$Q)-1)) | J59: =IF(H59="","",IF(I59="","",NETWORKDAYS(H59,I59,$M:$M)-1))
A60: CAP0019776 | D60: =IF(B60="","",IF(C60="","",NETWORKDAYS(B60,C60,$Q:$Q)-1)) | G60: =IF(E60="","",IF(F60="","",NETWORKDAYS(E60,F60,$Q:$Q)-1)) | J60: =IF(H60="","",IF(I60="","",NETWORKDAYS(H60,I60,$M:$M)-1))
A61: CAP0019777 | D61: =IF(B61="","",IF(C61="","",NETWORKDAYS(B61,C61,$Q:$Q)-1)) | G61: =IF(E61="","",IF(F61="","",NETWORKDAYS(E61,F61,$Q:$Q)-1)) | J61: =IF(H61="","",IF(I61="","",NETWORKDAYS(H61,I61,$M:$M)-1))
A62: CAP0019778 | B62: 40918 | C62: 40919 | D62: =IF(B62="","",IF(C62="","",NETWORKDAYS(B62,C62,$Q:$Q)-1)) -> 1 | G62: =IF(E62="","",IF(F62="","",NETWORKDAYS(E62,F62,$Q:$Q)-1)) | J62: =IF(H62="","",IF(I62="","",NETWORKDAYS(H62,I62,$M:$M)-1))
A63: CAP0019779 | D63: =IF(B63="","",IF(C63="","",NETWORKDAYS(B63,C63,$Q:$Q)-1)) | G63: =IF(E63="","",IF(F63="","",NETWORKDAYS(E63,F63,$Q:$Q)-1)) | J63: =IF(H63="","",IF(I63="","",NETWORKDAYS(H63,I63,$M:$M)-1))
A64: CAP0019782 | B64: 40911 | C64: 40912 | D64: =IF(B64="","",IF(C64="","",NETWORKDAYS(B64,C64,$Q:$Q)-1)) -> 1 | E64: 40912 | F64: 40912 | G64: =IF(E64="","",IF(F64="","",NETWORKDAYS(E64,F64,$Q:$Q)-1)) -> 0 | J64: =IF(H64="","",IF(I64="","",NETWORKDAYS(H64,I64,$M:$M)-1))
A65: CAP0019868 | B65: 40961 | C65: 40962 | D65: =IF(B65="","",IF(C65="","",NETWORKDAYS(B65,C65,$Q:$Q)-1)) -> 1 | E65: 40973 | F65: 40973 | G65: =IF(E65="","",IF(F65="","",NETWORKDAYS(E65,F65,$Q:$Q)-1)) -> 0 | H65: 40973 | I65: 40973 | J65: =IF(H65="","",IF(I65="","",NETWORKDAYS(H65,I65,$M:$M)-1)) -> 0 | K65: VT35363655 raised, cannot progress ticket
A66: CAP0019921 | B66: 40918 | C66: 40919 | D66: =IF(B66="","",IF(C66="","",NETWORKDAYS(B66,C66,$Q:$Q)-1)) -> 1 | G66: =IF(E66="","",IF(F66="","",NETWORKDAYS(E66,F66,$Q:$Q)-1)) | J66: =IF(H66="","",IF(I66="","",NETWORKDAYS(H66,I66,$M:$M)-1))
A67: CAP0019940 | B67: 40921 | C67: 40927 | D67: =IF(B67="","",IF(C67="","",NETWORKDAYS(B67,C67,$Q:$Q)-1)) -> 4 | G67: =IF(E67="","",IF(F67="","",NETWORKDAYS(E67,F67,$Q:$Q)-1)) | I67: 40995 | J67: =IF(H67="","",IF(I67="","",NETWORKDAYS(H67,I67,$M:$M)-1))
A68: CAP0019941 | B68: 40918 | C68: 40919 | D68: =IF(B68="","",IF(C68="","",NETWORKDAYS(B68,C68,$Q:$Q)-1)) -> 1 | G68: =IF(E68="","",IF(F68="","",NETWORKDAYS(E68,F68,$Q:$Q)-1)) | J68: =IF(H68="","",IF(I68="","",NETWORKDAYS(H68,I68,$M:$M)-1))
A69: CAP0019942 | B69: 40918 | C69: 40924 | D69: =IF(B69="","",IF(C69="","",NETWORKDAYS(B69,C69,$Q:$Q)-1)) -> 4 | G69: =IF(E69="","",IF(F69="","",NETWORKDAYS(E69,F69,$Q:$Q)-1)) | I69: 40995 | J69: =IF(H69="","",IF(I69="","",NETWORKDAYS(H69,I69,$M:$M)-1))
A70: CAP0019992 | B70: 40917 | C70: 40919 | D70: =IF(B70="","",IF(C70="","",NETWORKDAYS(B70,C70,$Q:$Q)-1)) -> 2 | E70: 40919 | F70: 40919 | G70: =IF(E70="","",IF(F70="","",NETWORKDAYS(E70,F70,$Q:$Q)-1)) -> 0 | J70: =IF(H70="","",IF(I70="","",NETWORKDAYS(H70,I70,$M:$M)-1))
A71: CAP0020007 | B71: 40977 | C71: 40982 | D71: =IF(B71="","",IF(C71="","",NETWORKDAYS(B71,C71,$Q:$Q)-1)) -> 3 | E71: 40982 | F71: 40994 | G71: =IF(E71="","",IF(F71="","",NETWORKDAYS(E71,F71,$Q:$Q)-1)) -> 8 | H71: 40994 | I71: 40994 | J71: =IF(H71="","",IF(I71="","",NETWORKDAYS(H71,I71,$M:$M)-1)) -> 0
A72: CAP0020008 | B72: 40920 | D72: =IF(B72="","",IF(C72="","",NETWORKDAYS(B72,C72,$Q:$Q)-1)) | G72: =IF(E72="","",IF(F72="","",NETWORKDAYS(E72,F72,$Q:$Q)-1)) | J72: =IF(H72="","",IF(I72="","",NETWORKDAYS(H72,I72,$M:$M)-1))
A73: CAP0020019 | B73: 40920 | C73: 40925 | D73: =IF(B73="","",IF(C73="","",NETWORKDAYS(B73,C73,$Q:$Q)-1)) -> 3 | E73: 40927 | F73: 40927 | G73: =IF(E73="","",IF(F73="","",NETWORKDAYS(E73,F73,$Q:$Q)-1)) -> 0 | H73: 40927 | I73: 40927 | J73: =IF(H73="","",IF(I73="","",NETWORKDAYS(H73,I73,$M:$M)-1)) -> 0
A74: CAP0020048 | B74: 40920 | D74: =IF(B74="","",IF(C74="","",NETWORKDAYS(B74,C74,$Q:$Q)-1)) | G74: =IF(E74="","",IF(F74="","",NETWORKDAYS(E74,F74,$Q:$Q)-1)) | J74: =IF(H74="","",IF(I74="","",NETWORKDAYS(H74,I74,$M:$M)-1))
A75: CAP0020058 | B75: 40931 | C75: 40934 | D75: =IF(B75="","",IF(C75="","",NETWORKDAYS(B75,C75,$Q:$Q)-1)) -> 3 | E75: 40934 | F75: 40934 | G75: =IF(E75="","",IF(F75="","",NETWORKDAYS(E75,F75,$Q:$Q)-1)) -> 0 | J75: =IF(H75="","",IF(I75="","",NETWORKDAYS(H75,I75,$M:$M)-1))
A76: CAP0020076 | B76: 40925 | C76: 40925 | D76: =IF(B76="","",IF(C76="","",NETWORKDAYS(B76,C76,$Q:$Q)-1)) -> 0 | E76: 40925 | F76: 40925 | G76: =IF(E76="","",IF(F76="","",NETWORKDAYS(E76,F76,$Q:$Q)-1)) -> 0 | H76: 40925 | I76: 40925 | J76: =IF(H76="","",IF(I76="","",NETWORKDAYS(H76,I76,$M:$M)-1)) -> 0
A77: CAP0020078 | B77: 41032 | C77: 41038 | D77: =IF(B77="","",IF(C77="","",NETWORKDAYS(B77,C77,$Q:$Q)-1)) -> 3 | E77: 41038 | F77: 41038 | G77: =IF(E77="","",IF(F77="","",NETWORKDAYS(E77,F77,$Q:$Q)-1)) -> 0 | J77: =IF(H77="","",IF(I77="","",NETWORKDAYS(H77,I77,$M:$M)-1)) | K77: request came in for lpar - vio details provided on 3rd May
A78: CAP0020079 | D78: =IF(B78="","",IF(C78="","",NETWORKDAYS(B78,C78,$Q:$Q)-1)) | G78: =IF(E78="","",IF(F78="","",NETWORKDAYS(E78,F78,$Q:$Q)-1)) | J78: =IF(H78="","",IF(I78="","",NETWORKDAYS(H78,I78,$M:$M)-1))
A79: CAP0020080 | B79: 40948 | C79: 40949 | D79: =IF(B79="","",IF(C79="","",NETWORKDAYS(B79,C79,$Q:$Q)-1)) -> 1 | E79: 40949 | F79: 40953 | G79: =IF(E79="","",IF(F79="","",NETWORKDAYS(E79,F79,$Q:$Q)-1)) -> 2 | J79: =IF(H79="","",IF(I79="","",NETWORKDAYS(H79,I79,$M:$M)-1))
A80: CAP0020083 | D80: =IF(B80="","",IF(C80="","",NETWORKDAYS(B80,C80,$Q:$Q)-1)) | E80: 40983 | F80: 40983 | G80: =IF(E80="","",IF(F80="","",NETWORKDAYS(E80,F80,$Q:$Q)-1)) -> 0 | J80: =IF(H80="","",IF(I80="","",NETWORKDAYS(H80,I80,$M:$M)-1))
A81: CAP0020116 | B81: 40925 | C81: 40925 | D81: =IF(B81="","",IF(C81="","",NETWORKDAYS(B81,C81,$Q:$Q)-1)) -> 0 | E81: 40925 | F81: 40925 | G81: =IF(E81="","",IF(F81="","",NETWORKDAYS(E81,F81,$Q:$Q)-1)) -> 0 | H81: 40925 | I81: 40925 | J81: =IF(H81="","",IF(I81="","",NETWORKDAYS(H81,I81,$M:$M)-1)) -> 0
A82: CAP0020153 | B82: 40951 | C82: 40959 | D82: =IF(B82="","",IF(C82="","",NETWORKDAYS(B82,C82,$Q:$Q)-1)) -> 5 | E82: 40960 | F82: 40961 | G82: =IF(E82="","",IF(F82="","",NETWORKDAYS(E82,F82,$Q:$Q)-1)) -> 1 | H82: 40961 | I82: 40961 | J82: =IF(H82="","",IF(I82="","",NETWORKDAYS(H82,I82,$M:$M)-1)) -> 0 | K82: no CEEMEA storage left. Raised with Pat Fogarty.
A83: CAP0020155 | D83: =IF(B83="","",IF(C83="","",NETWORKDAYS(B83,C83,$Q:$Q)-1)) | G83: =IF(E83="","",IF(F83="","",NETWORKDAYS(E83,F83,$Q:$Q)-1)) | J83: =IF(H83="","",IF(I83="","",NETWORKDAYS(H83,I83,$M:$M)-1))
A84: CAP0020227 | B84: 40989 | C84: 41001 | D84: =IF(B84="","",IF(C84="","",NETWORKDAYS(B84,C84,$Q:$Q)-1)) -> 8 | E84: 41002 | F84: 41002 | G84: =IF(E84="","",IF(F84="","",NETWORKDAYS(E84,F84,$Q:$Q)-1)) -> 0 | J84: =IF(H84="","",IF(I84="","",NETWORKDAYS(H84,I84,$M:$M)-1)) | K84: VT35837826 raised - unable to approve
A85: CAP0020248 | B85: 40948 | C85: 40949 | D85: =IF(B85="","",IF(C85="","",NETWORKDAYS(B85,C85,$Q:$Q)-1)) -> 1 | E85: 40949 | F85: 40954 | G85: =IF(E85="","",IF(F85="","",NETWORKDAYS(E85,F85,$Q:$Q)-1)) -> 3 | J85: =IF(H85="","",IF(I85="","",NETWORKDAYS(H85,I85,$M:$M)-1))
A86: CAP0020272 | B86: 40933 | C86: 40934 | D86: =IF(B86="","",IF(C86="","",NETWORKDAYS(B86,C86,$Q:$Q)-1)) -> 1 | G86: =IF(E86="","",IF(F86="","",NETWORKDAYS(E86,F86,$Q:$Q)-1)) | J86: =IF(H86="","",IF(I86="","",NETWORKDAYS(H86,I86,$M:$M)-1))
A87: CAP0020427 | B87: 40952 | C87: 40952 | D87: =IF(B87="","",IF(C87="","",NETWORKDAYS(B87,C87,$Q:$Q)-1)) -> 0 | E87: 40952 | F87: 40954 | G87: =IF(E87="","",IF(F87="","",NETWORKDAYS(E87,F87,$Q:$Q)-1)) -> 2 | H87: 40954 | I87: 40956 | J87: =IF(H87="","",IF(I87="","",NETWORKDAYS(H87,I87,$M:$M)-1)) -> 2
A88: CAP0020475 | B88: 41003 | C88: 41004 | D88: =IF(B88="","",IF(C88="","",NETWORKDAYS(B88,C88,$Q:$Q)-1)) -> 1 | G88: =IF(E88="","",IF(F88="","",NETWORKDAYS(E88,F88,$Q:$Q)-1)) | J88: =IF(H88="","",IF(I88="","",NETWORKDAYS(H88,I88,$M:$M)-1)) | K88: In queue earlier but changed from star and queried over PEP, back for approval 4/4/12
A89: CAP0020478 | B89: 40968 | C89: 40973 | D89: =H89/33 -> 1241.7273 | E89: 40973 | F89: 40977 | G89: =IF(E89="","",IF(F89="","",NETWORKDAYS(E89,F89,$Q:$Q)-1)) -> 4 | H89: 40977 | I89: 40977 | J89: =IF(H89="","",IF(I89="","",NETWORKDAYS(H89,I89,$M:$M)-1)) -> 0
A90: CAP0020483 | B90: 40954 | C90: 40954 | D90: =IF(B90="","",IF(C90="","",NETWORKDAYS(B90,C90,$Q:$Q)-1)) -> 0 | G90: =IF(E90="","",IF(F90="","",NETWORKDAYS(E90,F90,$Q:$Q)-1)) | J90: =IF(H90="","",IF(I90="","",NETWORKDAYS(H90,I90,$M:$M)-1)) | K90: did not appear on report until 15/2
A91: CAP0020511 | B91: 40995 | C91: 40995 | D91: =IF(B91="","",IF(C91="","",NETWORKDAYS(B91,C91,$Q:$Q)-1)) -> 0 | G91: =IF(E91="","",IF(F91="","",NETWORKDAYS(E91,F91,$Q:$Q)-1)) | J91: =IF(H91="","",IF(I91="","",NETWORKDAYS(H91,I91,$M:$M)-1)) | K91: incorrectly completed, SA corrected 270312
A92: CAP0020519 | B92: 40949 | C92: 40952 | D92: =IF(B92="","",IF(C92="","",NETWORKDAYS(B92,C92,$Q:$Q)-1)) -> 1 | E92: 40952 | F92: 40954 | G92: =IF(E92="","",IF(F92="","",NETWORKDAYS(E92,F92,$Q:$Q)-1)) -> 2 | J92: =IF(H92="","",IF(I92="","",NETWORKDAYS(H92,I92,$M:$M)-1))
A93: CAP0020535 | D93: =IF(B93="","",IF(C93="","",NETWORKDAYS(B93,C93,$Q:$Q)-1)) | E93: 40952 | F93: 40954 | G93: =IF(E93="","",IF(F93="","",NETWORKDAYS(E93,F93,$Q:$Q)-1)) -> 2 | H93: 41088 | I93: 41088 | J93: =IF(H93="","",IF(I93="","",NETWORKDAYS(H93,I93,$M:$M)-1)) -> 0 | K93: TCRS not allowing ticket to be finalised
A94: CAP0020542 | B94: 40960 | C94: 40961 | D94: =IF(B94="","",IF(C94="","",NETWORKDAYS(B94,C94,$Q:$Q)-1)) -> 1 | G94: =IF(E94="","",IF(F94="","",NETWORKDAYS(E94,F94,$Q:$Q)-1)) | J94: =IF(H94="","",IF(I94="","",NETWORKDAYS(H94,I94,$M:$M)-1))
A95: CAP0020563 | B95: 40952 | C95: 40952 | D95: =IF(B95="","",IF(C95="","",NETWORKDAYS(B95,C95,$Q:$Q)-1)) -> 0 | E95: 40956 | F95: 40956 | G95: =IF(E95="","",IF(F95="","",NETWORKDAYS(E95,F95,$Q:$Q)-1)) -> 0 | H95: 40960 | I95: 40960 | J95: =IF(H95="","",IF(I95="","",NETWORKDAYS(H95,I95,$M:$M)-1)) -> 0 | K95: TCRS not accepting post design approval
A96: CAP0020589 | B96: 40955 | C96: 40961 | D96: =IF(B96="","",IF(C96="","",NETWORKDAYS(B96,C96,$Q:$Q)-1)) -> 4 | G96: =IF(E96="","",IF(F96="","",NETWORKDAYS(E96,F96,$Q:$Q)-1)) | J96: =IF(H96="","",IF(I96="","",NETWORKDAYS(H96,I96,$M:$M)-1))
A97: CAP0020622 | B97: 40959 | C97: 40963 | D97: =IF(B97="","",IF(C97="","",NETWORKDAYS(B97,C97,$Q:$Q)-1)) -> 4 | E97: 40963 | G97: =IF(E97="","",IF(F97="","",NETWORKDAYS(E97,F97,$Q:$Q)-1)) | J97: =IF(H97="","",IF(I97="","",NETWORKDAYS(H97,I97,$M:$M)-1)) | K97: can't post-design approve, have raised VT
A98: CAP0020623 | C98: 40966 | D98: =IF(B98="","",IF(C98="","",NETWORKDAYS(B98,C98,$Q:$Q)-1)) | E98: 40973 | F98: 40973 | G98: =IF(E98="","",IF(F98="","",NETWORKDAYS(E98,F98,$Q:$Q)-1)) -> 0 | H98: 40973 | I98: 40973 | J98: =IF(H98="","",IF(I98="","",NETWORKDAYS(H98,I98,$M:$M)-1)) -> 0 | K98: VT35363655 raised, cannot progress ticket
A99: CAP0020630 | B99: 40981 | C99: 40983 | D99: =IF(B99="","",IF(C99="","",NETWORKDAYS(B99,C99,$Q:$Q)-1)) -> 2 | G99: =IF(E99="","",IF(F99="","",NETWORKDAYS(E99,F99,$Q:$Q)-1)) | J99: =IF(H99="","",IF(I99="","",NETWORKDAYS(H99,I99,$M:$M)-1))
A100: CAP0020712 | B100: 40974 | C100: 40980 | D100: =IF(B100="","",IF(C100="","",NETWORKDAYS(B100,C100,$Q:$Q)-1)) -> 4 | E100: 40980 | F100: 40980 | G100: =IF(E100="","",IF(F100="","",NETWORKDAYS(E100,F100,$Q:$Q)-1)) -> 0 | J100: =IF(H100="","",IF(I100="","",NETWORKDAYS(H100,I100,$M:$M)-1))
...

Sheet 210313
A1: SA Name | B1: Capacity ID | D1: Requestor | E1: Submitter | F1: Business Sector | G1: Business Group | H1: Business Line | I1: Business | J1: Project Name | K1: Type of Request | L1: Status | M1: Current Phase | N1: In Queue of | O1: Inque Start Time | P1: SLA Days | Q1: Time in Queue | R1: Overall Request Time | S1: Region
A2: Jason Popp | B2: CAP0027594 | D2: larry cruz | E2: lc11268 | F2: Corp_Bus | G2: O&T Risk Mgmt & Compliance | H2: O&T Risk Mgmt & Compliance | I2: O&T Risk Mgmt & Compliance | J2: GIDA ISAW Repositories | K2: Storage Request - NAS | L2: Open | M2: Submitter Approval | N2: lc11268; | O2: 41336.862 | P2: 0 | Q2: 17.24287 | R2: 17.24287 | S2: ASPAC
A3: Sanjeev Kumar Singh Tomar | B3: CAP0026965 | D3: shafayet hossain | E3: sh61970 | F3: ICG_Tech | G3: ICG_Tech ASPAC | H3: ASPAC - In-Country Tech - Chan, Ying Man | I3: ASPAC - CMT - Chan, Ying Man | J3: BAU | K3: VMWare | L3: Open | M3: Pre-Design Approval | N3: cp30221;ds76190;jd03131;km96569;mb88090;mp96590;tb60866; | O3: 41301.293 | P3: 1 | Q3: 52.81184 | R3: 52.81184 | S3: ASPAC
A4: Yu On Venkie Lee | B4: CAP0024673 | D4: yu on venkie lee | E4: yl77858 | F4: CTI | G4: CTI Global Technology Operations | H4: Global Security Operations | I4: Information Assurance Services - IAS | J4: VPR13510 2N Restoration | K4: Storage Request - SAN | L4: Open | M4: Submitter Approval | N4: yl77858; | O4: 41165.929 | P4: 0 | Q4: 188.1758 | R4: 188.1758 | S4: ASPAC
A5: Srinivasarao Thella | B5: CAP0025378 | D5: srinivasarao thella | E5: mc98347 | F5: ICG_Tech | G5: ICG_Tech GTS Tech Treasury and Trade Services | H5: TTS - Man, Eric | I5: TTS - Man, Eric | J5: NAS Storage for BMC Servers_ASPAC | K5: Storage Request - NAS | L5: Open | M5: CTI Approval | O5: 41253.127 | P5: 3 | Q5: 100.97764 | R5: 155.18466 | S5: ASPAC
A6: Balasubramanian Pichumani | B6: CAP0025037 | D6: Ba;asubramanian Pichumani | E6: bp23017 | F6: GCG | G6: Asia Pacific | H6: Global Consumer Bank, Japan | I6: Global Consumer Bank, Japan | J6: BAU | K6: Storage Request - SAN | L6: Open | M6: Submitter Approval | N6: bp23017; | O6: 41184.248 | P6: 0 | Q6: 169.85623 | R6: 169.85623 | S6: ASPAC
A7: Jino Philip Mathew | B7: CAP0027955 | D7: Jino Mathew | E7: jp91054 | F7: ICG_Tech | G7: ICG_Tech GTS Tech Treasury and Trade Services | H7: TTS - Man, Eric | I7: TTS - Man, Eric | J7: BAU | K7: Storage Request - SAN | L7: Open | M7: Submitter Approval | N7: jp91054; | O7: 41354.044 | P7: 0 | Q7: 0.060520833 | R7: 0.060520833 | S7: ASPAC
A8: Gowtham Ganesan | B8: CAP0024076 | D8: Gowtham Ganesan | E8: gg18915 | F8: CTI | G8: CTI Global Technology Operations | H8: Global Security Operations | I8: Information Assurance Services - IAS | J8: SSH Tectia Apps servers Migration | K8: Storage Request - SAN | L8: Open | M8: Open | P8: 0 | R8: 220.06517 | S8: ASPAC
A9: Vallinayakam Kamaleswaran | B9: CAP0024302 | D9: kamal | E9: vk63388 | F9: CTI | G9: CTI Global Technology Operations | H9: Global Security Operations | I9: Information Assurance Services - IAS | J9: BAU | K9: Storage Request - SAN | L9: Open | M9: Submitter Approval | N9: vk63388; | O9: 41145.069 | P9: 0 | Q9: 209.03615 | R9: 209.03615 | S9: ASPAC
A10: Matheswaran Ponnusamy | B10: CAP0024904 | D10: matheswaran ponnusamy | E10: mp59890 | F10: CTI | G10: CTI Global Technology Operations | H10: Global Security Operations | I10: Information Assurance Services - IAS | J10: WS10607705 | K10: Storage Request - SAN | L10: Open | M10: Submitter Approval | N10: mp59890; | O10: 41178.254 | P10: 0 | Q10: 175.85046 | R10: 175.85046 | S10: ASPAC
A11: Sreenivasan Asariparambil | B11: CAP0024968 | D11: Sreenivasan Asariparambil | E11: sa54951 | F11: GCG | G11: Asia Pacific | H11: India | I11: Moorthy,Sandesh Krishna | J11: AP-GCG-CIP Implementation | K11: Infrastructure | L11: Open | M11: Submitter Approval | N11: sa54951; | O11: 41180.077 | P11: 0 | Q11: 174.02808 | R11: 174.02808 | S11: ASPAC
A12: Vallinayakam Kamaleswaran | B12: CAP0025623 | D12: Kamlaeswaran Vallinayakam | E12: vk63388 | F12: CTO | G12: GFTS | H12: CTS Compliance Technology Services | I12: CTS - Goh,Sok Kim | J12: WS6013097 Global-CC-CitiKYC Unification Setup | K12: Storage Request - SAN | L12: Open | M12: Submitter Approval | N12: vk63388; | O12: 41212.104 | P12: 0 | Q12: 142.00064 | R12: 142.00064 | S12: ASPAC
A13: Siju Vellam Podichintavida | B13: CAP0025763 | D13: Butthaka Watthanakanjana | E13: bw99927 | F13: ICG_Tech | G13: ICG_Tech ASPAC | H13: ASPAC - CMT - Agarwal,Himanshu | I13: ASPAC- CMT - Agarwal,Himanshu | J13: BAU | K13: Storage Request - SAN | L13: Open | M13: P&L Approval | N13: cp30221;ds76190;jd03131;km96569;mb88090;mp96590;tb60866; | O13: 41319.962 | P13: 0 | Q13: 34.142303 | R13: 134.84308 | S13: ASPAC
A14: Kir Kip Lee | B14: CAP0025965 | D14: jagan | E14: jg53431 | F14: GCG | G14: Asia Pacific | H14: Indonesia | I14: Tantawi,Tuti | J14: WS9877984 DW Restoration | K14: Storage Request - SAN | L14: Open | M14: SA Approval | N14: ad33421;ag50732;ag95697;ak40444;ak47115;ak61266;al43710;al84347;ap51564;bp95974;br92748;cs72181;da39257;dc58786;dl95319;gg49465;gm65034;hg04219;jg53431;js47378;kl29887;kt23776;kw95563;ky38902;ms50752;ms73098;pm46702;pp83002;ps26891;pt97482;ra05079;rb0940 | O14: 41234.125 | P14: 1 | Q14: 119.98006 | R14: 120.95324 | S14: ASPAC
A15: Rajesh Balu | B15: CAP0026005 | D15: Rajesh Balu | E15: rb09400 | F15: GCG | G15: Asia Pacific | H15: India | I15: Moorthy,Sandesh Krishna | J15: VPR15816 GCG Digital Money Infrastructure Services | K15: AIX | L15: Open | M15: Submitter Approval | N15: rb09400; | O15: 41235.284 | P15: 0 | Q15: 118.82097 | R15: 118.82097 | S15: ASPAC
A16: Rajesh Balu | B16: CAP0026030 | D16: rajesh balu | E16: rb09400 | F16: ICG_Tech | G16: ICG_Tech Citi Markets Technology | H16: ICG_Tech_CMT - G10 Global Rates | I16: GMT - Kim,Joo | J16: WS6547157 | K16: AIX | L16: Open | M16: Submitter Approval | N16: rb09400; | O16: 41238.987 | P16: 0 | Q16: 115.11785 | R16: 115.11785 | S16: ASPAC
A17: Rajesh Balu | B17: CAP0026032 | D17: Rajesh Balu | E17: rb09400 | F17: ICG_Tech | G17: ICG_Tech GTS Tech Treasury and Trade Services | H17: TTS - Man, Eric | I17: TTS - Man, Eric | J17: WS6547157 | K17: No Servers - Memory/CPU Upgrade | L17: Open | M17: Submitter Approval | N17: rb09400; | O17: 41239.177 | P17: 0 | Q17: 114.92757 | R17: 114.92757 | S17: ASPAC
A18: Sujeesh Thovarayi | B18: CAP0026523 | D18: thomas mathias | E18: tm81308 | F18: GCG | G18: Asia Pacific | H18: Singapore | I18: Ong,Kim Boon | J18: BAU | K18: Storage Request - SAN | L18: Open | M18: Post-CTI Approval | N18: ak47115;ok18455;st90388; | O18: 41289.985 | P18: 0 | Q18: 64.119676 | R18: 84.92794 | S18: ASPAC
A19: Kir Kip Lee | B19: CAP0026565 | D19: kir kip lee | E19: kl29887 | F19: ICG_Tech | G19: ICG_Tech GTS Tech Treasury and Trade Services | H19: TTS - Man, Eric | I19: TTS - Man, Eric | J19: WS8014030 - ICG-AP-Trims Reporting | K19: AIX | L19: Open | M19: Pre-Design Approval | N19: ds56427;jl36031;mw02822;ob41451;rd13550;rs28691;sk73093;tl35537; | O19: 41277.958 | P19: 1 | Q19: 76.146956 | R19: 76.922025 | S19: ASPAC
A20: Kir Kip Lee | B20: CAP0026583 | D20: kir kip lee | E20: kl29887 | F20: ICG_Tech | G20: ICG_Tech GTS Tech Treasury and Trade Services | H20: TTS - Man, Eric | I20: TTS - Man, Eric | J20: WS8014030 - ICG-AP-Trims Reporting | K20: Storage Request - SAN | L20: Open | M20: Pre-Design Approval | N20: jl36031;mw02822;ob41451;rd13550;rs28691;sk73093;tl35537; | O20: 41277.937 | P20: 1 | Q20: 76.16735 | R20: 76.191563 | S20: ASPAC
... A80: Sanjay Kumar | B80: CAP0025443 | D80: sanjay kumar | E80: sk14668 | F80: ICG_Tech | G80: ICG_Tech GTS Tech Treasury and Trade Services | H80: TTS - Man, Eric | I80: TTS - Man, Eric | J80: WS7760321 | K80: Storage Request - SAN | L80: Open | M80: Submitter Approval | N80: sk14668; | O80: 41200.983 | P80: 0 | Q80: 153.12201 | R80: 153.12201 | S80: ASPAC
A81: Siju Vellam Podichintavida | B81: CAP0025754 | D81: senthilkumar kumaraswamy | E81: sk77284 | F81: GCG | G81: Global Product Development | H81: Global Product Development | I81: Cards - International | J81: BAU | K81: Storage Request - SAN | L81: Open | M81: Open | P81: 0 | R81: 135.14784 | S81: ASPAC
A82: Siju Vellam Podichintavida | B82: CAP0025802 | D82: umesh sonwane | E82: us51691 | F82: ICG_Tech | G82: ICG_Tech GTS Tech Treasury and Trade Services | H82: TTS - Man, Eric | I82: TTS - Man, Eric | J82: BAU | K82: Storage Request - SAN | L82: Open | M82: Pre-Design Approval | N82: ds56427;jl36031;mw02822;ob41451;rd13550;rs28691;sk73093;tl35537; | O82: 41220.979 | P82: 1 | Q82: 133.12567 | R82: 133.17582 | S82: ASPAC
A83: Siju Vellam Podichintavida | B83: CAP0026010 | D83: ka ho leung | E83: kl63712 | F83: CTI | G83: CTI Global Technology Operations | H83: Global Security Operations | I83: Information Assurance Services - IAS | J83: BAU | K83: Storage Request - SAN | L83: Open | M83: Submitter Approval | N83: kl63712; | O83: 41236.012 | P83: 0 | Q83: 118.09219 | R83: 118.09219 | S83: ASPAC
A84: Siju Vellam Podichintavida | B84: CAP0026649 | D84: ka tak randy ho | E84: kh92063 | F84: ICG_Tech | G84: ICG_Tech GTS Tech Treasury and Trade Services | H84: TTS - Man, Eric | I84: TTS - Man, Eric | J84: WS6271692 & WS6273608 | K84: No Servers - Memory/CPU Upgrade | L84: Open | M84: Pre-Design Approval | N84: ds56427;jl36031;mw02822;ob41451;rd13550;rs28691;sk73093;tl35537; | O84: 41283.986 | P84: 1 | Q84: 70.119144 | R84: 71.043553 | S84: ASPAC
A85: Siju Vellam Podichintavida | B85: CAP0026679 | D85: kee loong simon yap | E85: ky51621 | F85: GCG | G85: Asia Pacific | H85: Asia Regional Technology | I85: Hari, Sridhar | J85: BAU | K85: Storage Request - SAN | L85: Open | M85: Pre-Design Approval | N85: bo83516;db35844;es45096;ky38902;pb17916;rc07154;rl57190;rv56747;sn37291; | O85: 41284.165 | P85: 1 | Q85: 69.939178 | R85: 70.132164 | S85: ASPAC
A86: Siju Vellam Podichintavida | B86: CAP0026826 | D86: kee loong simon yap | E86: ky51621 | F86: ICG_Tech | G86: ICG_Tech ASPAC | H86: ASPAC - Kandall,Michael | I86: ASPAC - Kandall,Michael | J86: BAU | K86: Storage Request - SAN | L86: Open | M86: Pre-Design Approval | N86: cp30221;ds76190;jd03131;km96569;mb88090;mp96590;tb60866; | O86: 41292.177 | P86: 1 | Q86: 61.927396 | R86: 61.932951 | S86: ASPAC
A87: Siju Vellam Podichintavida | B87: CAP0026882 | D87: umesh sonwane | E87: us51691 | F87: ICG_Tech | G87: ICG_Tech GTS Tech Treasury and Trade Services | H87: TTS - Man, Eric | I87: TTS - Man, Eric | J87: BAU | K87: Storage Request - SAN | L87: Open | M87: Submitter Approval | N87: us51691; | O87: 41297.218 | P87: 0 | Q87: 56.886458 | R87: 56.886458 | S87: ASPAC
A88: Siju Vellam Podichintavida | B88: CAP0026908 | D88: umesh sonwane | E88: us51691 | F88: ICG_Tech | G88: ICG_Tech ASPAC | H88: ASPAC - In-Country Tech - Chan, Ying Man | I88: ASPAC - CMT - Chan, Ying Man | J88: BAU | K88: Storage Request - SAN | L88: Open | M88: Pre-Design Approval | N88: cp30221;ds76190;jd03131;km96569;mb88090;mp96590;tb60866; | O88: 41298.04 | P88: 1 | Q88: 56.064259 | R88: 56.112442 | S88: ASPAC
A89: Siju Vellam Podichintavida | B89: CAP0026910 | D89: =H89/33 -> #VALUE! | E89: us51691 | F89: ICG_Tech | G89: ICG_Tech ASPAC | H89: ASPAC - In-Country Tech - Chan, Ying Man | I89: ASPAC - CMT - Chan, Ying Man | J89: BAU | K89: Storage Request - SAN | L89: Open | M89: Pre-Design Approval | N89: cp30221;ds76190;jd03131;km96569;mb88090;mp96590;tb60866; | O89: 41298.085 | P89: 1 | Q89: 56.019514 | R89: 56.041759 | S89: ASPAC
A90: Thomas Mathias | B90: CAP0026969 | D90: thomas mathias | E90: tm81308 | F90: GCG | G90: EMEA | H90: Middle East Cluster | I90: Egypt - Ben Makhlouf, Slah | J90: BAU | K90: Storage Request - SAN | L90: Open | M90: Submitter Approval | N90: tm81308; | O90: 41302.101 | P90: 0 | Q90: 52.003241 | R90: 52.003241 | S90: ASPAC
A91: Rajesh Balu | B91: CAP0027037 | D91: albert cerullo | E91: rb09400 | F91: ICG_Tech | G91: ICG_Tech Private Bank - Personal Wealth Management | H91: GWM - Asia Technology | I91: GWM - Asia Technology | J91: VPR3691 SUN to AIX Migration | K91: AIX | L91: Open | M91: Final Business Signoff | N91: ac33575;mb69558;mo77554; | O91: 41353.227 | P91: 0 | Q91: 0.87755787 | R91: 48.97728 | S91: ASPAC
A92: Siju Vellam Podichintavida | B92: CAP0027071 | D92: praveen | E92: sv68762 | F92: ICG_Tech | G92: ICG_Tech GTS Tech Treasury and Trade Services | H92: TTS - Man, Eric | I92: TTS - Man, Eric | J92: BAU | K92: Storage Request - SAN | L92: Open | M92: SA Approval | N92: ak47115;ap52431;hg04219;ky38902;rf63383;sv68762; | O92: 41306.258 | P92: 1 | Q92: 47.846713 | R92: 47.858229 | S92: ASPAC
A93: Rajesh Balu | B93: CAP0027095 | D93: albert cerullo | E93: rb09400 | F93: ICG_Tech | G93: ICG_Tech Private Bank - Personal Wealth Management | H93: GWM - Asia Technology | I93: GWM - Asia Technology | J93: VPR3691 SUN to AIX Migration | K93: Storage Request - SAN | L93: Open | M93: CTI Approval | N93: ac94164;jn62051;js45746;ks14775;md46033;pr72496;rb71989;rs81295;ss84555;sy25911;ta19710;vv58942; | O93: 41351.405 | P93: 3 | Q93: 2.6993403 | R93: 45.10581 | S93: ASPAC
A94: Sujeesh Thovarayi | B94: CAP0027162 | D94: Muthukumar Sivagnanam | E94: ms34622 | F94: CTI | G94: CTI Global Technology Operations | H94: Global Security Operations | I94: Host & App Security Infrastructure - HASI | J94: BAU | K94: AIX | L94: Open | M94: Post-CTI Approval | N94: ac94164;ah74163;bb56255;bj19907;bm58431;hm04981;jn62051;js45746;kl24810;kn92290;md46033;mj18591;mt06736;pm23510;rv56747;sl78306;sn37291;sy25911;tk49291;vw67949;wk63775;zw73585; | O94: 41353.3 | P94: 0 | Q94: 0.80502315 | R94: 42.119583 | S94: ASPAC
A95: Rajesh Balu | B95: CAP0027178 | D95: albert cerullo | E95: sm09402 | F95: ICG_Tech | G95: ICG_Tech Private Bank - Personal Wealth Management | H95: GWM - Asia Technology | I95: GWM - Asia Technology | J95: VPR3691 SUN to AIX Migration | K95: AIX | L95: Open | M95: P&L Approval | N95: ac33575;mb69558;mo77554; | O95: 41351.362 | P95: 0 | Q95: 2.7422685 | R95: 40.943125 | S95: ASPAC
A96: Rajesh Balu | B96: CAP0027245 | D96: Sureshmakkan | E96: sm09402 | F96: ICG_Tech | G96: ICG_Tech Private Bank - Personal Wealth Management | H96: GWM - Asia Technology | I96: GWM - Asia Technology | J96: VPR3691 SUN to AIX Migration | K96: Storage Request - SAN | L96: Open | M96: Submitter Approval | N96: sm09402; | O96: 41318.198 | P96: 0 | Q96: 35.906968 | R96: 35.906968 | S96: ASPAC
A97: Suresh Makkan | B97: CAP0027324 | D97: albert cerullo | E97: vp75140 | F97: ICG_Tech | G97: ICG_Tech Private Bank - Personal Wealth Management | H97: GWM - Asia Technology | I97: GWM - Asia Technology | J97: CPB ASPAC SAN BAU1_2013 | K97: Storage Request - SAN | L97: Open | M97: Final Business Signoff | N97: ac33575;mb69558;mo77554; | O97: 41352.204 | P97: 0 | Q97: 1.9009028 | R97: 30.042546 | S97: ASPAC
A98: Siju Vellam Podichintavida | B98: CAP0027377 | D98: praveen | E98: pp32252 | F98: ICG_Tech | G98: ICG_Tech GTS Tech Treasury and Trade Services | H98: TTS - Man, Eric | I98: TTS - Man, Eric | J98: BAU | K98: Storage Request - SAN | L98: Open | M98: Post-CTI Approval | N98: ac94164;jn62051;js45746;ks14775;md46033;pr72496;rb71989;rs81295;ss84555;sy25911;ta19710;vv58942; | O98: 41350.972 | P98: 0 | Q98: 3.1324884 | R98: 28.120891 | S98: ASPAC
A99: Siju Vellam Podichintavida | B99: CAP0027409 | D99: sivakumar ganesan | E99: sg10633 | F99: ICG_Tech | G99: ICG_Tech ASPAC | H99: ASPAC - CMT - Morgan,Patrick | I99: ASPAC-CMT-Morgan,Patrick | J99: BAU | K99: Storage Request - SAN | L99: Open | M99: Pre-Design Approval | N99: cp30221;ds76190;jd03131;km96569;mb88090;mp96590;tb60866; | O99: 41326.933 | P99: 1 | Q99: 27.171771 | R99: 27.188762 | S99: ASPAC
A100: Siju Vellam Podichintavida | B100: CAP0027415 | D100: Sahil Gupta | E100: sg05736 | F100: ICG_Tech | G100: ICG_Tech GTS Tech Treasury and Trade Services | H100: TTS - Man, Eric | I100: TTS - Man, Eric | J100: WS12002085 ICG-AP-EMBS DASD Increase estimated | K100: Storage Request - SAN | L100: Open | M100: CTI Approval | N100: ac94164;jn62051;js45746;ks14775;md46033;pr72496;rb71989;rs81295;ss84555;sy25911;ta19710;vv58942; | O100: 41348.402 | P100: 3 | Q100: 5.7021991 | R100: 26.914954 | S100: ASPAC
A101: Siju Vellam Podichintavida | B101: CAP0027459 | D101: kee loong simon yap | E101: ky51621 | F101: ICG_Tech | G101: ICG_Tech GTS Tech Treasury and Trade Services | H101: TTS - Man, Eric | I101: TTS - Man, Eric | J101: WS13845985-WS13643935-WS13818091 | K101: Storage Request - SAN | L101: Open | M101: Pre-Design Approval | N101: rs28691;ww84651; | O101: 41330.118 | P101: 1 | Q101: 23.987083 | R101: 24.052928 | S101: ASPAC
... A154: Ramalingam Venkatessin | B154: CAP0025034 | D154: Palani KamalaKannan | E154: pk30433 | F154: ICG_Tech | G154: ICG_Tech GTS Tech Treasury and Trade Services | H154: TTS - Man, Eric | I154: TTS - Man, Eric | J154: WS8014030 - ICG-AP-Trims Reporting System | K154: Storage Request - SAN | L154: Open | M154: P&L Approval | N154: ds56427;jl36031;mw02822;ob41451;rd13550;rs28691;sk73093;tl35537; | O154: 41185.11 | P154: 0 | Q154: 168.99498 | R154: 170.00054 | S154: ASPAC
A155: Ramalingam Venkatessin | B155: CAP0025036 | D155: Palani KamalaKannan | E155: pk30433 | F155: ICG_Tech | G155: ICG_Tech GTS Tech Treasury and Trade Services | H155: TTS - Man, Eric | I155: TTS - Man, Eric | J155: WS8014030 - ICG-AP-Trims Reporting System | K155: AIX | L155: Open | M155: Open | P155: 0 | R155: 169.93775 | S155: ASPAC
A156: Christopher Johnson | B156: CAP0025186 | D156: Christopher Johnson | E156: cj03460 | F156: CTO | G156: GFTS | H156: CTS Compliance Technology Services | I156: CTS - Goh,Sok Kim | J156: Global-CC-CitiKYC Unification Setup | K156: Storage Request - SAN | L156: Open | M156: Submitter Approval | N156: cj03460; | O156: 41190.259 | P156: 0 | Q156: 163.8455 | R156: 163.8455 | S156: ASPAC
A157: Christopher Johnson | B157: CAP0025412 | D157: Shaik Masthan | E157: sm53895 | F157: CTO | G157: GFTS | H157: GFI GFTS International | I157: GFI - Akao,Yukitoshi | J157: CTO-SG/HK-DC - India RBI Regulatory Reporting | K157: AIX | L157: Open | M157: Submitter Approval | N157: sm53895; | O157: 41199.922 | P157: 0 | Q157: 154.18273 | R157: 154.18273 | S157: ASPAC
A158: Christopher Johnson | B158: CAP0026358 | D158: Srinivas Rao | E158: su52819 | F158: GCG | G158: EMEA | H158: ECT Cluster | I158: ECT - Qadir,Khurram | J158: VPR13154 - Genesis (CSI 164164) | K158: Storage Request - SAN | L158: Open | M158: CTI Approval | N158: ac94164;jn62051;js45746;ks14775;md46033;pr72496;rb71989;rs81295;ss84555;sy25911;ta19710;vv58942; | O158: 41257.24 | P158: 3 | Q158: 96.86456 | R158: 97.866447 | S158: ASPAC
A159: Ramalingam Venkatessin | B159: CAP0026522 | D159: jagan.gandreddy | E159: jg53431 | F159: GCG | G159: Asia Pacific | H159: India | I159: Moorthy,Sandesh Krishna | J159: AP-GCG-CIP Implementation | K159: Storage Request - SAN | L159: Open | M159: Submitter Approval | N159: jg53431; | O159: 41269.116 | P159: 0 | Q159: 84.988623 | R159: 84.988623 | S159: ASPAC
A160: Rajesh Natarajan | B160: CAP0026603 | D160: Manavalan | E160: mg03456 | F160: GCG | G160: Asia Pacific | H160: China | I160: Tan,Kongweng | J160: VPR7113 North Asia Rainbow | K160: Storage Request - SAN | L160: Open | M160: Pre-Design Approval | N160: bo83516;db35844;es45096;jf70821;ky38902;pb17916;rc07154;rl57190;rv56747;sn37291; | O160: 41281.138 | P160: 1 | Q160: 72.966644 | R160: 72.99794 | S160: ASPAC
A161: Selvakumar Ponraj | B161: CAP0026843 | D161: Selva | E161: bk08369 | F161: ICG_Tech | G161: ICG_Tech GTS Tech Treasury and Trade Services | H161: TTS - Fabian,Eduard | I161: TTS - Fabian,Eduard | J161: VPR5487-AP-GDC-Oracle 11g Upgrade | K161: Storage Request - SAN | L161: Open | M161: P&L Approval | N161: jl35973;jl36031;mw02822;ob41451;rd13550;rs28691;sk73093;tl35537; | O161: 41313.209 | P161: 0 | Q161: 40.895266 | R161: 59.168738 | S161: ASPAC
A162: Deenadayalan Manickam | B162: CAP0026972 | D162: Deenadayalan Manickam | E162: dm96604 | F162: GCG | G162: Global Product Development | H162: Global Product Development | I162: eBusiness Deployment | J162: WS10461981 | K162: No Servers - Memory/CPU Upgrade | L162: Open | M162: Post-CTI Approval | N162: ac94164;ah74163;bb56255;bj19907;bm58431;hm04981;jn62051;js45746;kl24810;kn92290;md46033;mj18591;mt06736;pm23510;rv56747;sl78306;sn37291;sy25911;tk49291;vw67949;wk63775;zw73585; | O162: 41324.212 | P162: 0 | Q162: 29.892442 | R162: 51.990567 | S162: ASPAC
A163: Deenadayalan Manickam | B163: CAP0026976 | D163: Deenadayalan Manickam | E163: dm96604 | F163: GCG | G163: Global Product Development | H163: Global Product Development | I163: eBusiness Deployment | J163: WS10461981 | K163: Storage Request - SAN | L163: Open | M163: CTI Approval | N163: ac94164;jn62051;js45746;ks14775;md46033;pr72496;rb71989;rs81295;ss84555;sy25911;ta19710;vv58942; | O163: 41347.394 | P163: 3 | Q163: 6.7101736 | R163: 51.897743 | S163: ASPAC
A164: Karthikeyan Baburaj | B164: CAP0027133 | D164: Karthikeyan.Baburaj | E164: kb80323 | F164: ICG_Tech | G164: ICG_Tech Citi Markets Technology | H164: ICG_Tech_CMT - Equities & Equity Middle Office | I164: Global Equities - Christie,Matt | J164: WS9587737 | K164: Storage Request - SAN | L164: Open | M164: Pre-Design Approval | N164: cp30221;ds76190;jd03131;km96569;mb88090;mp96590;tb60866; | O164: 41311.171 | P164: 1 | Q164: 42.933866 | R164: 42.992951 | S164: ASPAC
A165: Janakiraman Santhanam | B165: CAP0027235 | D165: Janakiraman Santhanam | E165: js47378 | F165: CTI | G165: CTI Global Data Center Services | H165: Storage & Backup | I165: Storage & Backup | J165: AP-GDC-zlinux Workload Migration | K165: Storage Request - SAN | L165: Open | M165: CTI Approval | N165: ac94164;jn62051;js45746;ks14775;md46033;pr72496;rb71989;rs81295;ss84555;sy25911;ta19710;vv58942; | O165: 41347.327 | P165: 3 | Q165: 6.7777894 | R165: 36.171123 | S165: ASPAC
A166: Janakiraman Santhanam | B166: CAP0027237 | D166: Janakiraman Santhanam | E166: js47378 | F166: CTI | G166: CTI Global Data Center Services | H166: Engineering - Integration | I166: Engineering - Integration | J166: AP-GDC-zlinux Workload Migration | K166: No Servers - Memory/CPU Upgrade | L166: Open | M166: Submitter Approval | N166: js47378; | O166: 41318.018 | P166: 0 | Q166: 36.086794 | R166: 36.086794 | S166: ASPAC
A167: Christopher Johnson | B167: CAP0027348 | D167: christopher johnson | E167: cj03460 | F167: CTO | G167: GFTS | H167: CTS Compliance Technology Services | I167: CTS - Goh,Sok Kim | J167: WS6013097 Global-CC-CitiKYC Unification Setup | K167: Storage Request - SAN | L167: Open | M167: Submitter Approval | N167: cj03460; | O167: 41325.106 | P167: 0 | Q167: 28.998252 | R167: 28.998252 | S167: ASPAC
... A172: Christopher Johnson | B172: CAP0027776 | D172: srinivas | E172: su52819 | F172: ICG_Tech | G172: ICG_Tech ASPAC | H172: ASPAC - Kandall,Michael | I172: ASPAC - Kandall,Michael | J172: WS12552549 -ICG-SG-RTView Monitoring Dashboard | K172: Storage Request - SAN | L172: Open | M172: Submitter Approval | N172: su52819; | O172: 41346.054 | P172: 0 | Q172: 8.0504977 | R172: 8.0504977 | S172: ASPAC
A173: Christopher Johnson | B173: CAP0027780 | C173: CAP0024653 | D173: Srinivas | E173: su52819 | F173: ICG_Tech | G173: ICG_Tech GTS Tech Treasury and Trade Services | H173: TTS - Man, Eric | I173: TTS - Man, Eric | J173: WS12552549 -ICG-SG-RTView Monitoring Dashboard | K173: Storage Request - SAN | L173: Open | M173: CTI Approval | N173: ac94164;jn62051;js45746;ks14775;md46033;pr72496;rb71989;rs81295;ss84555;sy25911;ta19710;vv58942; | O173: 41347.397 | P173: 3 | Q173: 6.7072917 | R173: 7.9604861 | S173: ASPAC
A174: Christopher Johnson | B174: CAP0027781 | D174: christopher johnson | E174: cj03460 | F174: ICG_Tech | G174: ICG_Tech Citi Markets Technology | H174: ICG_Tech_CMT - Prime Finance & Futures | I174: Prime Finance & Futures - Ghodse,Amir | J174: ICG-IN/SG-Gatelab NSE Connectivity Setup | K174: Infrastructure | L174: Open | M174: Pre-Design Approval | N174: cp30221;ds76190;jd03131;km96569;mb88090;mp96590;tb60866; | O174: 41348.024 | P174: 1 | Q174: 6.0806713 | R174: 7.9411806 | S174: ASPAC
A175: Deenadayalan Manickam | B175: CAP0027953 | D175: Deenadayalan Manickam | E175: dm96604 | F175: CTO | G175: GFTS | H175: CTS Compliance Technology Services | I175: CTS - Goh,Sok Kim | J175: WS13819651 | K175: Storage Request - SAN | L175: Open | M175: Submitter Approval | N175: dm96604; | O175: 41353.996 | P175: 0 | Q175: 0.10892361 | R175: 0.10892361 | S175: ASPAC
A176: Ramana Jonnalagadda | B176: CAP0024139 | D176: Kulandaivelu, Bharath | E176: bk69079 | F176: ICG_Tech | G176: ICG_Tech Citi Markets Technology | H176: ICG_Tech_CMT - Equities & Equity Middle Office | I176: ASPAC - EQ - Lingard, Richard | J176: VPR13082 JP-ICG-DEV/UAT Servers to Sing | K176: VMWare | L176: Open | M176: P&L Approval | N176: cp30221;ds76190;jd03131;km96569;mb88090;mp96590;tb60866; | O176: 41218.409 | P176: 0 | Q176: 135.69542 | R176: 217.88425 | S176: ASPAC
A177: Ramana Jonnalagadda | B177: CAP0024368 | D177: Prabhu N S | E177: pn94609 | F177: ICG_Tech | G177: ICG_Tech ASPAC | H177: ASPAC - CMT - Walters,Barbara | I177: ASPAC - CMT - Terala, Rajender | J177: VPR13082 JP-ICG-DEV/UATServers SingaporeRelocation | K177: Storage Request - SAN | L177: Open | M177: P&L Approval | N177: cp30221;ds76190;jd03131;km96569;mb88090;mp96590;tb60866; | O177: 41150.937 | P177: 0 | Q177: 203.16802 | R177: 204.15488 | S177: ASPAC
A178: Ajay Kumar | B178: CAP0027805 | D178: ajay kumar | E178: ak70910 | F178: ICG_Tech | G178: ICG_Tech ASPAC | H178: ASPAC - CMT - Walters,Barbara | I178: ASPAC - CMT - Terala, Rajender | J178: VPR13082JP-ICG-DEV/UAT to Singapore Relocation | K178: Storage Request - SAN | L178: Open | M178: Pre-Design Approval | N178: bf36309;cp30221;ds76190;jd03131;km96569;mb88090;mp96590;tb60866; | O178: 41347.083 | P178: 1 | Q178: 7.0220718 | R178: 7.2247685 | S178: ASPAC
A179: Pankaj Musale | B179: CAP0024419 | D179: jerome d'souza | E179: jd40577 | F179: ICG_Tech | G179: ICG_Tech Citi Markets Technology | H179: ICG_Tech_CMT - G10 Global Rates | I179: GMT - Kim,Joo | J179: VPR5009 AP-CTI-Netbackup Arcserve Migration | K179: Risk Reduction | L179: Open | M179: Final P&L Approval | N179: ep42429;gm12984;mj87031; | O179: 41235.02 | P179: 0 | Q179: 119.08454 | R179: 201.83088 | S179: ASPAC
A180: Ravindra Tarte | B180: CAP0024679 | D180: gajanan sawant | E180: gs64508 | F180: CTI | G180: CTI Global Technology Operations | H180: Global Security Operations | I180: Information Assurance Services - IAS | J180: BAU-TEMP SPACE | K180: Storage Request - SAN | L180: Open | M180: CTI Approval | N180: ac94164;jn62051;js45746;ks14775;md46033;pr72496;rb71989;rs81295;ss84555;sy25911;ta19710;vv58942; | O180: 41277.635 | P180: 3 | Q180: 76.469641 | R180: 187.75267 | S180: ASPAC
A181: Gajanan Sawant | B181: CAP0026051 | D181: jerome d'souza | E181: jd40577 | F181: CTI | G181: CTI Global Technology Operations | H181: Global Security Operations | I181: Information Assurance Services - IAS | J181: WS11381115 IN-HP/UX Migration | K181: Service Enhancement | L181: Open | M181: Post-CTI Approval | N181: ac94164;ah74163;bb56255;bj19907;bm58431;hm04981;jn62051;js45746;kl24810;kn92290;md46033;mj18591;mt06736;pm23510;rv56747;sl78306;sn37291;sy25911;tk49291;vw67949;wk63775;zw73585; | O181: 41339.025 | P181: 0 | Q181: 15.079572 | R181: 113.72966 | S181: ASPAC
A182: Softenger Mss Ameer Sulthan | B182: CAP0025908 | D182: softenger mss ameer sulthan | E182: ma51691 | F182: CTI | G182: CTI Global Technology Operations | H182: Global Voice Operations | I182: Global Voice Operations | J182: WS6657383 - IN-GCG-BANGALORE BRANCHES RELOCATION | K182: Infrastructure | L182: Open | M182: CTI Approval | N182: gs64508;mk81769; | O182: 41298.82 | P182: 5 | Q182: 55.284965 | R182: 125.65693 | S182: ASPAC
A183: Abraham Albert | B183: CAP0027310 | D183: pankaj musale | E183: aa15085 | F183: CTI | G183: CTI Operations - Regional | H183: CTI Asia Pacific | I183: CTI Asia Pacific | J183: NRFLOW Disk Upgrade | K183: Storage Request - SAN | L183: Open | M183: CTI Approval | N183: ac94164;jn62051;js45746;ks14775;md46033;pr72496;rb71989;rs81295;ss84555;sy25911;ta19710;vv58942; | O183: 41340.364 | P183: 3 | Q183: 13.740231 | R183: 32.966343 | S183: ASPAC
A184: Abraham Albert | B184: CAP0027650 | D184: softenger mss ameer sulthan | E184: aa15085 | F184: CTI | G184: CTI Operations - Regional | H184: CTI Asia Pacific | I184: CTI Asia Pacific | J184: Talisma Campaign Disk Addition | K184: Storage Request - SAN | L184: Open | M184: CTI Approval | N184: ac94164;jn62051;js45746;ks14775;md46033;pr72496;rb71989;rs81295;ss84555;sy25911;ta19710;vv58942; | O184: 41341.312 | P184: 3 | Q184: 12.792801 | R184: 14.694711 | S184: ASPAC
A185: Sharavanan Apk | B185: CAP0027806 | D185: sharavanan apk | E185: aa15085 | F185: CTI | G185: CTI Operations - Regional | H185: CTI Operations | I185: CTI - Global Technology Operations | J185: LinQ Additional Storage | K185: Storage Request - SAN | L185: Open | M185: SA Approval | N185: aa15085;ba63611;br38785;kj22845;kr99697;ma51691;mm86250;pd75594;pm57752;rt83142;sg87941;sg99875;sk62018;sm19852;ss54082;vg98624; | O185: 41347.087 | P185: 1 | Q185: 7.0172801 | R185: 7.1942593 | S185: ASPAC
... A211: Selvakumar Ponraj | B211: CAP0027012 | D211: Bala | E211: bk08369 | F211: CTO | G211: GFTS | H211: CTS Compliance Technology Services | I211: CTS - Goh,Sok Kim | J211: VPR5487 - AP-GDC-Oracle 11G Database for AML | K211: Storage Request - SAN | L211: Open | M211: CTI Approval | N211: ac94164;jn62051;js45746;ks14775;md46033;pr72496;rb71989;rs81295;ss84555;sy25911;ta19710;vv58942; | O211: 41320.446 | P211: 3 | Q211: 33.658588 | R211: 50.202083 | S211: ASPAC
A212: Ramasamy Ashokan | B212: CAP0027165 | D212: Jeanette Suamen | E212: js79581 | F212: CTI | G212: CTI Global Data Center Services | H212: Distributed Systems | I212: Unix | J212: BAU | K212: Storage Request - SAN | L212: Open | M212: Post-CTI Approval | O212: 41340.232 | P212: 0 | Q212: 13.872488 | R212: 41.901042 | S212: ASPAC
A213: Pavankumar Medasani | B213: CAP0027313 | D213: Bala | E213: bk08369 | F213: CTO | G213: GFTS | H213: GFI GFTS International | I213: GFI - Akao,Yukitoshi | J213: AP-GDC-Oracle 11g Upgrade - NSS | K213: Storage Request - SAN | L213: Open | M213: CTI Approval | N213: ac94164;jn62051;js45746;ks14775;md46033;pr72496;rb71989;rs81295;ss84555;sy25911;ta19710;vv58942; | O213: 41346.379 | P213: 3 | Q213: 7.7255208 | R213: 30.89463 | S213: ASPAC
A214: Raghuveer Raghuveer | B214: CAP0027562 | D214: Raghuveer Raghuveer | E214: rr89073 | F214: ICG_Tech | G214: ICG_Tech Citi Markets Technology | H214: ICG_Tech_CMT - Equities & Equity Middle Office | I214: Global Equities - Lingard,Richard | J214: WS7476145 AP-ICG-Cfore HW rollout | K214: Storage Request - SAN | L214: Open | M214: Submitter Approval | N214: rr89073; | O214: 41334.239 | P214: 0 | Q214: 19.865532 | R214: 19.865532 | S214: ASPAC
A215: Bala Chandra Kasturi | B215: CAP0027675 | D215: Bala | E215: bk08369 | F215: ICG_Tech | G215: ICG_Tech ASPAC | H215: ASPAC - CMT - Morgan,Patrick | I215: ASPAC-CMT-Morgan,Patrick | J215: VPR5487 - AP-GDC-Oracle 11G_GRBBC | K215: Storage Request - SAN | L215: Open | M215: Pre-Design Approval | N215: bf36309;cp30221;ds76190;jd03131;km96569;mb88090;mp96590;tb60866; | O215: 41340.126 | P215: 1 | Q215: 13.978484 | R215: 13.983762 | S215: ASPAC
A216: Selvakumar Ponraj | B216: CAP0027710 | D216: selva | E216: ps26891 | F216: GCG | G216: Asia Pacific | H216: Hong Kong | I216: Cheung, Luen Kiu Keith | J216: Aperture CSI : 161191 - Eclipse - South East Asia | K216: Storage Request - SAN | L216: Open | M216: CTI Approval | N216: ac94164;jn62051;js45746;ks14775;md46033;pr72496;rb71989;rs81295;ss84555;sy25911;ta19710;vv58942; | O216: 41347.279 | P216: 3 | Q216: 6.8256597 | R216: 10.168021 | S216: ASPAC
A217: Rahul Ravindra Jain | B217: CAP0027713 | D217: Rahul Ravindra Jain | E217: rj22898 | F217: ICG_Tech | G217: ICG_Tech GTS Tech Treasury and Trade Services | H217: TTS - Man, Eric | I217: TTS - Man, Eric | J217: ICG-AP-TIBCO Servers Tech Refreshment | K217: Infrastructure | L217: Open | M217: Pre-Design Approval | N217: rs28691;ww84651; | O217: 41344.242 | P217: 1 | Q217: 9.8624537 | R217: 9.9534722 | S217: ASPAC
A218: Rahul Ravindra Jain | B218: CAP0027717 | D218: Rahul Ravindra Jain | E218: rj22898 | F218: GCG | G218: Asia Pacific | H218: Asia Regional Technology | I218: Hari, Sridhar | J218: GCG-TH-3D Secure Implementation | K218: No Servers - Memory/CPU Upgrade | L218: Open | M218: Pre-Design Approval | N218: bo83516;db35844;es45096;ky38902;pb17916;rc07154;rl57190;rv56747;sn37291; | O218: 41353.315 | P218: 1 | Q218: 0.78953704 | R218: 9.8437616 | S218: ASPAC
A219: Selvakumar Ponraj | B219: CAP0027807 | D219: selva | E219: ps26891 | F219: GCG | G219: Asia Pacific | H219: Hong Kong | I219: Cheung, Luen Kiu Keith | J219: A-0009804 Project ABC Fraud Analytics | K219: No Servers - Memory/CPU Upgrade | L219: Open | M219: CTI Approval | N219: ac94164;ah74163;bb56255;bj19907;bm58431;hm04981;jn62051;js45746;kl24810;kn92290;md46033;mj18591;mt06736;pm23510;rv56747;sl78306;sn37291;sy25911;tk49291;vw67949;wk63775;zw73585; | O219: 41347.399 | P219: 5 | Q219: 6.7052662 | R219: 7.1669213 | S219: ASPAC
A220: Rahul Ravindra Jain | B220: CAP0027810 | D220: Rahul Ravindra Jain | E220: rj22898 | F220: GCG | G220: Asia Pacific | H220: Asia Regional Technology | I220: Hari, Sridhar | J220: GCG-TH-3D Secure Implementation | K220: Storage Request - SAN | L220: Open | M220: Submitter Approval | N220: rj22898; | O220: 41347.014 | P220: 0 | Q220: 7.0903125 | R220: 7.0903125 | S220: ASPAC
A221: Selvakumar Ponraj | B221: CAP0027811 | D221: Selva | E221: ps26891 | F221: CTI | G221: CTI Global Technology Operations | H221: Global Security Operations | I221: Information Assurance Services - IAS | J221: WS7740355 MY-GCG-Fraud Analytic COE Setup | K221: Storage Request - SAN | L221: Open | M221: CTI Approval | N221: ac94164;jn62051;js45746;ks14775;md46033;pr72496;rb71989;rs81295;ss84555;sy25911;ta19710;vv58942; | O221: 41347.401 | P221: 3 | Q221: 6.7031713 | R221: 7.0565509 | S221: ASPAC
A222: Selvakumar Ponraj | B222: CAP0027909 | D222: selva | E222: ps26891 | F222: CTI | G222: CTI Global Data Center Services | H222: Storage & Backup | I222: Storage & Backup | J222: VPR7113 Japan SIP - Program requirements | K222: Infrastructure | L222: Open | M222: CTI Approval | N222: hc79466;kc47081;km37089;km66166;mc99195;sl70906; | O222: 41353.421 | P222: 5 | Q222: 0.68371528 | R222: 1.1492245 | S222: ASPAC
A223: Benedict Sesuraj | B223: CAP0024228 | D223: sanjay kumar yerra | E223: sy47395 | F223: CTI | G223: CTI Global Technology Operations | H223: Global Security Operations | I223: Information Assurance Services - IAS | J223: GTO-SG/HK-Desktop Optimization | K223: VMWare | L223: Open | M223: SA Approval | N223: gm04165;jc18965;pr93204;rs21491; | O223: 41141.935 | P223: 0 | Q223: 212.16927 | R223: 212.21684 | S223: ASPAC
A224: Gunalan Subramaniam | B224: CAP0024367 | D224: jagadeshwaran kanniyappan | E224: jk77958 | F224: CTO | G224: GFTS | H224: GFI GFTS International | I224: GFI - Choi,Ann Kit Bing | J224: _x000D_ _x000D_ CTO-IN-RBI Regulatory Reporting | K224: VMWare | L224: Open | M224: Submitter Approval | N224: jk77958; | O224: 41149.922 | P224: 0 | Q224: 204.1825 | R224: 204.1825 | S224: ASPAC
... A237: Jagadeshwaran Kanniyappan | B237: CAP0027912 | D237: jagadeshwaran kanniyappan | E237: jk77958 | F237: ICG_Tech | G237: ICG_Tech Private Bank - Personal Wealth Management | H237: GWM - CPB Asia Pacific Retired Apps | I237: GWM - Devraj,Sankar | J237: ICG-AP-Commercial Bank Asia CRM Implementation | K237: VMWare | L237: Open | M237: P&L Approval | N237: ac33575;mb69558;mo77554; | O237: 41354.082 | P237: 0 | Q237: 0.022210648 | R237: 1.0236111 | S237: ASPAC
A238: Clement Rybin Nedumpilly | B238: CAP0027959 | D238: Rybin Nedumpilly, Clement | E238: cr88488 | F238: CTI | G238: CTI Operations - Regional | H238: CTI Asia Pacific | I238: CTI Asia Pacific | J238: BAU | K238: Storage Request - SAN | L238: Open | M238: Open | P238: 0 | R238: 0.0080208333 | S238: ASPAC
A239: Jason Popp | B239: CAP0027593 | C239: =IF(ISERROR(VLOOKUP(B239,'120313'!B:C,2,FALSE)),"new",VLOOKUP(B239,'120313'!B:C,2,FALSE)) -> new | D239: larry cruz | E239: lc11268 | F239: Corp_Bus | G239: O&T Risk Mgmt & Compliance | H239: O&T Risk Mgmt & Compliance | I239: O&T Risk Mgmt & Compliance | J239: GIDA ISAW Repositories | K239: Storage Request - NAS | L239: Open | M239: Submitter Approval | N239: lc11268; | O239: 41336.861 | P239: 0 | Q239: 17.2439 | R239: 17.2439 | S239: EMEA
A240: Dhammika Singappuli | B240: CAP0025379 | C240: =IF(ISERROR(VLOOKUP(B240,'120313'!B:C,2,FALSE)),"new",VLOOKUP(B240,'120313'!B:C,2,FALSE)) -> new | D240: srinivasarao thella | E240: mc98347 | F240: CTO | G240: GFTS | H240: CTS Compliance Technology Services | I240: CTS - Capewell,Paul | J240: NAS Storage for BMC Servers_EMEA | K240: Storage Request - NAS | L240: Open | M240: Post-CTI Approval | N240: cb81537;jp49700;sc48342;tg76015;wp92684; | O240: 41212.718 | P240: 0 | Q240: 141.38704 | R240: 155.18017 | S240: EMEA
A241: Brent Wisun | B241: CAP0025142 | C241: =IF(ISERROR(VLOOKUP(B241,'120313'!B:C,2,FALSE)),"new",VLOOKUP(B241,'120313'!B:C,2,FALSE)) -> new | D241: cecilio alvarado | E241: bw03051 | F241: CTI | G241: CTI Global Data Center Services | H241: Distributed Systems | I241: Virtual Grid - Cloud | J241: VMware Infrastructure - Turkey | K241: VM Cluster / ESX Server | L241: Open | M241: Post-CTI Approval | N241: ;bw03051;rb64420; | O241: 41198.275 | P241: 0 | Q241: 155.82926 | R241: 166.74932 | S241: EMEA
A242: Brent Wisun | B242: CAP0025231 | C242: =IF(ISERROR(VLOOKUP(B242,'120313'!B:C,2,FALSE)),"new",VLOOKUP(B242,'120313'!B:C,2,FALSE)) -> unable to post-design approve. Issue identified . Email sent to requestor (11/03/13) | D242: cecilio alvarado | E242: bw03051 | F242: CTI | G242: CTI Global Data Center Services | H242: Distributed Systems | I242: Virtual Grid - Cloud | J242: VMware Infrastructure - RDC LVM Add-on | K242: VM Cluster / ESX Server | L242: Open | M242: Post-CTI Approval | N242: ac01184;aj97754;ao08490;ar15618;ar91297;cm24199;cw68238;dc91175;dw58880;hd57144;jm29650;kv13183;mc28504;nc29967;sm28519;tw00629; | O242: 41270.39 | P242: 0 | Q242: 83.714352 | R242: 161.75234 | S242: EMEA
A243: Brent Wisun | B243: CAP0027662 | C243: =IF(ISERROR(VLOOKUP(B243,'120313'!B:C,2,FALSE)),"new",VLOOKUP(B243,'120313'!B:C,2,FALSE)) -> new | D243: cecilio alvarado | E243: bw03051 | F243: CTI | G243: CTI Global Data Center Services | H243: Distributed Systems | I243: Virtual Grid - Cloud | J243: VMware Infrastructure - Switzerland | K243: VM Cluster / ESX Server | L243: Open | M243: CDA Review Approval | N243: al82275;cw83204;db35844;dm08510;gb08667;ib00850;js83092;kd58478;lh92887;pm30353;pr19193;rc41183;rn12277;so29687;sp91217;sw60288;vp98606; | O243: 41340.472 | P243: 1 | Q243: 13.632697 | R243: 14.514525 | S243: EMEA
A244: Krzysztof Stachowiak | B244: CAP0027739 | C244: =IF(ISERROR(VLOOKUP(B244,'120313'!B:C,2,FALSE)),"new",VLOOKUP(B244,'120313'!B:C,2,FALSE)) -> new | D244: fariborz zahedi | E244: sd37642 | F244: ICG_Tech | G244: ICG_Tech Citi Markets Technology | H244: ICG_Tech_CMT - Equities & Equity Middle Office | I244: Global Equities - Sood, Vishal | J244: EQ FUNCTIONAL QA EMEA WINTEL 1 | K244: VMWare | L244: Open | M244: CSI Application Approval | N244: CSI->App Manager | O244: 41345.544 | P244: 0 | Q244: 8.5606019 | R244: 9.4304977 | S244: EMEA
A245: Juan Cortes | B245: CAP0025361 | C245: =IF(ISERROR(VLOOKUP(B245,'120313'!B:C,2,FALSE)),"new",VLOOKUP(B245,'120313'!B:C,2,FALSE)) -> new | D245: william biesel | E245: jc37171 | F245: CTI | G245: CTI Global Data Center Services | H245: Engineering - Integration | I245: Engineering - Integration | J245: TADDM Implementation - EMEA | K245: Infrastructure | L245: Open | M245: CDA Review Approval | N245: al82275;al86330;ct30785;cw83204;db35844;dm08510;gb08667;ib00850;js83092;jy63294;kd58478;lh92887;mn44548;pm30353;pr19193;rc41183;rn12277;sb68588;so29687;sp91217;sw60288;vp98606; | O245: 41262.124 | P245: 1 | Q245: 91.980903 | R245: 155.73084 | S245: EMEA
A246: Daniel Roedema | B246: CAP0026301 | C246: =IF(ISERROR(VLOOKUP(B246,'120313'!B:C,2,FALSE)),"new",VLOOKUP(B246,'120313'!B:C,2,FALSE)) -> new | D246: demonte brown | E246: db89128 | F246: CTO | G246: CATE | H246: CATE | I246: CCC - Venkatachalam,Guruvayurappan | J246: Microsoft Lync 2010 - EMEA | K246: Infrastructure | L246: Open | M246: Open | P246: 0 | R246: 103.49204 | S246: EMEA
A247: Daniel Roedema | B247: CAP0026562 | C247: =IF(ISERROR(VLOOKUP(B247,'120313'!B:C,2,FALSE)),"new",VLOOKUP(B247,'120313'!B:C,2,FALSE)) -> new | D247: demonte brown | E247: db89128 | F247: CTO | G247: CATE | H247: CATE | I247: CCC - Venkatachalam,Guruvayurappan | J247: Microsoft Lync 2010 - EMEA VMs | K247: VMWare | L247: Hold | M247: CTI Approval | N247: ag36981;ah49348;am97531;an43463;ar55125;as64556;bh32026;bw03051;ct39258;dm49456;dr68847;gk22420;is60967;is6096; | O247: 41353.943 | P247: 1 | Q247: 0.16190972 | R247: 77.05206 | S247: EMEA
A248: Des Gibbons | B248: CAP0026829 | C248: =IF(ISERROR(VLOOKUP(B248,'120313'!B:C,2,FALSE)),"new",VLOOKUP(B248,'120313'!B:C,2,FALSE)) -> new | D248: des gibbons | E248: dg10152 | F248: CTI | G248: CTI Global Technology Operations | H248: Global Voice Operations | I248: Global Voice Operations | J248: AVM DC Infrastructure EMEA | K248: Infrastructure | L248: Open | M248: CDA Review Approval | N248: al82275;al86330;ct30785;cw83204;db35844;dm08510;gb08667;ib00850;js83092;jy63294;kd58478;lh92887;mn44548;pm30353;pr19193;rc41183;rn12277;sb68588;so29687;sp91217;sw60288;vp98606; | O248: 41296.424 | P248: 1 | Q248: 57.681019 | R248: 61.81647 | S248: EMEA
A249: Michal Janik | B249: CAP0027722 | C249: =IF(ISERROR(VLOOKUP(B249,'120313'!B:C,2,FALSE)),"new",VLOOKUP(B249,'120313'!B:C,2,FALSE)) -> new | D249: janusz jakubiak | E249: bg91373 | F249: CTI | G249: CTI Global Technology Operations | H249: Global Voice Operations | I249: Global Voice Operations | J249: ICM upgrade, UAT servers/WS9312383 | K249: Infrastructure | L249: Open | M249: CDA Review Approval | N249: al82275;cw83204;db35844;dm08510;gb08667;ib00850;js83092;kd58478;lh92887;pm30353;pr19193;rc41183;rn12277;so29687;sp91217;sw60288;vp98606; | O249: 41345.203 | P249: 1 | Q249: 8.9018981 | R249: 9.6621759 | S249: EMEA
A250: Michal Janik | B250: CAP0027735 | C250: =IF(ISERROR(VLOOKUP(B250,'120313'!B:C,2,FALSE)),"new",VLOOKUP(B250,'120313'!B:C,2,FALSE)) -> new | D250: mark hoy | E250: bg91373 | F250: CTI | G250: CTI Global Technology Operations | H250: Global Voice Operations | I250: Global Voice Operations | J250: ICM upgrade, UAT servers WS9312383 VMware_x000D_ | K250: VMWare | L250: Open | M250: CTI Approval | N250: ag36981;ah49348;am97531;an43463;ar55125;as64556;bh32026;bw03051;ct39258;dm49456;dr68847;gk22420;is60967;is6096; | O250: 41351.435 | P250: 1 | Q250: 2.6699653 | R250: 9.4547801 | S250: EMEA
A251: Conor Starrs | B251: CAP0023142 | C251: =IF(ISERROR(VLOOKUP(B251,'120313'!B:C,2,FALSE)),"new",VLOOKUP(B251,'120313'!B:C,2,FALSE)) -> new | D251: conor starrs | E251: cs62752 | F251: ICG_Tech | G251: ICG_Tech GTS Tech Treasury and Trade Services | H251: TTS - Limb,Elliott | I251: TTS - Limb,Elliott | J251: Orbiflow SQL Server 2005 EOL Upgrade | K251: Infrastructure | L251: Open | M251: Final P&L Approval | N251: ac33575;aw82876;cc10261;ep42429;gm12984;hb92818;mb69558;rs66314;sr04747; | O251: 41352.36 | P251: 0 | Q251: 1.7443519 | R251: 274.7085 | S251: EMEA
A252: Walter Mcbride | B252: CAP0026444 | C252: =IF(ISERROR(VLOOKUP(B252,'120313'!B:C,2,FALSE)),"new",VLOOKUP(B252,'120313'!B:C,2,FALSE)) -> pre-design approved | D252: nagaraj selvaraj | E252: sn11453 | F252: ICG_Tech | G252: ICG_Tech GTS Tech Securities and Fund Services | H252: SFS - Bishop, Ellen | I252: SFS - Bishop, Ellen | J252: SFS/ONYX_Autorek | K252: Infrastructure | L252: Open | M252: CDA Review Approval | N252: al82275;cw83204;db35844;dm08510;gb08667;ib00850;js83092;kd58478;lh92887;pm30353;pr19193;rc41183;rn12277;so29687;sp91217;sw60288;vp98606; | O252: 41274.164 | P252: 1 | Q252: 79.940451 | R252: 92.961991 | S252: EMEA
...

Sheet 200313
A1: SA Name | B1: Capacity ID | D1: Requestor | E1: Submitter | F1: Business Sector | G1: Business Group | H1: Business Line | I1: Business | J1: Project Name | K1: Type of Request | L1: Status | M1: Current Phase | N1: In Queue of | O1: Inque Start Time | P1: SLA Days | Q1: Time in Queue | R1: Overall Request Time | S1: Region
A2: Jason Popp | B2: CAP0027594 | D2: larry cruz | E2: lc11268 | F2: Corp_Bus | G2: O&T Risk Mgmt & Compliance | H2: O&T Risk Mgmt & Compliance | I2: O&T Risk Mgmt & Compliance | J2: GIDA ISAW Repositories | K2: Storage Request - NAS | L2: Open | M2: Submitter Approval | N2: lc11268; | O2: 41336.862 | P2: 0 | Q2: 16.243206 | R2: 16.243206 | S2: ASPAC
A3: Sanjeev Kumar Singh Tomar | B3: CAP0026965 | D3: shafayet hossain | E3: sh61970 | F3: ICG_Tech | G3: ICG_Tech ASPAC | H3: ASPAC - In-Country Tech - Chan, Ying Man | I3: ASPAC - CMT - Chan, Ying Man | J3: BAU | K3: VMWare | L3: Open | M3: Pre-Design Approval | N3: cp30221;ds76190;jd03131;km96569;mb88090;mp96590;tb60866; | O3: 41301.293 | P3: 1 | Q3: 51.812176 | R3: 51.812176 | S3: ASPAC
A4: Yu On Venkie Lee | B4: CAP0024673 | D4: yu on venkie lee | E4: yl77858 | F4: CTI | G4: CTI Global Technology Operations | H4: Global Security Operations | I4: Information Assurance Services - IAS | J4: VPR13510 2N Restoration | K4: Storage Request - SAN | L4: Open | M4: Submitter Approval | N4: yl77858; | O4: 41165.929 | P4: 0 | Q4: 187.17613 | R4: 187.17613 | S4: ASPAC
A5: Srinivasarao Thella | B5: CAP0025378 | D5: srinivasarao thella | E5: mc98347 | F5: ICG_Tech | G5: ICG_Tech GTS Tech Treasury and Trade Services | H5: TTS - Man, Eric | I5: TTS - Man, Eric | J5: NAS Storage for BMC Servers_ASPAC | K5: Storage Request - NAS | L5: Open | M5: CTI Approval | O5: 41253.127 | P5: 3 | Q5: 99.977975 | R5: 154.185 | S5: ASPAC
A6: Balasubramanian Pichumani | B6: CAP0025037 | D6: Ba;asubramanian Pichumani | E6: bp23017 | F6: GCG | G6: Asia Pacific | H6: Global Consumer Bank, Japan | I6: Global Consumer Bank, Japan | J6: BAU | K6: Storage Request - SAN | L6: Open | M6: Submitter Approval | N6: bp23017; | O6: 41184.248 | P6: 0 | Q6: 168.85656 | R6: 168.85656 | S6: ASPAC
A7: Ramesh Selvaraj | B7: CAP0027890 | D7: Nandakumar, Balaji | E7: rs78399 | F7: GCG | G7: Asia Pacific | H7: Singapore | I7: Ong,Kim Boon | J7: BAU | K7: Storage Request - DASD Mainframe | L7: Open | M7: Post-CTI Approval | N7: em86939;mg63100;tc25277; | O7: 41352.976 | P7: 0 | Q7: 0.12946759 | R7: 0.89449074 | S7: ASPAC
A8: Gowtham Ganesan | B8: CAP0024076 | D8: Gowtham Ganesan | E8: gg18915 | F8: CTI | G8: CTI Global Technology Operations | H8: Global Security Operations | I8: Information Assurance Services - IAS | J8: SSH Tectia Apps servers Migration | K8: Storage Request - SAN | L8: Open | M8: Open | P8: 0 | R8: 219.06551 | S8: ASPAC
A9: Vallinayakam Kamaleswaran | B9: CAP0024302 | D9: kamal | E9: vk63388 | F9: CTI | G9: CTI Global Technology Operations | H9: Global Security Operations | I9: Information Assurance Services - IAS | J9: BAU | K9: Storage Request - SAN | L9: Open | M9: Submitter Approval | N9: vk63388; | O9: 41145.069 | P9: 0 | Q9: 208.03648 | R9: 208.03648 | S9: ASPAC
A10: Matheswaran Ponnusamy | B10: CAP0024904 | D10: matheswaran ponnusamy | E10: mp59890 | F10: CTI | G10: CTI Global Technology Operations | H10: Global Security Operations | I10: Information Assurance Services - IAS | J10: WS10607705 | K10: Storage Request - SAN | L10: Open | M10: Submitter Approval | N10: mp59890; | O10: 41178.254 | P10: 0 | Q10: 174.8508 | R10: 174.8508 | S10: ASPAC
A11: Sreenivasan Asariparambil | B11: CAP0024968 | D11: Sreenivasan Asariparambil | E11: sa54951 | F11: GCG | G11: Asia Pacific | H11: India | I11: Moorthy,Sandesh Krishna | J11: AP-GCG-CIP Implementation | K11: Infrastructure | L11: Open | M11: Submitter Approval | N11: sa54951; | O11: 41180.077 | P11: 0 | Q11: 173.02841 | R11: 173.02841 | S11: ASPAC
A12: Vallinayakam Kamaleswaran | B12: CAP0025623 | D12: Kamlaeswaran Vallinayakam | E12: vk63388 | F12: CTO | G12: GFTS | H12: CTS Compliance Technology Services | I12: CTS - Goh,Sok Kim | J12: WS6013097 Global-CC-CitiKYC Unification Setup | K12: Storage Request - SAN | L12: Open | M12: Submitter Approval | N12: vk63388; | O12: 41212.104 | P12: 0 | Q12: 141.00097 | R12: 141.00097 | S12: ASPAC
A13: Siju Vellam Podichintavida | B13: CAP0025763 | D13: Butthaka Watthanakanjana | E13: bw99927 | F13: ICG_Tech | G13: ICG_Tech ASPAC | H13: ASPAC - CMT - Agarwal,Himanshu | I13: ASPAC- CMT - Agarwal,Himanshu | J13: BAU | K13: Storage Request - SAN | L13: Open | M13: P&L Approval | N13: cp30221;ds76190;jd03131;km96569;mb88090;mp96590;tb60866; | O13: 41319.962 | P13: 0 | Q13: 33.142639 | R13: 133.84341 | S13: ASPAC
A14: Kir Kip Lee | B14: CAP0025965 | D14: jagan | E14: jg53431 | F14: GCG | G14: Asia Pacific | H14: Indonesia | I14: Tantawi,Tuti | J14: WS9877984 DW Restoration | K14: Storage Request - SAN | L14: Open | M14: SA Approval | N14: ad33421;ag50732;ag95697;ak40444;ak47115;ak61266;al43710;al84347;ap51564;bp95974;br92748;cs72181;da39257;dc58786;dl95319;gg49465;gm65034;hg04219;jg53431;js47378;kl29887;kt23776;kw95563;ky38902;ms50752;ms73098;pm46702;pp83002;ps26891;pt97482;ra05079;rb0940 | O14: 41234.125 | P14: 1 | Q14: 118.98039 | R14: 119.95358 | S14: ASPAC
A15: Rajesh Balu | B15: CAP0026005 | D15: Rajesh Balu | E15: rb09400 | F15: GCG | G15: Asia Pacific | H15: India | I15: Moorthy,Sandesh Krishna | J15: VPR15816 GCG Digital Money Infrastructure Services | K15: AIX | L15: Open | M15: Submitter Approval | N15: rb09400; | O15: 41235.284 | P15: 0 | Q15: 117.82131 | R15: 117.82131 | S15: ASPAC
A16: Rajesh Balu | B16: CAP0026030 | D16: rajesh balu | E16: rb09400 | F16: ICG_Tech | G16: ICG_Tech Citi Markets Technology | H16: ICG_Tech_CMT - G10 Global Rates | I16: GMT - Kim,Joo | J16: WS6547157 | K16: AIX | L16: Open | M16: Submitter Approval | N16: rb09400; | O16: 41238.987 | P16: 0 | Q16: 114.11818 | R16: 114.11818 | S16: ASPAC
A17: Rajesh Balu | B17: CAP0026032 | D17: Rajesh Balu | E17: rb09400 | F17: ICG_Tech | G17: ICG_Tech GTS Tech Treasury and Trade Services | H17: TTS - Man, Eric | I17: TTS - Man, Eric | J17: WS6547157 | K17: No Servers - Memory/CPU Upgrade | L17: Open | M17: Submitter Approval | N17: rb09400; | O17: 41239.177 | P17: 0 | Q17: 113.92791 | R17: 113.92791 | S17: ASPAC
A18: Sujeesh Thovarayi | B18: CAP0026523 | D18: thomas mathias | E18: tm81308 | F18: GCG | G18: Asia Pacific | H18: Singapore | I18: Ong,Kim Boon | J18: BAU | K18: Storage Request - SAN | L18: Open | M18: Post-CTI Approval | N18: ak47115;ok18455;st90388; | O18: 41289.985 | P18: 0 | Q18: 63.120012 | R18: 83.928275 | S18: ASPAC
A19: Kir Kip Lee | B19: CAP0026565 | D19: kir kip lee | E19: kl29887 | F19: ICG_Tech | G19: ICG_Tech GTS Tech Treasury and Trade Services | H19: TTS - Man, Eric | I19: TTS - Man, Eric | J19: WS8014030 - ICG-AP-Trims Reporting | K19: AIX | L19: Open | M19: Pre-Design Approval | N19: ds56427;jl36031;mw02822;ob41451;rd13550;rs28691;sk73093;tl35537; | O19: 41277.958 | P19: 1 | Q19: 75.147292 | R19: 75.922361 | S19: ASPAC
A20: Kir Kip Lee | B20: CAP0026583 | D20: kir kip lee | E20: kl29887 | F20: ICG_Tech | G20: ICG_Tech GTS Tech Treasury and Trade Services | H20: TTS - Man, Eric | I20: TTS - Man, Eric | J20: WS8014030 - ICG-AP-Trims Reporting | K20: Storage Request - SAN | L20: Open | M20: Pre-Design Approval | N20: jl36031;mw02822;ob41451;rd13550;rs28691;sk73093;tl35537; | O20: 41277.937 | P20: 1 | Q20: 75.167685 | R20: 75.191898 | S20: ASPAC
... A80: Sanjay Kumar | B80: CAP0025443 | D80: sanjay kumar | E80: sk14668 | F80: ICG_Tech | G80: ICG_Tech GTS Tech Treasury and Trade Services | H80: TTS - Man, Eric | I80: TTS - Man, Eric | J80: WS7760321 | K80: Storage Request - SAN | L80: Open | M80: Submitter Approval | N80: sk14668; | O80: 41200.983 | P80: 0 | Q80: 152.12235 | R80: 152.12235 | S80: ASPAC
A81: Siju Vellam Podichintavida | B81: CAP0025754 | D81: senthilkumar kumaraswamy | E81: sk77284 | F81: GCG | G81: Global Product Development | H81: Global Product Development | I81: Cards - International | J81: BAU | K81: Storage Request - SAN | L81: Open | M81: Open | P81: 0 | R81: 134.14817 | S81: ASPAC
A82: Siju Vellam Podichintavida | B82: CAP0025802 | D82: umesh sonwane | E82: us51691 | F82: ICG_Tech | G82: ICG_Tech GTS Tech Treasury and Trade Services | H82: TTS - Man, Eric | I82: TTS - Man, Eric | J82: BAU | K82: Storage Request - SAN | L82: Open | M82: Pre-Design Approval | N82: ds56427;jl36031;mw02822;ob41451;rd13550;rs28691;sk73093;tl35537; | O82: 41220.979 | P82: 1 | Q82: 132.12601 | R82: 132.17616 | S82: ASPAC
A83: Siju Vellam Podichintavida | B83: CAP0026010 | D83: ka ho leung | E83: kl63712 | F83: CTI | G83: CTI Global Technology Operations | H83: Global Security Operations | I83: Information Assurance Services - IAS | J83: BAU | K83: Storage Request - SAN | L83: Open | M83: Submitter Approval | N83: kl63712; | O83: 41236.012 | P83: 0 | Q83: 117.09252 | R83: 117.09252 | S83: ASPAC
A84: Siju Vellam Podichintavida | B84: CAP0026649 | D84: ka tak randy ho | E84: kh92063 | F84: ICG_Tech | G84: ICG_Tech GTS Tech Treasury and Trade Services | H84: TTS - Man, Eric | I84: TTS - Man, Eric | J84: WS6271692 & WS6273608 | K84: No Servers - Memory/CPU Upgrade | L84: Open | M84: Pre-Design Approval | N84: ds56427;jl36031;mw02822;ob41451;rd13550;rs28691;sk73093;tl35537; | O84: 41283.986 | P84: 1 | Q84: 69.119479 | R84: 70.043889 | S84: ASPAC
A85: Siju Vellam Podichintavida | B85: CAP0026679 | D85: kee loong simon yap | E85: ky51621 | F85: GCG | G85: Asia Pacific | H85: Asia Regional Technology | I85: Hari, Sridhar | J85: BAU | K85: Storage Request - SAN | L85: Open | M85: Pre-Design Approval | N85: bo83516;db35844;es45096;ky38902;pb17916;rc07154;rl57190;rv56747;sn37291; | O85: 41284.165 | P85: 1 | Q85: 68.939514 | R85: 69.1325 | S85: ASPAC
A86: Siju Vellam Podichintavida | B86: CAP0026826 | D86: kee loong simon yap | E86: ky51621 | F86: ICG_Tech | G86: ICG_Tech ASPAC | H86: ASPAC - Kandall,Michael | I86: ASPAC - Kandall,Michael | J86: BAU | K86: Storage Request - SAN | L86: Open | M86: Pre-Design Approval | N86: cp30221;ds76190;jd03131;km96569;mb88090;mp96590;tb60866; | O86: 41292.177 | P86: 1 | Q86: 60.927731 | R86: 60.933287 | S86: ASPAC
A87: Siju Vellam Podichintavida | B87: CAP0026882 | D87: umesh sonwane | E87: us51691 | F87: ICG_Tech | G87: ICG_Tech GTS Tech Treasury and Trade Services | H87: TTS - Man, Eric | I87: TTS - Man, Eric | J87: BAU | K87: Storage Request - SAN | L87: Open | M87: Submitter Approval | N87: us51691; | O87: 41297.218 | P87: 0 | Q87: 55.886794 | R87: 55.886794 | S87: ASPAC
A88: Siju Vellam Podichintavida | B88: CAP0026908 | D88: umesh sonwane | E88: us51691 | F88: ICG_Tech | G88: ICG_Tech ASPAC | H88: ASPAC - In-Country Tech - Chan, Ying Man | I88: ASPAC - CMT - Chan, Ying Man | J88: BAU | K88: Storage Request - SAN | L88: Open | M88: Pre-Design Approval | N88: cp30221;ds76190;jd03131;km96569;mb88090;mp96590;tb60866; | O88: 41298.04 | P88: 1 | Q88: 55.064595 | R88: 55.112778 | S88: ASPAC
A89: Siju Vellam Podichintavida | B89: CAP0026910 | D89: =H89/33 -> #VALUE! | E89: us51691 | F89: ICG_Tech | G89: ICG_Tech ASPAC | H89: ASPAC - In-Country Tech - Chan, Ying Man | I89: ASPAC - CMT - Chan, Ying Man | J89: BAU | K89: Storage Request - SAN | L89: Open | M89: Pre-Design Approval | N89: cp30221;ds76190;jd03131;km96569;mb88090;mp96590;tb60866; | O89: 41298.085 | P89: 1 | Q89: 55.01985 | R89: 55.042095 | S89: ASPAC
A90: Thomas Mathias | B90: CAP0026969 | D90: thomas mathias | E90: tm81308 | F90: GCG | G90: EMEA | H90: Middle East Cluster | I90: Egypt - Ben Makhlouf, Slah | J90: BAU | K90: Storage Request - SAN | L90: Open | M90: Submitter Approval | N90: tm81308; | O90: 41302.101 | P90: 0 | Q90: 51.003576 | R90: 51.003576 | S90: ASPAC
A91: Suresh Makkan | B91: CAP0026991 | D91: Suresh Makkan | E91: sm09402 | F91: GCG | G91: Asia Pacific | H91: Singapore | I91: Ong,Kim Boon | J91: VPR3691 | K91: Storage Request - SAN | L91: Open | M91: Final Business Signoff | N91: bo83516;da20304;dg58174;nw05330;pb17916;sk29560;sk72161;tr08801; | O91: 41353.053 | P91: 0 | Q91: 0.051770833 | R91: 49.996771 | S91: ASPAC
A92: Rajesh Balu | B92: CAP0027037 | D92: albert cerullo | E92: rb09400 | F92: ICG_Tech | G92: ICG_Tech Private Bank - Personal Wealth Management | H92: GWM - Asia Technology | I92: GWM - Asia Technology | J92: VPR3691 SUN to AIX Migration | K92: AIX | L92: Open | M92: Post-CTI Approval | N92: ac94164;jn62051;js45746;ks14775;md46033;pr72496;rb71989;rs81295;ss84555;sy25911;ta19710;vv58942; | O92: 41344.001 | P92: 0 | Q92: 9.1042593 | R92: 47.977616 | S92: ASPAC
A93: Siju Vellam Podichintavida | B93: CAP0027071 | D93: praveen | E93: sv68762 | F93: ICG_Tech | G93: ICG_Tech GTS Tech Treasury and Trade Services | H93: TTS - Man, Eric | I93: TTS - Man, Eric | J93: BAU | K93: Storage Request - SAN | L93: Open | M93: SA Approval | N93: ak47115;ap52431;hg04219;ky38902;rf63383;sv68762; | O93: 41306.258 | P93: 1 | Q93: 46.847049 | R93: 46.858565 | S93: ASPAC
A94: Rajesh Balu | B94: CAP0027095 | D94: albert cerullo | E94: rb09400 | F94: ICG_Tech | G94: ICG_Tech Private Bank - Personal Wealth Management | H94: GWM - Asia Technology | I94: GWM - Asia Technology | J94: VPR3691 SUN to AIX Migration | K94: Storage Request - SAN | L94: Open | M94: CTI Approval | N94: ac94164;jn62051;js45746;ks14775;md46033;pr72496;rb71989;rs81295;ss84555;sy25911;ta19710;vv58942; | O94: 41351.405 | P94: 3 | Q94: 1.6996759 | R94: 44.106146 | S94: ASPAC
A95: Sujeesh Thovarayi | B95: CAP0027162 | D95: Muthukumar Sivagnanam | E95: ms34622 | F95: CTI | G95: CTI Global Technology Operations | H95: Global Security Operations | I95: Host & App Security Infrastructure - HASI | J95: BAU | K95: AIX | L95: Open | M95: CTI Approval | N95: ac94164;ah74163;bb56255;bj19907;bm58431;hm04981;jn62051;js45746;kl24810;kn92290;md46033;mj18591;mt06736;pm23510;rv56747;sl78306;sn37291;sy25911;tk49291;vw67949;wk63775;zw73585; | O95: 41312.331 | P95: 5 | Q95: 40.7739 | R95: 41.119919 | S95: ASPAC
A96: Rajesh Balu | B96: CAP0027178 | D96: albert cerullo | E96: sm09402 | F96: ICG_Tech | G96: ICG_Tech Private Bank - Personal Wealth Management | H96: GWM - Asia Technology | I96: GWM - Asia Technology | J96: VPR3691 SUN to AIX Migration | K96: AIX | L96: Open | M96: P&L Approval | N96: ac33575;mb69558;mo77554; | O96: 41351.362 | P96: 0 | Q96: 1.7426042 | R96: 39.943461 | S96: ASPAC
A97: Rajesh Balu | B97: CAP0027245 | D97: Sureshmakkan | E97: sm09402 | F97: ICG_Tech | G97: ICG_Tech Private Bank - Personal Wealth Management | H97: GWM - Asia Technology | I97: GWM - Asia Technology | J97: VPR3691 SUN to AIX Migration | K97: Storage Request - SAN | L97: Open | M97: Submitter Approval | N97: sm09402; | O97: 41318.198 | P97: 0 | Q97: 34.907303 | R97: 34.907303 | S97: ASPAC
A98: Suresh Makkan | B98: CAP0027324 | D98: albert cerullo | E98: vp75140 | F98: ICG_Tech | G98: ICG_Tech Private Bank - Personal Wealth Management | H98: GWM - Asia Technology | I98: GWM - Asia Technology | J98: CPB ASPAC SAN BAU1_2013 | K98: Storage Request - SAN | L98: Open | M98: Final Business Signoff | N98: ac33575;mb69558;mo77554; | O98: 41352.204 | P98: 0 | Q98: 0.90123843 | R98: 29.042882 | S98: ASPAC
A99: Siju Vellam Podichintavida | B99: CAP0027377 | D99: praveen | E99: pp32252 | F99: ICG_Tech | G99: ICG_Tech GTS Tech Treasury and Trade Services | H99: TTS - Man, Eric | I99: TTS - Man, Eric | J99: BAU | K99: Storage Request - SAN | L99: Open | M99: Post-CTI Approval | N99: ac94164;jn62051;js45746;ks14775;md46033;pr72496;rb71989;rs81295;ss84555;sy25911;ta19710;vv58942; | O99: 41350.972 | P99: 0 | Q99: 2.1328241 | R99: 27.121227 | S99: ASPAC
A100: Siju Vellam Podichintavida | B100: CAP0027409 | D100: sivakumar ganesan | E100: sg10633 | F100: ICG_Tech | G100: ICG_Tech ASPAC | H100: ASPAC - CMT - Morgan,Patrick | I100: ASPAC-CMT-Morgan,Patrick | J100: BAU | K100: Storage Request - SAN | L100: Open | M100: Pre-Design Approval | N100: cp30221;ds76190;jd03131;km96569;mb88090;mp96590;tb60866; | O100: 41326.933 | P100: 1 | Q100: 26.172106 | R100: 26.189097 | S100: ASPAC
A101: Siju Vellam Podichintavida | B101: CAP0027415 | D101: Sahil Gupta | E101: sg05736 | F101: ICG_Tech | G101: ICG_Tech GTS Tech Treasury and Trade Services | H101: TTS - Man, Eric | I101: TTS - Man, Eric | J101: WS12002085 ICG-AP-EMBS DASD Increase estimated | K101: Storage Request - SAN | L101: Open | M101: CTI Approval | N101: ac94164;jn62051;js45746;ks14775;md46033;pr72496;rb71989;rs81295;ss84555;sy25911;ta19710;vv58942; | O101: 41348.402 | P101: 3 | Q101: 4.7025347 | R101: 25.915289 | S101: ASPAC
... A154: Ramalingam Venkatessin | B154: CAP0025034 | D154: Palani KamalaKannan | E154: pk30433 | F154: ICG_Tech | G154: ICG_Tech GTS Tech Treasury and Trade Services | H154: TTS - Man, Eric | I154: TTS - Man, Eric | J154: WS8014030 - ICG-AP-Trims Reporting System | K154: Storage Request - SAN | L154: Open | M154: P&L Approval | N154: ds56427;jl36031;mw02822;ob41451;rd13550;rs28691;sk73093;tl35537; | O154: 41185.11 | P154: 0 | Q154: 167.99531 | R154: 169.00088 | S154: ASPAC
A155: Ramalingam Venkatessin | B155: CAP0025036 | D155: Palani KamalaKannan | E155: pk30433 | F155: ICG_Tech | G155: ICG_Tech GTS Tech Treasury and Trade Services | H155: TTS - Man, Eric | I155: TTS - Man, Eric | J155: WS8014030 - ICG-AP-Trims Reporting System | K155: AIX | L155: Open | M155: Open | P155: 0 | R155: 168.93809 | S155: ASPAC
A156: Christopher Johnson | B156: CAP0025186 | D156: Christopher Johnson | E156: cj03460 | F156: CTO | G156: GFTS | H156: CTS Compliance Technology Services | I156: CTS - Goh,Sok Kim | J156: Global-CC-CitiKYC Unification Setup | K156: Storage Request - SAN | L156: Open | M156: Submitter Approval | N156: cj03460; | O156: 41190.259 | P156: 0 | Q156: 162.84583 | R156: 162.84583 | S156: ASPAC
A157: Christopher Johnson | B157: CAP0025412 | D157: Shaik Masthan | E157: sm53895 | F157: CTO | G157: GFTS | H157: GFI GFTS International | I157: GFI - Akao,Yukitoshi | J157: CTO-SG/HK-DC - India RBI Regulatory Reporting | K157: AIX | L157: Open | M157: Submitter Approval | N157: sm53895; | O157: 41199.922 | P157: 0 | Q157: 153.18307 | R157: 153.18307 | S157: ASPAC
A158: Christopher Johnson | B158: CAP0026358 | D158: Srinivas Rao | E158: su52819 | F158: GCG | G158: EMEA | H158: ECT Cluster | I158: ECT - Qadir,Khurram | J158: VPR13154 - Genesis (CSI 164164) | K158: Storage Request - SAN | L158: Open | M158: CTI Approval | N158: ac94164;jn62051;js45746;ks14775;md46033;pr72496;rb71989;rs81295;ss84555;sy25911;ta19710;vv58942; | O158: 41257.24 | P158: 3 | Q158: 95.864896 | R158: 96.866782 | S158: ASPAC
A159: Ramalingam Venkatessin | B159: CAP0026522 | D159: jagan.gandreddy | E159: jg53431 | F159: GCG | G159: Asia Pacific | H159: India | I159: Moorthy,Sandesh Krishna | J159: AP-GCG-CIP Implementation | K159: Storage Request - SAN | L159: Open | M159: Submitter Approval | N159: jg53431; | O159: 41269.116 | P159: 0 | Q159: 83.988958 | R159: 83.988958 | S159: ASPAC
A160: Rajesh Natarajan | B160: CAP0026603 | D160: Manavalan | E160: mg03456 | F160: GCG | G160: Asia Pacific | H160: China | I160: Tan,Kongweng | J160: VPR7113 North Asia Rainbow | K160: Storage Request - SAN | L160: Open | M160: Pre-Design Approval | N160: bo83516;db35844;es45096;jf70821;ky38902;pb17916;rc07154;rl57190;rv56747;sn37291; | O160: 41281.138 | P160: 1 | Q160: 71.966979 | R160: 71.998275 | S160: ASPAC
A161: Selvakumar Ponraj | B161: CAP0026843 | D161: Selva | E161: bk08369 | F161: ICG_Tech | G161: ICG_Tech GTS Tech Treasury and Trade Services | H161: TTS - Fabian,Eduard | I161: TTS - Fabian,Eduard | J161: VPR5487-AP-GDC-Oracle 11g Upgrade | K161: Storage Request - SAN | L161: Open | M161: P&L Approval | N161: jl35973;jl36031;mw02822;ob41451;rd13550;rs28691;sk73093;tl35537; | O161: 41313.209 | P161: 0 | Q161: 39.895602 | R161: 58.169074 | S161: ASPAC
A162: Deenadayalan Manickam | B162: CAP0026972 | D162: Deenadayalan Manickam | E162: dm96604 | F162: GCG | G162: Global Product Development | H162: Global Product Development | I162: eBusiness Deployment | J162: WS10461981 | K162: No Servers - Memory/CPU Upgrade | L162: Open | M162: Post-CTI Approval | N162: ac94164;ah74163;bb56255;bj19907;bm58431;hm04981;jn62051;js45746;kl24810;kn92290;md46033;mj18591;mt06736;pm23510;rv56747;sl78306;sn37291;sy25911;tk49291;vw67949;wk63775;zw73585; | O162: 41324.212 | P162: 0 | Q162: 28.892778 | R162: 50.990903 | S162: ASPAC
A163: Deenadayalan Manickam | B163: CAP0026976 | D163: Deenadayalan Manickam | E163: dm96604 | F163: GCG | G163: Global Product Development | H163: Global Product Development | I163: eBusiness Deployment | J163: WS10461981 | K163: Storage Request - SAN | L163: Open | M163: CTI Approval | N163: ac94164;jn62051;js45746;ks14775;md46033;pr72496;rb71989;rs81295;ss84555;sy25911;ta19710;vv58942; | O163: 41347.394 | P163: 3 | Q163: 5.7105093 | R163: 50.898079 | S163: ASPAC
A164: Karthikeyan Baburaj | B164: CAP0027133 | D164: Karthikeyan.Baburaj | E164: kb80323 | F164: ICG_Tech | G164: ICG_Tech Citi Markets Technology | H164: ICG_Tech_CMT - Equities & Equity Middle Office | I164: Global Equities - Christie,Matt | J164: WS9587737 | K164: Storage Request - SAN | L164: Open | M164: Pre-Design Approval | N164: cp30221;ds76190;jd03131;km96569;mb88090;mp96590;tb60866; | O164: 41311.171 | P164: 1 | Q164: 41.934201 | R164: 41.993287 | S164: ASPAC
A165: Janakiraman Santhanam | B165: CAP0027235 | D165: Janakiraman Santhanam | E165: js47378 | F165: CTI | G165: CTI Global Data Center Services | H165: Storage & Backup | I165: Storage & Backup | J165: AP-GDC-zlinux Workload Migration | K165: Storage Request - SAN | L165: Open | M165: CTI Approval | N165: ac94164;jn62051;js45746;ks14775;md46033;pr72496;rb71989;rs81295;ss84555;sy25911;ta19710;vv58942; | O165: 41347.327 | P165: 3 | Q165: 5.778125 | R165: 35.171458 | S165: ASPAC
A166: Janakiraman Santhanam | B166: CAP0027237 | D166: Janakiraman Santhanam | E166: js47378 | F166: CTI | G166: CTI Global Data Center Services | H166: Engineering - Integration | I166: Engineering - Integration | J166: AP-GDC-zlinux Workload Migration | K166: No Servers - Memory/CPU Upgrade | L166: Open | M166: Submitter Approval | N166: js47378; | O166: 41318.018 | P166: 0 | Q166: 35.08713 | R166: 35.08713 | S166: ASPAC
A167: Christopher Johnson | B167: CAP0027348 | D167: christopher johnson | E167: cj03460 | F167: CTO | G167: GFTS | H167: CTS Compliance Technology Services | I167: CTS - Goh,Sok Kim | J167: WS6013097 Global-CC-CitiKYC Unification Setup | K167: Storage Request - SAN | L167: Open | M167: Submitter Approval | N167: cj03460; | O167: 41325.106 | P167: 0 | Q167: 27.998588 | R167: 27.998588 | S167: ASPAC
... A172: Christopher Johnson | B172: CAP0027776 | D172: srinivas | E172: su52819 | F172: ICG_Tech | G172: ICG_Tech ASPAC | H172: ASPAC - Kandall,Michael | I172: ASPAC - Kandall,Michael | J172: WS12552549 -ICG-SG-RTView Monitoring Dashboard | K172: Storage Request - SAN | L172: Open | M172: Submitter Approval | N172: su52819; | O172: 41346.054 | P172: 0 | Q172: 7.0508333 | R172: 7.0508333 | S172: ASPAC
A173: Christopher Johnson | B173: CAP0027780 | C173: CAP0024653 | D173: Srinivas | E173: su52819 | F173: ICG_Tech | G173: ICG_Tech GTS Tech Treasury and Trade Services | H173: TTS - Man, Eric | I173: TTS - Man, Eric | J173: WS12552549 -ICG-SG-RTView Monitoring Dashboard | K173: Storage Request - SAN | L173: Open | M173: CTI Approval | N173: ac94164;jn62051;js45746;ks14775;md46033;pr72496;rb71989;rs81295;ss84555;sy25911;ta19710;vv58942; | O173: 41347.397 | P173: 3 | Q173: 5.7076273 | R173: 6.9608218 | S173: ASPAC
A174: Christopher Johnson | B174: CAP0027781 | D174: christopher johnson | E174: cj03460 | F174: ICG_Tech | G174: ICG_Tech Citi Markets Technology | H174: ICG_Tech_CMT - Prime Finance & Futures | I174: Prime Finance & Futures - Ghodse,Amir | J174: ICG-IN/SG-Gatelab NSE Connectivity Setup | K174: Infrastructure | L174: Open | M174: Pre-Design Approval | N174: cp30221;ds76190;jd03131;km96569;mb88090;mp96590;tb60866; | O174: 41348.024 | P174: 1 | Q174: 5.0810069 | R174: 6.9415162 | S174: ASPAC
A175: Ramana Jonnalagadda | B175: CAP0024139 | D175: Kulandaivelu, Bharath | E175: bk69079 | F175: ICG_Tech | G175: ICG_Tech Citi Markets Technology | H175: ICG_Tech_CMT - Equities & Equity Middle Office | I175: ASPAC - EQ - Lingard, Richard | J175: VPR13082 JP-ICG-DEV/UAT Servers to Sing | K175: VMWare | L175: Open | M175: P&L Approval | N175: cp30221;ds76190;jd03131;km96569;mb88090;mp96590;tb60866; | O175: 41218.409 | P175: 0 | Q175: 134.69575 | R175: 216.88458 | S175: ASPAC
A176: Ramana Jonnalagadda | B176: CAP0024368 | D176: Prabhu N S | E176: pn94609 | F176: ICG_Tech | G176: ICG_Tech ASPAC | H176: ASPAC - CMT - Walters,Barbara | I176: ASPAC - CMT - Terala, Rajender | J176: VPR13082 JP-ICG-DEV/UATServers SingaporeRelocation | K176: Storage Request - SAN | L176: Open | M176: P&L Approval | N176: cp30221;ds76190;jd03131;km96569;mb88090;mp96590;tb60866; | O176: 41150.937 | P176: 0 | Q176: 202.16836 | R176: 203.15522 | S176: ASPAC
A177: Ajay Kumar | B177: CAP0027805 | D177: ajay kumar | E177: ak70910 | F177: ICG_Tech | G177: ICG_Tech ASPAC | H177: ASPAC - CMT - Walters,Barbara | I177: ASPAC - CMT - Terala, Rajender | J177: VPR13082JP-ICG-DEV/UAT to Singapore Relocation | K177: Storage Request - SAN | L177: Open | M177: Pre-Design Approval | N177: bf36309;cp30221;ds76190;jd03131;km96569;mb88090;mp96590;tb60866; | O177: 41347.083 | P177: 1 | Q177: 6.0224074 | R177: 6.2251042 | S177: ASPAC
A178: Pankaj Musale | B178: CAP0024419 | D178: jerome d'souza | E178: jd40577 | F178: ICG_Tech | G178: ICG_Tech Citi Markets Technology | H178: ICG_Tech_CMT - G10 Global Rates | I178: GMT - Kim,Joo | J178: VPR5009 AP-CTI-Netbackup Arcserve Migration | K178: Risk Reduction | L178: Open | M178: Final P&L Approval | N178: ep42429;gm12984;mj87031; | O178: 41235.02 | P178: 0 | Q178: 118.08487 | R178: 200.83122 | S178: ASPAC
A179: Ravindra Tarte | B179: CAP0024679 | D179: gajanan sawant | E179: gs64508 | F179: CTI | G179: CTI Global Technology Operations | H179: Global Security Operations | I179: Information Assurance Services - IAS | J179: BAU-TEMP SPACE | K179: Storage Request - SAN | L179: Open | M179: CTI Approval | N179: ac94164;jn62051;js45746;ks14775;md46033;pr72496;rb71989;rs81295;ss84555;sy25911;ta19710;vv58942; | O179: 41277.635 | P179: 3 | Q179: 75.469977 | R179: 186.75301 | S179: ASPAC
A180: Gajanan Sawant | B180: CAP0026051 | D180: jerome d'souza | E180: jd40577 | F180: CTI | G180: CTI Global Technology Operations | H180: Global Security Operations | I180: Information Assurance Services - IAS | J180: WS11381115 IN-HP/UX Migration | K180: Service Enhancement | L180: Open | M180: Post-CTI Approval | N180: ac94164;ah74163;bb56255;bj19907;bm58431;hm04981;jn62051;js45746;kl24810;kn92290;md46033;mj18591;mt06736;pm23510;rv56747;sl78306;sn37291;sy25911;tk49291;vw67949;wk63775;zw73585; | O180: 41339.025 | P180: 0 | Q180: 14.079907 | R180: 112.73 | S180: ASPAC
A181: Softenger Mss Ameer Sulthan | B181: CAP0025908 | D181: softenger mss ameer sulthan | E181: ma51691 | F181: CTI | G181: CTI Global Technology Operations | H181: Global Voice Operations | I181: Global Voice Operations | J181: WS6657383 - IN-GCG-BANGALORE BRANCHES RELOCATION | K181: Infrastructure | L181: Open | M181: CTI Approval | N181: gs64508;mk81769; | O181: 41298.82 | P181: 5 | Q181: 54.285301 | R181: 124.65727 | S181: ASPAC
A182: Abraham Albert | B182: CAP0027310 | D182: pankaj musale | E182: aa15085 | F182: CTI | G182: CTI Operations - Regional | H182: CTI Asia Pacific | I182: CTI Asia Pacific | J182: NRFLOW Disk Upgrade | K182: Storage Request - SAN | L182: Open | M182: CTI Approval | N182: ac94164;jn62051;js45746;ks14775;md46033;pr72496;rb71989;rs81295;ss84555;sy25911;ta19710;vv58942; | O182: 41340.364 | P182: 3 | Q182: 12.740567 | R182: 31.966678 | S182: ASPAC
A183: Abraham Albert | B183: CAP0027650 | D183: softenger mss ameer sulthan | E183: aa15085 | F183: CTI | G183: CTI Operations - Regional | H183: CTI Asia Pacific | I183: CTI Asia Pacific | J183: Talisma Campaign Disk Addition | K183: Storage Request - SAN | L183: Open | M183: CTI Approval | N183: ac94164;jn62051;js45746;ks14775;md46033;pr72496;rb71989;rs81295;ss84555;sy25911;ta19710;vv58942; | O183: 41341.312 | P183: 3 | Q183: 11.793137 | R183: 13.695046 | S183: ASPAC
A184: Sharavanan Apk | B184: CAP0027806 | D184: sharavanan apk | E184: aa15085 | F184: CTI | G184: CTI Operations - Regional | H184: CTI Operations | I184: CTI - Global Technology Operations | J184: LinQ Additional Storage | K184: Storage Request - SAN | L184: Open | M184: SA Approval | N184: aa15085;ba63611;br38785;kj22845;kr99697;ma51691;mm86250;pd75594;pm57752;rt83142;sg87941;sg99875;sk62018;sm19852;ss54082;vg98624; | O184: 41347.087 | P184: 1 | Q184: 6.0176157 | R184: 6.1945949 | S184: ASPAC
A185: Jagadeshwaran Kanniyappan | B185: CAP0025789 | D185: jagadeshwaran kanniyappan | E185: jk77958 | F185: CTI | G185: CTI Global Technology Operations | H185: Global Security Operations | I185: Information Assurance Services - IAS | J185: WS7760321 AP-CC-Payments APPS Capacity Increase | K185: Storage Request - SAN | L185: Open | M185: CTI Approval | N185: ac94164;jn62051;js45746;ks14775;md46033;pr72496;rb71989;rs81295;ss84555;sy25911;ta19710;vv58942; | O185: 41261.56 | P185: 3 | Q185: 91.545127 | R185: 132.87716 | S185: ASPAC
... A210: Selvakumar Ponraj | B210: CAP0027012 | D210: Bala | E210: bk08369 | F210: CTO | G210: GFTS | H210: CTS Compliance Technology Services | I210: CTS - Goh,Sok Kim | J210: VPR5487 - AP-GDC-Oracle 11G Database for AML | K210: Storage Request - SAN | L210: Open | M210: CTI Approval | N210: ac94164;jn62051;js45746;ks14775;md46033;pr72496;rb71989;rs81295;ss84555;sy25911;ta19710;vv58942; | O210: 41320.446 | P210: 3 | Q210: 32.658924 | R210: 49.202419 | S210: ASPAC
A211: Ramasamy Ashokan | B211: CAP0027165 | D211: Jeanette Suamen | E211: js79581 | F211: CTI | G211: CTI Global Data Center Services | H211: Distributed Systems | I211: Unix | J211: BAU | K211: Storage Request - SAN | L211: Open | M211: Post-CTI Approval | O211: 41340.232 | P211: 0 | Q211: 12.872824 | R211: 40.901377 | S211: ASPAC
A212: Pavankumar Medasani | B212: CAP0027313 | D212: Bala | E212: bk08369 | F212: CTO | G212: GFTS | H212: GFI GFTS International | I212: GFI - Akao,Yukitoshi | J212: AP-GDC-Oracle 11g Upgrade - NSS | K212: Storage Request - SAN | L212: Open | M212: CTI Approval | N212: ac94164;jn62051;js45746;ks14775;md46033;pr72496;rb71989;rs81295;ss84555;sy25911;ta19710;vv58942; | O212: 41346.379 | P212: 3 | Q212: 6.7258565 | R212: 29.894965 | S212: ASPAC
A213: Raghuveer Raghuveer | B213: CAP0027562 | D213: Raghuveer Raghuveer | E213: rr89073 | F213: ICG_Tech | G213: ICG_Tech Citi Markets Technology | H213: ICG_Tech_CMT - Equities & Equity Middle Office | I213: Global Equities - Lingard,Richard | J213: WS7476145 AP-ICG-Cfore HW rollout | K213: Storage Request - SAN | L213: Open | M213: Submitter Approval | N213: rr89073; | O213: 41334.239 | P213: 0 | Q213: 18.865868 | R213: 18.865868 | S213: ASPAC
A214: Bala Chandra Kasturi | B214: CAP0027675 | D214: Bala | E214: bk08369 | F214: ICG_Tech | G214: ICG_Tech ASPAC | H214: ASPAC - CMT - Morgan,Patrick | I214: ASPAC-CMT-Morgan,Patrick | J214: VPR5487 - AP-GDC-Oracle 11G_GRBBC | K214: Storage Request - SAN | L214: Open | M214: Pre-Design Approval | N214: bf36309;cp30221;ds76190;jd03131;km96569;mb88090;mp96590;tb60866; | O214: 41340.126 | P214: 1 | Q214: 12.978819 | R214: 12.984097 | S214: ASPAC
A215: Selvakumar Ponraj | B215: CAP0027710 | D215: selva | E215: ps26891 | F215: GCG | G215: Asia Pacific | H215: Hong Kong | I215: Cheung, Luen Kiu Keith | J215: Aperture CSI : 161191 - Eclipse - South East Asia | K215: Storage Request - SAN | L215: Open | M215: CTI Approval | N215: ac94164;jn62051;js45746;ks14775;md46033;pr72496;rb71989;rs81295;ss84555;sy25911;ta19710;vv58942; | O215: 41347.279 | P215: 3 | Q215: 5.8259954 | R215: 9.1683565 | S215: ASPAC
A216: Rahul Ravindra Jain | B216: CAP0027713 | D216: Rahul Ravindra Jain | E216: rj22898 | F216: ICG_Tech | G216: ICG_Tech GTS Tech Treasury and Trade Services | H216: TTS - Man, Eric | I216: TTS - Man, Eric | J216: ICG-AP-TIBCO Servers Tech Refreshment | K216: Infrastructure | L216: Open | M216: Pre-Design Approval | N216: rs28691;ww84651; | O216: 41344.242 | P216: 1 | Q216: 8.8627894 | R216: 8.9538079 | S216: ASPAC
A217: Rahul Ravindra Jain | B217: CAP0027717 | D217: Rahul Ravindra Jain | E217: rj22898 | F217: GCG | G217: Asia Pacific | H217: Asia Regional Technology | I217: Hari, Sridhar | J217: GCG-TH-3D Secure Implementation | K217: No Servers - Memory/CPU Upgrade | L217: Open | M217: SA Approval | N217: cj03460;pn94609;rj22898;rr89073;sn37291; | O217: 41346.027 | P217: 1 | Q217: 7.0782407 | R217: 8.8440972 | S217: ASPAC
A218: Selvakumar Ponraj | B218: CAP0027807 | D218: selva | E218: ps26891 | F218: GCG | G218: Asia Pacific | H218: Hong Kong | I218: Cheung, Luen Kiu Keith | J218: A-0009804 Project ABC Fraud Analytics | K218: No Servers - Memory/CPU Upgrade | L218: Open | M218: CTI Approval | N218: ac94164;ah74163;bb56255;bj19907;bm58431;hm04981;jn62051;js45746;kl24810;kn92290;md46033;mj18591;mt06736;pm23510;rv56747;sl78306;sn37291;sy25911;tk49291;vw67949;wk63775;zw73585; | O218: 41347.399 | P218: 5 | Q218: 5.7056019 | R218: 6.1672569 | S218: ASPAC
A219: Rahul Ravindra Jain | B219: CAP0027810 | D219: Rahul Ravindra Jain | E219: rj22898 | F219: GCG | G219: Asia Pacific | H219: Asia Regional Technology | I219: Hari, Sridhar | J219: GCG-TH-3D Secure Implementation | K219: Storage Request - SAN | L219: Open | M219: Submitter Approval | N219: rj22898; | O219: 41347.014 | P219: 0 | Q219: 6.0906481 | R219: 6.0906481 | S219: ASPAC
A220: Selvakumar Ponraj | B220: CAP0027811 | D220: Selva | E220: ps26891 | F220: CTI | G220: CTI Global Technology Operations | H220: Global Security Operations | I220: Information Assurance Services - IAS | J220: WS7740355 MY-GCG-Fraud Analytic COE Setup | K220: Storage Request - SAN | L220: Open | M220: CTI Approval | N220: ac94164;jn62051;js45746;ks14775;md46033;pr72496;rb71989;rs81295;ss84555;sy25911;ta19710;vv58942; | O220: 41347.401 | P220: 3 | Q220: 5.7035069 | R220: 6.0568866 | S220: ASPAC
A221: Selvakumar Ponraj | B221: CAP0027909 | D221: selva | E221: ps26891 | F221: CTI | G221: CTI Global Data Center Services | H221: Storage & Backup | I221: Storage & Backup | J221: VPR7113 Japan SIP - Program requirements | K221: Infrastructure | L221: Open | M221: Pre-Design Approval | N221: bo83516;da20304;dg58174;nw05330;pb17916;sk29560;sk72161;tr08801; | O221: 41352.984 | P221: 1 | Q221: 0.12077546 | R221: 0.14956019 | S221: ASPAC
A222: Benedict Sesuraj | B222: CAP0024228 | D222: sanjay kumar yerra | E222: sy47395 | F222: CTI | G222: CTI Global Technology Operations | H222: Global Security Operations | I222: Information Assurance Services - IAS | J222: GTO-SG/HK-Desktop Optimization | K222: VMWare | L222: Open | M222: SA Approval | N222: gm04165;jc18965;pr93204;rs21491; | O222: 41141.935 | P222: 0 | Q222: 211.16961 | R222: 211.21718 | S222: ASPAC
A223: Gunalan Subramaniam | B223: CAP0024367 | D223: jagadeshwaran kanniyappan | E223: jk77958 | F223: CTO | G223: GFTS | H223: GFI GFTS International | I223: GFI - Choi,Ann Kit Bing | J223: _x000D_ _x000D_ CTO-IN-RBI Regulatory Reporting | K223: VMWare | L223: Open | M223: Submitter Approval | N223: jk77958; | O223: 41149.922 | P223: 0 | Q223: 203.18284 | R223: 203.18284 | S223: ASPAC
... A235: Clement Rybin Nedumpilly | B235: CAP0027836 | D235: Rybin Nedumpilly, Clement | E235: cr88488 | F235: CTI | G235: CTI Operations - Regional | H235: CTI Asia Pacific | I235: CTI Asia Pacific | J235: BAU | K235: Storage Request - SAN | L235: Open | M235: SA Approval | N235: ac79862;as10698;as73076;bm19381;bm58431;bm72511;cc79996;cr88488;gs12896;hs00000;jj85273;jk77958;mg57831;ms93426;mv20974;nn17475;pr35722;ps06581;ps21776;rr89353;sa12573;sa43442;sb69727;si95190;sj52191;ss16044;ss41724;st12574;yl10131; | O235: 41348.171 | P235: 1 | Q235: 4.9342361 | R235: 4.9516435 | S235: ASPAC
A236: Jason Popp | B236: CAP0027593 | C236: =IF(ISERROR(VLOOKUP(B236,'120313'!B:C,2,FALSE)),"new",VLOOKUP(B236,'120313'!B:C,2,FALSE)) -> new | D236: larry cruz | E236: lc11268 | F236: Corp_Bus | G236: O&T Risk Mgmt & Compliance | H236: O&T Risk Mgmt & Compliance | I236: O&T Risk Mgmt & Compliance | J236: GIDA ISAW Repositories | K236: Storage Request - NAS | L236: Open | M236: Submitter Approval | N236: lc11268; | O236: 41336.861 | P236: 0 | Q236: 16.244236 | R236: 16.244236 | S236: EMEA
A237: Dhammika Singappuli | B237: CAP0025379 | C237: =IF(ISERROR(VLOOKUP(B237,'120313'!B:C,2,FALSE)),"new",VLOOKUP(B237,'120313'!B:C,2,FALSE)) -> new | D237: srinivasarao thella | E237: mc98347 | F237: CTO | G237: GFTS | H237: CTS Compliance Technology Services | I237: CTS - Capewell,Paul | J237: NAS Storage for BMC Servers_EMEA | K237: Storage Request - NAS | L237: Open | M237: Post-CTI Approval | N237: cb81537;jp49700;sc48342;tg76015;wp92684; | O237: 41212.718 | P237: 0 | Q237: 140.38737 | R237: 154.18051 | S237: EMEA
A238: Brent Wisun | B238: CAP0025142 | C238: =IF(ISERROR(VLOOKUP(B238,'120313'!B:C,2,FALSE)),"new",VLOOKUP(B238,'120313'!B:C,2,FALSE)) -> new | D238: cecilio alvarado | E238: bw03051 | F238: CTI | G238: CTI Global Data Center Services | H238: Distributed Systems | I238: Virtual Grid - Cloud | J238: VMware Infrastructure - Turkey | K238: VM Cluster / ESX Server | L238: Open | M238: Post-CTI Approval | N238: ;bw03051;rb64420; | O238: 41198.275 | P238: 0 | Q238: 154.82959 | R238: 165.74965 | S238: EMEA
A239: Brent Wisun | B239: CAP0025231 | C239: =IF(ISERROR(VLOOKUP(B239,'120313'!B:C,2,FALSE)),"new",VLOOKUP(B239,'120313'!B:C,2,FALSE)) -> unable to post-design approve. Issue identified . Email sent to requestor (11/03/13) | D239: cecilio alvarado | E239: bw03051 | F239: CTI | G239: CTI Global Data Center Services | H239: Distributed Systems | I239: Virtual Grid - Cloud | J239: VMware Infrastructure - RDC LVM Add-on | K239: VM Cluster / ESX Server | L239: Open | M239: Post-CTI Approval | N239: ac01184;aj97754;ao08490;ar15618;ar91297;cm24199;cw68238;dc91175;dw58880;hd57144;jm29650;kv13183;mc28504;nc29967;sm28519;tw00629; | O239: 41270.39 | P239: 0 | Q239: 82.714687 | R239: 160.75267 | S239: EMEA
A240: Brent Wisun | B240: CAP0027662 | C240: =IF(ISERROR(VLOOKUP(B240,'120313'!B:C,2,FALSE)),"new",VLOOKUP(B240,'120313'!B:C,2,FALSE)) -> new | D240: cecilio alvarado | E240: bw03051 | F240: CTI | G240: CTI Global Data Center Services | H240: Distributed Systems | I240: Virtual Grid - Cloud | J240: VMware Infrastructure - Switzerland | K240: VM Cluster / ESX Server | L240: Open | M240: CDA Review Approval | N240: al82275;cw83204;db35844;dm08510;gb08667;ib00850;js83092;kd58478;lh92887;pm30353;pr19193;rc41183;rn12277;so29687;sp91217;sw60288;vp98606; | O240: 41340.472 | P240: 1 | Q240: 12.633032 | R240: 13.514861 | S240: EMEA
A241: Krzysztof Stachowiak | B241: CAP0027739 | C241: =IF(ISERROR(VLOOKUP(B241,'120313'!B:C,2,FALSE)),"new",VLOOKUP(B241,'120313'!B:C,2,FALSE)) -> new | D241: fariborz zahedi | E241: sd37642 | F241: ICG_Tech | G241: ICG_Tech Citi Markets Technology | H241: ICG_Tech_CMT - Equities & Equity Middle Office | I241: Global Equities - Sood, Vishal | J241: EQ FUNCTIONAL QA EMEA WINTEL 1 | K241: VMWare | L241: Open | M241: CSI Application Approval | N241: CSI->App Manager | O241: 41345.544 | P241: 0 | Q241: 7.5609375 | R241: 8.4308333 | S241: EMEA
A242: Juan Cortes | B242: CAP0025361 | C242: =IF(ISERROR(VLOOKUP(B242,'120313'!B:C,2,FALSE)),"new",VLOOKUP(B242,'120313'!B:C,2,FALSE)) -> new | D242: william biesel | E242: jc37171 | F242: CTI | G242: CTI Global Data Center Services | H242: Engineering - Integration | I242: Engineering - Integration | J242: TADDM Implementation - EMEA | K242: Infrastructure | L242: Open | M242: CDA Review Approval | N242: al82275;al86330;ct30785;cw83204;db35844;dm08510;gb08667;ib00850;js83092;jy63294;kd58478;lh92887;mn44548;pm30353;pr19193;rc41183;rn12277;sb68588;so29687;sp91217;sw60288;vp98606; | O242: 41262.124 | P242: 1 | Q242: 90.981238 | R242: 154.73118 | S242: EMEA
A243: Daniel Roedema | B243: CAP0026301 | C243: =IF(ISERROR(VLOOKUP(B243,'120313'!B:C,2,FALSE)),"new",VLOOKUP(B243,'120313'!B:C,2,FALSE)) -> new | D243: demonte brown | E243: db89128 | F243: CTO | G243: CATE | H243: CATE | I243: CCC - Venkatachalam,Guruvayurappan | J243: Microsoft Lync 2010 - EMEA | K243: Infrastructure | L243: Open | M243: Open | P243: 0 | R243: 102.49237 | S243: EMEA
A244: Daniel Roedema | B244: CAP0026562 | C244: =IF(ISERROR(VLOOKUP(B244,'120313'!B:C,2,FALSE)),"new",VLOOKUP(B244,'120313'!B:C,2,FALSE)) -> new | D244: demonte brown | E244: db89128 | F244: CTO | G244: CATE | H244: CATE | I244: CCC - Venkatachalam,Guruvayurappan | J244: Microsoft Lync 2010 - EMEA VMs | K244: VMWare | L244: Hold | M244: CTI Approval | N244: ag36981;ah49348;am97531;an43463;ar55125;as64556;bh32026;bw03051;ct39258;dm49456;dr68847;gk22420;is60967;is6096; | O244: 41352.629 | P244: 1 | Q244: 0.47571759 | R244: 76.052396 | S244: EMEA
A245: Des Gibbons | B245: CAP0026829 | C245: =IF(ISERROR(VLOOKUP(B245,'120313'!B:C,2,FALSE)),"new",VLOOKUP(B245,'120313'!B:C,2,FALSE)) -> new | D245: des gibbons | E245: dg10152 | F245: CTI | G245: CTI Global Technology Operations | H245: Global Voice Operations | I245: Global Voice Operations | J245: AVM DC Infrastructure EMEA | K245: Infrastructure | L245: Open | M245: CDA Review Approval | N245: al82275;al86330;ct30785;cw83204;db35844;dm08510;gb08667;ib00850;js83092;jy63294;kd58478;lh92887;mn44548;pm30353;pr19193;rc41183;rn12277;sb68588;so29687;sp91217;sw60288;vp98606; | O245: 41296.424 | P245: 1 | Q245: 56.681354 | R245: 60.816806 | S245: EMEA
A246: Michal Janik | B246: CAP0027722 | C246: =IF(ISERROR(VLOOKUP(B246,'120313'!B:C,2,FALSE)),"new",VLOOKUP(B246,'120313'!B:C,2,FALSE)) -> new | D246: janusz jakubiak | E246: bg91373 | F246: CTI | G246: CTI Global Technology Operations | H246: Global Voice Operations | I246: Global Voice Operations | J246: ICM upgrade, UAT servers/WS9312383 | K246: Infrastructure | L246: Open | M246: CDA Review Approval | N246: al82275;cw83204;db35844;dm08510;gb08667;ib00850;js83092;kd58478;lh92887;pm30353;pr19193;rc41183;rn12277;so29687;sp91217;sw60288;vp98606; | O246: 41345.203 | P246: 1 | Q246: 7.9022338 | R246: 8.6625116 | S246: EMEA
A247: Michal Janik | B247: CAP0027735 | C247: =IF(ISERROR(VLOOKUP(B247,'120313'!B:C,2,FALSE)),"new",VLOOKUP(B247,'120313'!B:C,2,FALSE)) -> new | D247: mark hoy | E247: bg91373 | F247: CTI | G247: CTI Global Technology Operations | H247: Global Voice Operations | I247: Global Voice Operations | J247: ICM upgrade, UAT servers WS9312383 VMware_x000D_ | K247: VMWare | L247: Open | M247: CTI Approval | N247: ag36981;ah49348;am97531;an43463;ar55125;as64556;bh32026;bw03051;ct39258;dm49456;dr68847;gk22420;is60967;is6096; | O247: 41351.435 | P247: 1 | Q247: 1.6703009 | R247: 8.4551157 | S247: EMEA
A248: Conor Starrs | B248: CAP0023142 | C248: =IF(ISERROR(VLOOKUP(B248,'120313'!B:C,2,FALSE)),"new",VLOOKUP(B248,'120313'!B:C,2,FALSE)) -> new | D248: conor starrs | E248: cs62752 | F248: ICG_Tech | G248: ICG_Tech GTS Tech Treasury and Trade Services | H248: TTS - Limb,Elliott | I248: TTS - Limb,Elliott | J248: Orbiflow SQL Server 2005 EOL Upgrade | K248: Infrastructure | L248: Open | M248: Final P&L Approval | N248: ac33575;aw82876;cc10261;ep42429;gm12984;hb92818;mb69558;rs66314;sr04747; | O248: 41352.36 | P248: 0 | Q248: 0.7446875 | R248: 273.70883 | S248: EMEA
A249: Walter Mcbride | B249: CAP0026444 | C249: =IF(ISERROR(VLOOKUP(B249,'120313'!B:C,2,FALSE)),"new",VLOOKUP(B249,'120313'!B:C,2,FALSE)) -> pre-design approved | D249: nagaraj selvaraj | E249: sn11453 | F249: ICG_Tech | G249: ICG_Tech GTS Tech Securities and Fund Services | H249: SFS - Bishop, Ellen | I249: SFS - Bishop, Ellen | J249: SFS/ONYX_Autorek | K249: Infrastructure | L249: Open | M249: CDA Review Approval | N249: al82275;cw83204;db35844;dm08510;gb08667;ib00850;js83092;kd58478;lh92887;pm30353;pr19193;rc41183;rn12277;so29687;sp91217;sw60288;vp98606; | O249: 41274.164 | P249: 1 | Q249: 78.940787 | R249: 91.962326 | S249: EMEA
A250: Walter Mcbride | B250: CAP0026544 | C250: =IF(ISERROR(VLOOKUP(B250,'120313'!B:C,2,FALSE)),"new",VLOOKUP(B250,'120313'!B:C,2,FALSE)) -> pre-design approved - not reserved in SS | D250: walter mcbride | E250: wm48647 | F250: ICG_Tech | G250: ICG_Tech GTS Tech Securities and Fund Services | H250: SFS - Bishop, Ellen | I250: SFS - Bishop, Ellen | J250: SFS/ONYX TALISMAN PHYSICAL | K250: Infrastructure | L250: Open | M250: CDA Review Approval | N250: al82275;cw83204;db35844;dm08510;gb08667;ib00850;js83092;kd58478;lh92887;pm30353;pr19193;rc41183;rn12277;so29687;sp91217;sw60288;vp98606; | O250: 41292.23 | P250: 1 | Q250: 60.875162 | R250: 81.837836 | S250: EMEA
...

Sheet 120313
A1: SA Name | B1: Capacity ID | D1: Requestor | E1: Submitter | F1: Business Sector | G1: Business Group | H1: Business Line | I1: Business | J1: Project Name | K1: Type of Request | L1: Status | M1: Current Phase | N1: In Queue of | O1: Inque Start Time | P1: SLA Days | Q1: Time in Queue | R1: Overall Request Time | S1: Region
A2: Jason Popp | B2: CAP0027594 | D2: larry cruz | E2: lc11268 | F2: Corp_Bus | G2: O&T Risk Mgmt & Compliance | H2: O&T Risk Mgmt & Compliance | I2: O&T Risk Mgmt & Compliance | J2: GIDA ISAW Repositories | K2: Storage Request - NAS | L2: Open | M2: Submitter Approval | N2: lc11268; | O2: 41336.862 | P2: 0 | Q2: 8.2426968 | R2: 8.2426968 | S2: ASPAC
A3: Sanjeev Kumar Singh Tomar | B3: CAP0026965 | D3: shafayet hossain | E3: sh61970 | F3: ICG_Tech | G3: ICG_Tech ASPAC | H3: ASPAC - In-Country Tech - Chan, Ying Man | I3: ASPAC - CMT - Chan, Ying Man | J3: BAU | K3: VMWare | L3: Open | M3: Pre-Design Approval | N3: cp30221;ds76190;jd03131;km96569;mb88090;mp96590;tb60866; | O3: 41301.293 | P3: 1 | Q3: 43.811667 | R3: 43.811667 | S3: ASPAC
A4: Yu On Venkie Lee | B4: CAP0024673 | D4: yu on venkie lee | E4: yl77858 | F4: CTI | G4: CTI Global Technology Operations | H4: Global Security Operations | I4: Information Assurance Services - IAS | J4: VPR13510 2N Restoration | K4: Storage Request - SAN | L4: Open | M4: Submitter Approval | N4: yl77858; | O4: 41165.929 | P4: 0 | Q4: 179.17562 | R4: 179.17562 | S4: ASPAC
A5: Srinivasarao Thella | B5: CAP0025378 | D5: srinivasarao thella | E5: mc98347 | F5: ICG_Tech | G5: ICG_Tech GTS Tech Treasury and Trade Services | H5: TTS - Man, Eric | I5: TTS - Man, Eric | J5: NAS Storage for BMC Servers_ASPAC | K5: Storage Request - NAS | L5: Open | M5: CTI Approval | O5: 41253.127 | P5: 3 | Q5: 91.977465 | R5: 146.18449 | S5: ASPAC
A6: Daniel Roedema | B6: CAP0026357 | D6: demonte brown | E6: db89128 | F6: CTO | G6: CATE | H6: CATE | I6: CCC - Venkatachalam,Guruvayurappan | J6: Microsoft Lync 2010 - ASPAC | K6: Infrastructure | L6: Open | M6: CTI Approval | N6: ac94164;jn62051;js45746;ks14775;md46033;pr72496;rb71989;rs81295;ss84555;sy25911;ta19710;vv58942; | O6: 41261.355 | P6: 5 | Q6: 83.749248 | R6: 89.045417 | S6: ASPAC
A7: Balasubramanian Pichumani | B7: CAP0025037 | D7: Ba;asubramanian Pichumani | E7: bp23017 | F7: GCG | G7: Asia Pacific | H7: Global Consumer Bank, Japan | I7: Global Consumer Bank, Japan | J7: BAU | K7: Storage Request - SAN | L7: Open | M7: Submitter Approval | N7: bp23017; | O7: 41184.248 | P7: 0 | Q7: 160.85605 | R7: 160.85605 | S7: ASPAC
A8: Gowtham Ganesan | B8: CAP0024076 | D8: Gowtham Ganesan | E8: gg18915 | F8: CTI | G8: CTI Global Technology Operations | H8: Global Security Operations | I8: Information Assurance Services - IAS | J8: SSH Tectia Apps servers Migration | K8: Storage Request - SAN | L8: Open | M8: Open | P8: 0 | R8: 211.065 | S8: ASPAC
A9: Haresh Gandhi | B9: CAP0024249 | D9: balasubramanian pichumani | E9: gg18915 | F9: ICG_Tech | G9: ICG_Tech GTS Tech Treasury and Trade Services | H9: TTS - Man, Eric | I9: TTS - Man, Eric | J9: BAU | K9: Storage Request - SAN | L9: Open | M9: Final P&L Approval | N9: ep42429;gm12984;mj87031; | O9: 41183.368 | P9: 0 | Q9: 161.73661 | R9: 201.95627 | S9: ASPAC
A10: Vallinayakam Kamaleswaran | B10: CAP0024302 | D10: kamal | E10: vk63388 | F10: CTI | G10: CTI Global Technology Operations | H10: Global Security Operations | I10: Information Assurance Services - IAS | J10: BAU | K10: Storage Request - SAN | L10: Open | M10: Submitter Approval | N10: vk63388; | O10: 41145.069 | P10: 0 | Q10: 200.03597 | R10: 200.03597 | S10: ASPAC
A11: Matheswaran Ponnusamy | B11: CAP0024904 | D11: matheswaran ponnusamy | E11: mp59890 | F11: CTI | G11: CTI Global Technology Operations | H11: Global Security Operations | I11: Information Assurance Services - IAS | J11: WS10607705 | K11: Storage Request - SAN | L11: Open | M11: Submitter Approval | N11: mp59890; | O11: 41178.254 | P11: 0 | Q11: 166.85029 | R11: 166.85029 | S11: ASPAC
A12: Sreenivasan Asariparambil | B12: CAP0024968 | D12: Sreenivasan Asariparambil | E12: sa54951 | F12: GCG | G12: Asia Pacific | H12: India | I12: Moorthy,Sandesh Krishna | J12: AP-GCG-CIP Implementation | K12: Infrastructure | L12: Open | M12: Submitter Approval | N12: sa54951; | O12: 41180.077 | P12: 0 | Q12: 165.02791 | R12: 165.02791 | S12: ASPAC
A13: Vallinayakam Kamaleswaran | B13: CAP0025623 | D13: Kamlaeswaran Vallinayakam | E13: vk63388 | F13: CTO | G13: GFTS | H13: CTS Compliance Technology Services | I13: CTS - Goh,Sok Kim | J13: WS6013097 Global-CC-CitiKYC Unification Setup | K13: Storage Request - SAN | L13: Open | M13: Submitter Approval | N13: vk63388; | O13: 41212.104 | P13: 0 | Q13: 133.00046 | R13: 133.00046 | S13: ASPAC
A14: Siju Vellam Podichintavida | B14: CAP0025763 | D14: Butthaka Watthanakanjana | E14: bw99927 | F14: ICG_Tech | G14: ICG_Tech ASPAC | H14: ASPAC - CMT - Agarwal,Himanshu | I14: ASPAC- CMT - Agarwal,Himanshu | J14: BAU | K14: Storage Request - SAN | L14: Open | M14: P&L Approval | N14: cp30221;ds76190;jd03131;km96569;mb88090;mp96590;tb60866; | O14: 41319.962 | P14: 0 | Q14: 25.14213 | R14: 125.84291 | S14: ASPAC
A15: Kir Kip Lee | B15: CAP0025965 | D15: jagan | E15: jg53431 | F15: GCG | G15: Asia Pacific | H15: Indonesia | I15: Tantawi,Tuti | J15: WS9877984 DW Restoration | K15: Storage Request - SAN | L15: Open | M15: SA Approval | N15: ad33421;ag50732;ag95697;ak40444;ak47115;ak61266;al43710;al84347;ap51564;bp95974;br92748;cs72181;da39257;dc58786;dl95319;gg49465;gm65034;hg04219;jg53431;js47378;kl29887;kt23776;kw95563;ky38902;ms50752;ms73098;pm46702;pp83002;ps26891;pt97482;ra05079;rb0940 | O15: 41234.125 | P15: 1 | Q15: 110.97988 | R15: 111.95307 | S15: ASPAC
A16: Rajesh Balu | B16: CAP0026005 | D16: Rajesh Balu | E16: rb09400 | F16: GCG | G16: Asia Pacific | H16: India | I16: Moorthy,Sandesh Krishna | J16: VPR15816 GCG Digital Money Infrastructure Services | K16: AIX | L16: Open | M16: Submitter Approval | N16: rb09400; | O16: 41235.284 | P16: 0 | Q16: 109.8208 | R16: 109.8208 | S16: ASPAC
A17: Rajesh Balu | B17: CAP0026030 | D17: rajesh balu | E17: rb09400 | F17: ICG_Tech | G17: ICG_Tech Citi Markets Technology | H17: ICG_Tech_CMT - G10 Global Rates | I17: GMT - Kim,Joo | J17: WS6547157 | K17: AIX | L17: Open | M17: Submitter Approval | N17: rb09400; | O17: 41238.987 | P17: 0 | Q17: 106.11767 | R17: 106.11767 | S17: ASPAC
A18: Rajesh Balu | B18: CAP0026032 | D18: Rajesh Balu | E18: rb09400 | F18: ICG_Tech | G18: ICG_Tech GTS Tech Treasury and Trade Services | H18: TTS - Man, Eric | I18: TTS - Man, Eric | J18: WS6547157 | K18: No Servers - Memory/CPU Upgrade | L18: Open | M18: Submitter Approval | N18: rb09400; | O18: 41239.177 | P18: 0 | Q18: 105.9274 | R18: 105.9274 | S18: ASPAC
A19: Sujeesh Thovarayi | B19: CAP0026523 | D19: thomas mathias | E19: tm81308 | F19: GCG | G19: Asia Pacific | H19: Singapore | I19: Ong,Kim Boon | J19: BAU | K19: Storage Request - SAN | L19: Open | M19: Post-CTI Approval | N19: ak47115;ok18455;st90388; | O19: 41289.985 | P19: 0 | Q19: 55.119502 | R19: 75.927766 | S19: ASPAC
A20: Kir Kip Lee | B20: CAP0026565 | D20: kir kip lee | E20: kl29887 | F20: ICG_Tech | G20: ICG_Tech GTS Tech Treasury and Trade Services | H20: TTS - Man, Eric | I20: TTS - Man, Eric | J20: WS8014030 - ICG-AP-Trims Reporting | K20: AIX | L20: Open | M20: Pre-Design Approval | N20: ds56427;jl36031;mw02822;ob41451;rd13550;rs28691;sk73093;tl35537; | O20: 41277.958 | P20: 1 | Q20: 67.146782 | R20: 67.921852 | S20: ASPAC
... A23: Rajaramesh Alluri | B23: CAP0026635 | D23: Sreelal Kunnummal Sreedharan | E23: ra05079 | F23: ICG_Tech | G23: ICG_Tech GTS Tech Treasury and Trade Services | H23: TTS - Man, Eric | I23: TTS - Man, Eric | J23: WS6547157 | K23: Storage Request - SAN | L23: Open | M23: CTI Approval | N23: ac94164;jn62051;js45746;ks14775;md46033;pr72496;rb71989;rs81295;ss84555;sy25911;ta19710;vv58942; | O23: 41341.386 | P23: 3 | Q23: 3.718044 | R23: 63.145914 | S23: ASPAC
A24: Gineesh Madapparambath | B24: CAP0026735 | D24: albert cerullo | E24: Gineesh Madapparambath (gm65034)_x000D_ _x000D_ ( orginally raised by : ac33575) | F24: ICG_Tech | G24: ICG_Tech Private Bank - Personal Wealth Management | H24: GWM - Global Banker Technologies | I24: GWM - Global Banker Technologies | J24: WS13042967-ICG-AP-CPB-InView Attivio | K24: Infrastructure | L24: Open | M24: Open | P24: 0 | R24: 56.555775 | S24: ASPAC
A25: Venkateswara Rao Munagapati | B25: CAP0026841 | D25: Venkates | E25: vm24623 | F25: GCG | G25: Asia Pacific | H25: Global Consumer Bank, Japan | I25: Global Consumer Bank, Japan | J25: VPR9302 - JP-CC-SHARED DOCUMENTUM ENV MIGRATION | K25: Storage Request - SAN | L25: Open | M25: Pre-Design Approval | N25: bo83516;db35844;es45096;ky38902;pb17916;rc07154;rl57190;rv56747;sn37291; | O25: 41296.016 | P25: 1 | Q25: 49.088785 | R25: 51.207072 | S25: ASPAC
A26: Kir Kip Lee | B26: CAP0026856 | D26: kir kip lee | E26: kl29887 | F26: GCG | G26: Asia Pacific | H26: Global Consumer Bank, Japan | I26: Global Consumer Bank, Japan | J26: VPR5487 AP-GDC-Oracle 11G Database Server Upgrade | K26: Storage Request - SAN | L26: Open | M26: Pre-Design Approval | N26: bo83516;db35844;es45096;ky38902;pb17916;rc07154;rl57190;rv56747;sn37291; | O26: 41302.22 | P26: 1 | Q26: 42.884838 | R26: 48.986806 | S26: ASPAC
A27: Thomas Mathias | B27: CAP0027065 | D27: thomas mathias | E27: tm81308 | F27: GCG | G27: Asia Pacific | H27: Singapore | I27: Ong,Kim Boon | J27: BAU | K27: Storage Request - SAN | L27: Open | M27: Submitter Approval | N27: tm81308; | O27: 41306.069 | P27: 0 | Q27: 39.035058 | R27: 39.035058 | S27: ASPAC
A28: Thomas Mathias | B28: CAP0027068 | D28: thomas mathias | E28: tm81308 | F28: GCG | G28: Asia Pacific | H28: Singapore | I28: Ong,Kim Boon | J28: BAU | K28: Storage Request - SAN | L28: Open | M28: CTI Approval | N28: ac94164;jn62051;js45746;ks14775;md46033;pr72496;rb71989;rs81295;ss84555;sy25911;ta19710;vv58942; | O28: 41341.342 | P28: 3 | Q28: 3.7626273 | R28: 39.015637 | S28: ASPAC
A29: Deepan Chakkaravarthi | B29: CAP0027159 | D29: Deepan | E29: dc58786 | F29: CTO | G29: GFTS | H29: CTS Compliance Technology Services | I29: CTS - Goh,Sok Kim | J29: WS13211340 eCADD GTS Production Support | K29: Storage Request - SAN | L29: Open | M29: Final P&L Approval | N29: ep42429;gm12984;mj87031; | O29: 41344.699 | P29: 0 | Q29: 0.40559028 | R29: 33.192049 | S29: ASPAC
A30: Siju Vellam Podichintavida | B30: CAP0027246 | D30: sivakumar ganesan | E30: pp32252 | F30: GCG | G30: Cross Function | H30: CTO | I30: Mukundan, Bobby | J30: BAU | K30: Storage Request - SAN | L30: Open | M30: CTI Approval | N30: ac94164;jn62051;js45746;ks14775;md46033;pr72496;rb71989;rs81295;ss84555;sy25911;ta19710;vv58942; | O30: 41341.341 | P30: 3 | Q30: 3.7634954 | R30: 26.905613 | S30: ASPAC
A31: Kir Kip Lee | B31: CAP0027349 | D31: kir kip lee | E31: kl29887 | F31: CTO | G31: GFTS | H31: GFI GFTS International | I31: GFI - Akao,Yukitoshi | J31: VPR5487 AP-GDC-Oracle 11G Database | K31: Storage Request - SAN | L31: Open | M31: CTI Approval | N31: ac94164;jn62051;js45746;ks14775;md46033;pr72496;rb71989;rs81295;ss84555;sy25911;ta19710;vv58942; | O31: 41331.399 | P31: 3 | Q31: 13.705405 | R31: 19.993241 | S31: ASPAC
A32: Siju Vellam Podichintavida | B32: CAP0027410 | D32: praveen | E32: pp32252 | F32: ICG_Tech | G32: ICG_Tech GTS Tech Treasury and Trade Services | H32: TTS - Man, Eric | I32: TTS - Man, Eric | J32: BAU | K32: Storage Request - SAN | L32: Open | M32: SA Approval | N32: ak47115;ap52431;kl63712;rf63383;sv68762; | O32: 41334.065 | P32: 1 | Q32: 11.038993 | R32: 18.180312 | S32: ASPAC
A33: Sreelal Kunnummal Sreedharan | B33: CAP0027460 | D33: sreelal kunnummal sreedharan | E33: sk78401 | F33: GCG | G33: Asia Pacific | H33: India | I33: Moorthy,Sandesh Krishna | J33: DMIS- VPR15816 | K33: Storage Request - SAN | L33: Open | M33: Submitter Approval | N33: sk78401; | O33: 41330.062 | P33: 0 | Q33: 15.042685 | R33: 15.042685 | S33: ASPAC
A34: Deepan Chakkaravarthi | B34: CAP0027516 | D34: Deepan | E34: dc58786 | F34: GCG | G34: Asia Pacific | H34: Asia Regional Technology | I34: Hari, Sridhar | J34: WS9980079 GCG-AP-Global Tablet Implementation | K34: No Servers - Memory/CPU Upgrade | L34: Open | M34: CTI Approval | N34: ac94164;ah74163;bb56255;bj19907;bm58431;hm04981;jn62051;js45746;kl24810;kn92290;md46033;mj18591;mt06736;pm23510;rv56747;sl78306;sn37291;sy25911;tk49291;vw67949;wk63775;zw73585; | O34: 41337.318 | P34: 5 | Q34: 7.7866319 | R34: 13.145312 | S34: ASPAC
A35: Deepan Chakkaravarthi | B35: CAP0027517 | D35: Deepan | E35: dc58786 | F35: GCG | G35: Asia Pacific | H35: Korea, Republic of | I35: Lee,Gi Young | J35: WS9980079 GCG-AP-Global Tablet Implementation | K35: Storage Request - SAN | L35: Open | M35: Submitter Approval | N35: dc58786; | O35: 41331.97 | P35: 0 | Q35: 13.134317 | R35: 13.134317 | S35: ASPAC
A36: Deepan Chakkaravarthi | B36: CAP0027518 | D36: Deepan | E36: dc58786 | F36: GCG | G36: Asia Pacific | H36: Global Consumer Bank, Japan | I36: Global Consumer Bank, Japan | J36: VPR9302 - JP-CC-SHARED DOCUMENTUM ENV MIGRATION | K36: Storage Request - SAN | L36: Open | M36: Submitter Approval | N36: dc58786; | O36: 41332.077 | P36: 0 | Q36: 13.027951 | R36: 13.027951 | S36: ASPAC
... A73: Sanjay Kumar | B73: CAP0025443 | D73: sanjay kumar | E73: sk14668 | F73: ICG_Tech | G73: ICG_Tech GTS Tech Treasury and Trade Services | H73: TTS - Man, Eric | I73: TTS - Man, Eric | J73: WS7760321 | K73: Storage Request - SAN | L73: Open | M73: Submitter Approval | N73: sk14668; | O73: 41200.983 | P73: 0 | Q73: 144.12184 | R73: 144.12184 | S73: ASPAC
A74: Siju Vellam Podichintavida | B74: CAP0025754 | D74: senthilkumar kumaraswamy | E74: sk77284 | F74: GCG | G74: Global Product Development | H74: Global Product Development | I74: Cards - International | J74: BAU | K74: Storage Request - SAN | L74: Open | M74: Open | P74: 0 | R74: 126.14766 | S74: ASPAC
A75: Siju Vellam Podichintavida | B75: CAP0025802 | D75: umesh sonwane | E75: us51691 | F75: ICG_Tech | G75: ICG_Tech GTS Tech Treasury and Trade Services | H75: TTS - Man, Eric | I75: TTS - Man, Eric | J75: BAU | K75: Storage Request - SAN | L75: Open | M75: Pre-Design Approval | N75: ds56427;jl36031;mw02822;ob41451;rd13550;rs28691;sk73093;tl35537; | O75: 41220.979 | P75: 1 | Q75: 124.1255 | R75: 124.17565 | S75: ASPAC
A76: Siju Vellam Podichintavida | B76: CAP0026010 | D76: ka ho leung | E76: kl63712 | F76: CTI | G76: CTI Global Technology Operations | H76: Global Security Operations | I76: Information Assurance Services - IAS | J76: BAU | K76: Storage Request - SAN | L76: Open | M76: Submitter Approval | N76: kl63712; | O76: 41236.012 | P76: 0 | Q76: 109.09201 | R76: 109.09201 | S76: ASPAC
A77: Siju Vellam Podichintavida | B77: CAP0026649 | D77: ka tak randy ho | E77: kh92063 | F77: ICG_Tech | G77: ICG_Tech GTS Tech Treasury and Trade Services | H77: TTS - Man, Eric | I77: TTS - Man, Eric | J77: WS6271692 & WS6273608 | K77: No Servers - Memory/CPU Upgrade | L77: Open | M77: Pre-Design Approval | N77: ds56427;jl36031;mw02822;ob41451;rd13550;rs28691;sk73093;tl35537; | O77: 41283.986 | P77: 1 | Q77: 61.11897 | R77: 62.04338 | S77: ASPAC
A78: Siju Vellam Podichintavida | B78: CAP0026679 | D78: kee loong simon yap | E78: ky51621 | F78: GCG | G78: Asia Pacific | H78: Asia Regional Technology | I78: Hari, Sridhar | J78: BAU | K78: Storage Request - SAN | L78: Open | M78: Pre-Design Approval | N78: bo83516;db35844;es45096;ky38902;pb17916;rc07154;rl57190;rv56747;sn37291; | O78: 41284.165 | P78: 1 | Q78: 60.939005 | R78: 61.131991 | S78: ASPAC
A79: Siju Vellam Podichintavida | B79: CAP0026826 | D79: kee loong simon yap | E79: ky51621 | F79: ICG_Tech | G79: ICG_Tech ASPAC | H79: ASPAC - Kandall,Michael | I79: ASPAC - Kandall,Michael | J79: BAU | K79: Storage Request - SAN | L79: Open | M79: Pre-Design Approval | N79: cp30221;ds76190;jd03131;km96569;mb88090;mp96590;tb60866; | O79: 41292.177 | P79: 1 | Q79: 52.927222 | R79: 52.932778 | S79: ASPAC
A80: Siju Vellam Podichintavida | B80: CAP0026882 | D80: umesh sonwane | E80: us51691 | F80: ICG_Tech | G80: ICG_Tech GTS Tech Treasury and Trade Services | H80: TTS - Man, Eric | I80: TTS - Man, Eric | J80: BAU | K80: Storage Request - SAN | L80: Open | M80: Submitter Approval | N80: us51691; | O80: 41297.218 | P80: 0 | Q80: 47.886285 | R80: 47.886285 | S80: ASPAC
A81: Siju Vellam Podichintavida | B81: CAP0026908 | D81: umesh sonwane | E81: us51691 | F81: ICG_Tech | G81: ICG_Tech ASPAC | H81: ASPAC - In-Country Tech - Chan, Ying Man | I81: ASPAC - CMT - Chan, Ying Man | J81: BAU | K81: Storage Request - SAN | L81: Open | M81: Pre-Design Approval | N81: cp30221;ds76190;jd03131;km96569;mb88090;mp96590;tb60866; | O81: 41298.04 | P81: 1 | Q81: 47.064086 | R81: 47.112269 | S81: ASPAC
A82: Siju Vellam Podichintavida | B82: CAP0026910 | D82: umesh sonwane | E82: us51691 | F82: ICG_Tech | G82: ICG_Tech ASPAC | H82: ASPAC - In-Country Tech - Chan, Ying Man | I82: ASPAC - CMT - Chan, Ying Man | J82: BAU | K82: Storage Request - SAN | L82: Open | M82: Pre-Design Approval | N82: cp30221;ds76190;jd03131;km96569;mb88090;mp96590;tb60866; | O82: 41298.085 | P82: 1 | Q82: 47.01934 | R82: 47.041586 | S82: ASPAC
A83: Thomas Mathias | B83: CAP0026969 | D83: thomas mathias | E83: tm81308 | F83: GCG | G83: EMEA | H83: Middle East Cluster | I83: Egypt - Ben Makhlouf, Slah | J83: BAU | K83: Storage Request - SAN | L83: Open | M83: Submitter Approval | N83: tm81308; | O83: 41302.101 | P83: 0 | Q83: 43.003067 | R83: 43.003067 | S83: ASPAC
A84: Rajesh Balu | B84: CAP0026991 | D84: Suresh Makkan | E84: sm09402 | F84: GCG | G84: Asia Pacific | H84: Singapore | I84: Ong,Kim Boon | J84: VPR3691 | K84: Storage Request - SAN | L84: Open | M84: CTI Approval | N84: ac94164;jn62051;js45746;ks14775;md46033;pr72496;rb71989;rs81295;ss84555;sy25911;ta19710;vv58942; | O84: 41313.325 | P84: 3 | Q84: 31.779942 | R84: 41.996262 | S84: ASPAC
A85: Rajesh Balu | B85: CAP0027037 | D85: albert cerullo | E85: rb09400 | F85: ICG_Tech | G85: ICG_Tech Private Bank - Personal Wealth Management | H85: GWM - Asia Technology | I85: GWM - Asia Technology | J85: VPR3691 SUN to AIX Migration | K85: AIX | L85: Open | M85: Post-CTI Approval | N85: ac94164;jn62051;js45746;ks14775;md46033;pr72496;rb71989;rs81295;ss84555;sy25911;ta19710;vv58942; | O85: 41344.001 | P85: 0 | Q85: 1.10375 | R85: 39.977106 | S85: ASPAC
A86: Siju Vellam Podichintavida | B86: CAP0027071 | D86: praveen | E86: sv68762 | F86: ICG_Tech | G86: ICG_Tech GTS Tech Treasury and Trade Services | H86: TTS - Man, Eric | I86: TTS - Man, Eric | J86: BAU | K86: Storage Request - SAN | L86: Open | M86: SA Approval | N86: ak47115;ap52431;hg04219;ky38902;rf63383;sv68762; | O86: 41306.258 | P86: 1 | Q86: 38.846539 | R86: 38.858056 | S86: ASPAC
... A88: Sujeesh Thovarayi | B88: CAP0027162 | D88: Muthukumar Sivagnanam | E88: ms34622 | F88: CTI | G88: CTI Global Technology Operations | H88: Global Security Operations | I88: Host & App Security Infrastructure - HASI | J88: BAU | K88: AIX | L88: Open | M88: CTI Approval | N88: ac94164;ah74163;bb56255;bj19907;bm58431;hm04981;jn62051;js45746;kl24810;kn92290;md46033;mj18591;mt06736;pm23510;rv56747;sl78306;sn37291;sy25911;tk49291;vw67949;wk63775;zw73585; | O88: 41312.331 | P88: 5 | Q88: 32.773391 | R88: 33.11941 | S88: ASPAC
A89: Sujeesh Thovarayi | B89: CAP0027163 | D89: =H89/33 -> #VALUE! | E89: ms34622 | F89: CTI | G89: CTI Operations - Regional | H89: CTI Asia Pacific | I89: CTI Asia Pacific | J89: BAU | K89: Storage Request - SAN | L89: Open | M89: CTI Approval | N89: ac94164;jn62051;js45746;ks14775;md46033;pr72496;rb71989;rs81295;ss84555;sy25911;ta19710;vv58942; | O89: 41312.347 | P89: 3 | Q89: 32.757407 | R89: 33.091748 | S89: ASPAC
A90: Rajesh Balu | B90: CAP0027178 | D90: albert cerullo | E90: sm09402 | F90: ICG_Tech | G90: ICG_Tech Private Bank - Personal Wealth Management | H90: GWM - Asia Technology | I90: GWM - Asia Technology | J90: VPR3691 SUN to AIX Migration | K90: AIX | L90: Open | M90: Pre-Design Approval | N90: ac33575;mb69558;mo77554; | O90: 41317.987 | P90: 1 | Q90: 27.117697 | R90: 31.942951 | S90: ASPAC
A91: Rajesh Balu | B91: CAP0027245 | D91: Sureshmakkan | E91: sm09402 | F91: ICG_Tech | G91: ICG_Tech Private Bank - Personal Wealth Management | H91: GWM - Asia Technology | I91: GWM - Asia Technology | J91: VPR3691 SUN to AIX Migration | K91: Storage Request - SAN | L91: Open | M91: Submitter Approval | N91: sm09402; | O91: 41318.198 | P91: 0 | Q91: 26.906794 | R91: 26.906794 | S91: ASPAC
A92: Suresh Makkan | B92: CAP0027324 | D92: albert cerullo | E92: vp75140 | F92: ICG_Tech | G92: ICG_Tech Private Bank - Personal Wealth Management | H92: GWM - Asia Technology | I92: GWM - Asia Technology | J92: CPB ASPAC SAN BAU1_2013 | K92: Storage Request - SAN | L92: Open | M92: CTI Approval | N92: ac94164;jn62051;js45746;ks14775;md46033;pr72496;rb71989;rs81295;ss84555;sy25911;ta19710;vv58942; | O92: 41343.983 | P92: 3 | Q92: 1.1216898 | R92: 21.042373 | S92: ASPAC
A93: Siju Vellam Podichintavida | B93: CAP0027377 | D93: praveen | E93: pp32252 | F93: ICG_Tech | G93: ICG_Tech GTS Tech Treasury and Trade Services | H93: TTS - Man, Eric | I93: TTS - Man, Eric | J93: BAU | K93: Storage Request - SAN | L93: Open | M93: CTI Approval | N93: ac94164;jn62051;js45746;ks14775;md46033;pr72496;rb71989;rs81295;ss84555;sy25911;ta19710;vv58942; | O93: 41344.48 | P93: 3 | Q93: 0.62407407 | R93: 19.120718 | S93: ASPAC
A94: Siju Vellam Podichintavida | B94: CAP0027409 | D94: sivakumar ganesan | E94: sg10633 | F94: ICG_Tech | G94: ICG_Tech ASPAC | H94: ASPAC - CMT - Morgan,Patrick | I94: ASPAC-CMT-Morgan,Patrick | J94: BAU | K94: Storage Request - SAN | L94: Open | M94: Pre-Design Approval | N94: cp30221;ds76190;jd03131;km96569;mb88090;mp96590;tb60866; | O94: 41326.933 | P94: 1 | Q94: 18.171597 | R94: 18.188588 | S94: ASPAC
A95: Siju Vellam Podichintavida | B95: CAP0027415 | D95: Sahil Gupta | E95: sg05736 | F95: ICG_Tech | G95: ICG_Tech GTS Tech Treasury and Trade Services | H95: TTS - Man, Eric | I95: TTS - Man, Eric | J95: WS12002085 ICG-AP-EMBS DASD Increase estimated | K95: Storage Request - SAN | L95: Open | M95: Pre-Design Approval | N95: rs28691;ww84651; | O95: 41331.22 | P95: 1 | Q95: 13.88441 | R95: 17.91478 | S95: ASPAC
A96: Siju Vellam Podichintavida | B96: CAP0027459 | D96: kee loong simon yap | E96: ky51621 | F96: ICG_Tech | G96: ICG_Tech GTS Tech Treasury and Trade Services | H96: TTS - Man, Eric | I96: TTS - Man, Eric | J96: WS13845985-WS13643935-WS13818091 | K96: Storage Request - SAN | L96: Open | M96: SA Approval | N96: ak47115; | O96: 41330.118 | P96: 1 | Q96: 14.98691 | R96: 15.052755 | S96: ASPAC
A97: Prakash Dayalan | B97: CAP0027489 | D97: Quiapo, Angelie Manansala [CCC-OT_IT] | E97: pd17033 | F97: CTI | G97: CTI Operations - Regional | H97: CTI Asia Pacific | I97: CTI Asia Pacific | J97: Provision On Demand-VPR3691 | K97: Storage Request - SAN | L97: Open | M97: Submitter Approval | N97: aq66851;pd17033; | O97: 41331.174 | P97: 0 | Q97: 13.93 | R97: 13.93 | S97: ASPAC
A98: Angelie Quiapo | B98: CAP0027561 | D98: Hall, Ian | E98: aq66851 | F98: CTI | G98: CTI Operations - Regional | H98: CTI EMEA | I98: CTI - EMEA | J98: BAU | K98: Storage Request - SAN | L98: Open | M98: CTI Approval | N98: ac94164;jn62051;js45746;ks14775;md46033;pr72496;rb71989;rs81295;ss84555;sy25911;ta19710;vv58942; | O98: 41338.337 | P98: 3 | Q98: 6.7671412 | R98: 10.879039 | S98: ASPAC
A99: Thomas Mathias | B99: CAP0027597 | D99: thomas mathias | E99: tm81308 | F99: GCG | G99: Asia Pacific | H99: Singapore | I99: Ong,Kim Boon | J99: BAU | K99: Storage Request - SAN | L99: Open | M99: Submitter Approval | N99: tm81308; | O99: 41337.226 | P99: 0 | Q99: 7.8781944 | R99: 7.8781944 | S99: ASPAC
A100: Jayaraman A | B100: CAP0025843 | D100: sivakumar r | E100: sr12555 | F100: GCG | G100: Global Product Development | H100: Global Product Development | I100: Cards - International | J100: WS9475656-GDC-IN-GCG & CFI Server Optimization | K100: Cost Reduction | L100: Hold | M100: CTI Approval | N100: ac94164;ah74163;bb56255;bj19907;bm58431;hm04981;jn62051;js45746;kl24810;kn92290;md46033;mj18591;mt06736;pm23510;rv56747;sl78306;sn37291;sy25911;tk49291;vw67949;wk63775;zw73585; | O100: 41235.098 | P100: 5 | Q100: 110.00691 | R100: 120.02104 | S100: ASPAC
A101: Thilak Vijay Kumar R | B101: CAP0026654 | D101: madhan kumar | E101: mk81769 | F101: CTI | G101: CTI Operations - Regional | H101: CTI Asia Pacific | I101: CTI Asia Pacific | J101: BAU | K101: Storage Request - SAN | L101: Open | M101: CTI Approval | N101: ac94164;jn62051;js45746;ks14775;md46033;pr72496;rb71989;rs81295;ss84555;sy25911;ta19710;vv58942; | O101: 41291.318 | P101: 3 | Q101: 53.78625 | R101: 61.747106 | S101: ASPAC
... A115: Ramasamy Ashokan | B115: CAP0027239 | D115: Jeanette Suamen | E115: js79581 | F115: CTI | G115: CTI Global Data Center Services | H115: Distributed Systems | I115: Unix | J115: BAU | K115: Storage Request - SAN | L115: Open | M115: CTI Approval | N115: ac94164;jn62051;js45746;ks14775;md46033;pr72496;rb71989;rs81295;ss84555;sy25911;ta19710;vv58942; | O115: 41324.365 | P115: 3 | Q115: 20.739572 | R115: 27.040822 | S115: ASPAC
A116: Ramasamy Ashokan | B116: CAP0027596 | D116: ramasamy.ashokan | E116: ra95253 | F116: CTI | G116: CTI Global Data Center Services | H116: Distributed Systems | I116: Unix | J116: BAU | K116: Storage Request - SAN | L116: Open | M116: Post-CTI Approval | O116: 41338.156 | P116: 0 | Q116: 6.9483102 | R116: 8.0151852 | S116: ASPAC
A117: Lampinen, John | B117: CAP0025846 | D117: ashish goyal | E117: ag29915 | F117: GCG | G117: Global Product Development | H117: Global Product Development | I117: Cards - International | J117: GC V1 (storage | K117: Storage Request - SAN | L117: Open | M117: Pre-Design Approval | N117: bo83516;es45096;ke63942;pb17916;pm46702;rc07154;rl57190;sp10283; | O117: 41227.094 | P117: 1 | Q117: 118.01075 | R117: 119.98736 | S117: ASPAC
A118: Lampinen, John | B118: CAP0026231 | D118: Lavika Zellary | E118: lz42300 | F118: GCG | G118: Global Product Development | H118: Global Product Development | I118: Cards - International | J118: G2C V1 | K118: Storage Request - DASD Mainframe | L118: Open | M118: Submitter Approval | N118: lz42300; | O118: 41248.214 | P118: 0 | Q118: 96.890706 | R118: 96.890706 | S118: ASPAC
A119: Lampinen, John | B119: CAP0026232 | D119: lavika zellary | E119: LZ42300 | F119: GCG | G119: Global Product Development | H119: Global Product Development | I119: Cards - International | J119: G2C V1 | K119: Storage Request - DASD Mainframe | L119: Open | M119: Submitter Approval | N119: lz42300;LZ42300; | O119: 41248.219 | P119: 0 | Q119: 96.885822 | R119: 96.885822 | S119: ASPAC
A120: Lampinen, John | B120: CAP0026262 | D120: lavika zellary | E120: lz42300 | F120: GCG | G120: Global Product Development | H120: Global Product Development | I120: Cards - International | J120: G2C V1 | K120: Storage Request - DASD Mainframe | L120: Open | M120: Submitter Approval | N120: lz42300; | O120: 41249.055 | P120: 0 | Q120: 96.049757 | R120: 96.049757 | S120: ASPAC
A121: Lampinen, John | B121: CAP0026264 | D121: lavika zellary | E121: lz42300 | F121: GCG | G121: Global Product Development | H121: Global Product Development | I121: Cards - International | J121: GC V1 (storage | K121: Storage Request - DASD Mainframe | L121: Open | M121: Submitter Approval | N121: lz42300; | O121: 41249.068 | P121: 0 | Q121: 96.036169 | R121: 96.036169 | S121: ASPAC
A122: Lampinen, John | B122: CAP0026265 | D122: lavika zellary | E122: lz42300 | F122: GCG | G122: Global Product Development | H122: Global Product Development | I122: Cards - International | J122: 11201 | K122: Storage Request - DASD Mainframe | L122: Open | M122: Submitter Approval | N122: lz42300; | O122: 41249.073 | P122: 0 | Q122: 96.031782 | R122: 96.031782 | S122: ASPAC
A123: Lampinen, John | B123: CAP0026266 | D123: lavika zellary | E123: lz42300 | F123: GCG | G123: Global Product Development | H123: Global Product Development | I123: Cards - International | J123: G2C V1 | K123: Storage Request - DASD Mainframe | L123: Open | M123: Submitter Approval | N123: lz42300; | O123: 41249.076 | P123: 0 | Q123: 96.028044 | R123: 96.028044 | S123: ASPAC
A124: Lampinen, John | B124: CAP0027537 | D124: Jason Reyes Henson | E124: jh68627 | F124: CTI | G124: CTI Global Technology Operations | H124: Global Security Operations | I124: Information Assurance Services - IAS | J124: Add Space in MY Control-D CIT2 | K124: Storage Request - DASD Mainframe | L124: Open | M124: Submitter Approval | N124: jh68627; | O124: 41333.083 | P124: 0 | Q124: 12.02162 | R124: 12.02162 | S124: ASPAC
A125: Lampinen, John | B125: CAP0027714 | D125: edil norman mosuela | E125: em86939 | F125: CTI | G125: CTI Operations - Regional | H125: CTI Asia Pacific | I125: CTI Asia Pacific | J125: BAU | K125: Storage Request - DASD Mainframe | L125: Open | M125: Submitter Approval | N125: em86939; | O125: 41344.196 | P125: 0 | Q125: 0.90885417 | R125: 0.90885417 | S125: ASPAC
A126: Hon Khiong Yong | B126: CAP0026329 | D126: chong wei ang | E126: ca35376 | F126: ICG_Tech | G126: ICG_Tech Citi Markets Technology | H126: ICG_Tech_CMT - G10 Global Rates | I126: GMT - Kim,Joo | J126: Netbackup Media servers | K126: Cost Reduction | L126: Open | M126: Submitter Approval | N126: ca35376; | O126: 41254.079 | P126: 0 | Q126: 91.025382 | R126: 91.025382 | S126: ASPAC
A127: Bala Chandra Kasturi | B127: CAP0027487 | D127: Bala | E127: bk08369 | F127: GCG | G127: Asia Pacific | H127: Global Consumer Bank, Japan | I127: Global Consumer Bank, Japan | J127: VPR5487 Oracle 11g Upgrade CitiOption | K127: Storage Request - SAN | L127: Open | M127: CTI Approval | N127: ac94164;jn62051;js45746;ks14775;md46033;pr72496;rb71989;rs81295;ss84555;sy25911;ta19710;vv58942; | O127: 41341.34 | P127: 3 | Q127: 3.764294 | R127: 14.009155 | S127: ASPAC
A128: Bala Chandra Kasturi | B128: CAP0027491 | D128: Bala | E128: bk08369 | F128: GCG | G128: Asia Pacific | H128: Singapore | I128: Yohannan,Rajesh | J128: GCG-AP-CBOL Network HSM & MQ Clustering | K128: Storage Request - SAN | L128: Open | M128: Submitter Approval | N128: bk08369; | O128: 41331.186 | P128: 0 | Q128: 13.918738 | R128: 13.918738 | S128: ASPAC
... A139: Ramalingam Venkatessin | B139: CAP0025034 | D139: Palani KamalaKannan | E139: pk30433 | F139: ICG_Tech | G139: ICG_Tech GTS Tech Treasury and Trade Services | H139: TTS - Man, Eric | I139: TTS - Man, Eric | J139: WS8014030 - ICG-AP-Trims Reporting System | K139: Storage Request - SAN | L139: Open | M139: P&L Approval | N139: ds56427;jl36031;mw02822;ob41451;rd13550;rs28691;sk73093;tl35537; | O139: 41185.11 | P139: 0 | Q139: 159.9948 | R139: 161.00037 | S139: ASPAC
A140: Ramalingam Venkatessin | B140: CAP0025036 | D140: Palani KamalaKannan | E140: pk30433 | F140: ICG_Tech | G140: ICG_Tech GTS Tech Treasury and Trade Services | H140: TTS - Man, Eric | I140: TTS - Man, Eric | J140: WS8014030 - ICG-AP-Trims Reporting System | K140: AIX | L140: Open | M140: Open | P140: 0 | R140: 160.93758 | S140: ASPAC
A141: Christopher Johnson | B141: CAP0025186 | D141: Christopher Johnson | E141: cj03460 | F141: CTO | G141: GFTS | H141: CTS Compliance Technology Services | I141: CTS - Goh,Sok Kim | J141: Global-CC-CitiKYC Unification Setup | K141: Storage Request - SAN | L141: Open | M141: Submitter Approval | N141: cj03460; | O141: 41190.259 | P141: 0 | Q141: 154.84532 | R141: 154.84532 | S141: ASPAC
A142: Christopher Johnson | B142: CAP0025412 | D142: Shaik Masthan | E142: sm53895 | F142: CTO | G142: GFTS | H142: GFI GFTS International | I142: GFI - Akao,Yukitoshi | J142: CTO-SG/HK-DC - India RBI Regulatory Reporting | K142: AIX | L142: Open | M142: Submitter Approval | N142: sm53895; | O142: 41199.922 | P142: 0 | Q142: 145.18256 | R142: 145.18256 | S142: ASPAC
A143: Christopher Johnson | B143: CAP0026358 | D143: Srinivas Rao | E143: su52819 | F143: GCG | G143: EMEA | H143: ECT Cluster | I143: ECT - Qadir,Khurram | J143: VPR13154 - Genesis (CSI 164164) | K143: Storage Request - SAN | L143: Open | M143: CTI Approval | N143: ac94164;jn62051;js45746;ks14775;md46033;pr72496;rb71989;rs81295;ss84555;sy25911;ta19710;vv58942; | O143: 41257.24 | P143: 3 | Q143: 87.864387 | R143: 88.866273 | S143: ASPAC
A144: Ramalingam Venkatessin | B144: CAP0026522 | D144: jagan.gandreddy | E144: jg53431 | F144: GCG | G144: Asia Pacific | H144: India | I144: Moorthy,Sandesh Krishna | J144: AP-GCG-CIP Implementation | K144: Storage Request - SAN | L144: Open | M144: Submitter Approval | N144: jg53431; | O144: 41269.116 | P144: 0 | Q144: 75.988449 | R144: 75.988449 | S144: ASPAC
A145: Rajesh Natarajan | B145: CAP0026603 | D145: Manavalan | E145: mg03456 | F145: GCG | G145: Asia Pacific | H145: China | I145: Tan,Kongweng | J145: VPR7113 North Asia Rainbow | K145: Storage Request - SAN | L145: Open | M145: Pre-Design Approval | N145: bo83516;db35844;es45096;jf70821;ky38902;pb17916;rc07154;rl57190;rv56747;sn37291; | O145: 41281.138 | P145: 1 | Q145: 63.96647 | R145: 63.997766 | S145: ASPAC
A146: Selvakumar Ponraj | B146: CAP0026843 | D146: Selva | E146: bk08369 | F146: ICG_Tech | G146: ICG_Tech GTS Tech Treasury and Trade Services | H146: TTS - Fabian,Eduard | I146: TTS - Fabian,Eduard | J146: VPR5487-AP-GDC-Oracle 11g Upgrade | K146: Storage Request - SAN | L146: Open | M146: P&L Approval | N146: jl35973;jl36031;mw02822;ob41451;rd13550;rs28691;sk73093;tl35537; | O146: 41313.209 | P146: 0 | Q146: 31.895093 | R146: 50.168565 | S146: ASPAC
A147: Deenadayalan Manickam | B147: CAP0026972 | D147: Deenadayalan Manickam | E147: dm96604 | F147: GCG | G147: Global Product Development | H147: Global Product Development | I147: eBusiness Deployment | J147: WS10461981 | K147: No Servers - Memory/CPU Upgrade | L147: Open | M147: Post-CTI Approval | N147: ac94164;ah74163;bb56255;bj19907;bm58431;hm04981;jn62051;js45746;kl24810;kn92290;md46033;mj18591;mt06736;pm23510;rv56747;sl78306;sn37291;sy25911;tk49291;vw67949;wk63775;zw73585; | O147: 41324.212 | P147: 0 | Q147: 20.892269 | R147: 42.990394 | S147: ASPAC
A148: Deenadayalan Manickam | B148: CAP0026976 | D148: Deenadayalan Manickam | E148: dm96604 | F148: GCG | G148: Global Product Development | H148: Global Product Development | I148: eBusiness Deployment | J148: WS10461981 | K148: Storage Request - SAN | L148: Open | M148: Pre-Design Approval | N148: bo83516;es45096;ke63942;pb17916;pm46702;rc07154;rl57190;sp10283; | O148: 41309.014 | P148: 1 | Q148: 36.090174 | R148: 42.897569 | S148: ASPAC
A149: Karthikeyan Baburaj | B149: CAP0027133 | D149: Karthikeyan.Baburaj | E149: kb80323 | F149: ICG_Tech | G149: ICG_Tech Citi Markets Technology | H149: ICG_Tech_CMT - Equities & Equity Middle Office | I149: Global Equities - Christie,Matt | J149: WS9587737 | K149: Storage Request - SAN | L149: Open | M149: Pre-Design Approval | N149: cp30221;ds76190;jd03131;km96569;mb88090;mp96590;tb60866; | O149: 41311.171 | P149: 1 | Q149: 33.933692 | R149: 33.992778 | S149: ASPAC
A150: Janakiraman Santhanam | B150: CAP0027235 | D150: Janakiraman Santhanam | E150: js47378 | F150: CTI | G150: CTI Global Data Center Services | H150: Storage & Backup | I150: Storage & Backup | J150: AP-GDC-zlinux Workload Migration | K150: Storage Request - SAN | L150: Open | M150: Submitter Approval | N150: js47378; | O150: 41317.934 | P150: 0 | Q150: 27.170949 | R150: 27.170949 | S150: ASPAC
A151: Janakiraman Santhanam | B151: CAP0027237 | D151: Janakiraman Santhanam | E151: js47378 | F151: CTI | G151: CTI Global Data Center Services | H151: Engineering - Integration | I151: Engineering - Integration | J151: AP-GDC-zlinux Workload Migration | K151: No Servers - Memory/CPU Upgrade | L151: Open | M151: Submitter Approval | N151: js47378; | O151: 41318.018 | P151: 0 | Q151: 27.08662 | R151: 27.08662 | S151: ASPAC
A152: Christopher Johnson | B152: CAP0027348 | D152: christopher johnson | E152: cj03460 | F152: CTO | G152: GFTS | H152: CTS Compliance Technology Services | I152: CTS - Goh,Sok Kim | J152: WS6013097 Global-CC-CitiKYC Unification Setup | K152: Storage Request - SAN | L152: Open | M152: Submitter Approval | N152: cj03460; | O152: 41325.106 | P152: 0 | Q152: 19.998079 | R152: 19.998079 | S152: ASPAC
... A170: Mark Chen | B170: CAP0024834 | D170: rick chen | E170: rc96755 | F170: CTI | G170: CTI Global Technology Operations | H170: Global Security Operations | I170: Information Assurance Services - IAS | J170: NA | K170: Service Enhancement | L170: Open | M170: Submitter Approval | N170: rc96755; | O170: 41173.154 | P170: 0 | Q170: 171.95016 | R170: 171.95016 | S170: ASPAC
A171: Mark Chen | B171: CAP0025351 | D171: rick chen | E171: rc96755 | F171: GCG | G171: Asia Pacific | H171: Taiwan | I171: Huang,James | J171: WS8379650GDC-TW-Wintel servers EOL Tech Refresh | L171: Open | M171: 3544 | N171: 132133 | O171: 41261.557 | P171: 0 | Q171: 83.547396 | R171: 147.17038 | S171: ASPAC
A172: Mark Chen | B172: CAP0025714 | D172: rick chen | E172: rc96755 | F172: CTI | G172: CTI Global Technology Operations | H172: Global Security Operations | I172: Information Assurance Services - IAS | J172: BAU | K172: 3564 | L172: e89,d9e | M172: Submitter Approval | N172: rc96755; | O172: 41215.107 | P172: 0 | Q172: 129.99733 | R172: 129.99733 | S172: ASPAC
A173: Mark Chen | B173: CAP0026135 | C173: CAP0024653 | D173: rick chen | E173: rc96755 | F173: GCG | G173: Asia Pacific | H173: Taiwan | I173: Huang,James | J173: NA | K173: Other (Describe Below) | L173: Open | M173: VDR Approval | N173: an89698;bm72511;cb34562;cc73457;ct39258;de93703;;gq81991;kc57616;kc5761; | O173: 41246.026 | P173: 0 | Q173: 99.078611 | R173: 102.25095 | S173: ASPAC
A174: Mark Chen | B174: CAP0026198 | D174: eric kao | E174: ek26390 | F174: GCG | G174: Asia Pacific | H174: Taiwan | I174: Huang,James | J174: N/A | K174: 3943 | L174: 521522523 | M174: VDR Approval | N174: an89698;bm72511;cb34562;cc73457;ct39258;de93703;;gq81991;kc57616;kc5761; | O174: 41247.956 | P174: 0 | Q174: 97.148368 | R174: 97.99934 | S174: ASPAC
A175: Mark Chen | B175: CAP0026269 | D175: rick chen | E175: rc96755 | F175: CTI | G175: CTI Global Technology Operations | H175: Global Security Operations | I175: Information Assurance Services - IAS | J175: TW VM new request | K175: VMWare | L175: Open | M175: Submitter Approval | N175: rc96755; | O175: 41249.184 | P175: 0 | Q175: 95.920104 | R175: 95.920104 | S175: ASPAC
A176: Mark Chen | B176: CAP0027617 | D176: rick chen | E176: rc96755 | F176: ICG_Tech | G176: ICG_Tech ASPAC | H176: ASPAC - In-Country Tech - Chan, Ying Man | I176: ASPAC - CMT - Chan, Ying Man | J176: NA | K176: VMWare | L176: Open | M176: P&L Approval | N176: bf36309;cp30221;ds76190;jd03131;km96569;mb88090;mp96590;tb60866; | O176: 41339.909 | P176: 0 | Q176: 5.1952083 | R176: 6.8829745 | S176: ASPAC
A177: Kevin Chang | B177: CAP0027644 | D177: kevin chang | E177: kc22634 | F177: ICG_Tech | G177: ICG_Tech ASPAC | H177: ASPAC - In-Country Tech - Chan, Ying Man | I177: ASPAC - CMT - Chan, Ying Man | J177: BAU | K177: VMWare | L177: Open | M177: P&L Approval | N177: bf36309;cp30221;ds76190;jd03131;km96569;mb88090;mp96590;tb60866; | O177: 41339.884 | P177: 0 | Q177: 5.2207523 | R177: 5.879456 | S177: ASPAC
A178: Ramalingam Venkatessin | B178: CAP0024529 | D178: zhen pan | E178: sp59305 | F178: CTI | G178: CTI Global Technology Operations | H178: Global Security Operations | I178: Information Assurance Services - IAS | J178: WS6691094 SG-CC-Asia | K178: Equipment Relocation | L178: Open | M178: SA Approval | N178: rv56747; | O178: 41190.923 | P178: 1 | Q178: 154.18186 | R178: 186.85181 | S178: ASPAC
A179: Vallinayakam Kamaleswaran | B179: CAP0024702 | D179: DGSRDFG | E179: nv25452 | F179: CTI | G179: CTI Global Technology Operations | H179: Global Security Operations | I179: Information Assurance Services - IAS | J179: WS7242988 | K179: Storage Request - SAN | L179: Open | M179: Submitter Approval | N179: rtrer;nv25452; | O179: 41169.02 | P179: 0 | Q179: 176.08459 | R179: 176.08459 | S179: ASPAC
...

Sheet 110313
A1: SA Name | B1: Capacity ID | D1: Requestor | E1: Submitter | F1: Business Sector | G1: Business Group | H1: Business Line | I1: Business | J1: Project Name | K1: Type of Request | L1: Status | M1: Current Phase | N1: In Queue of | O1: Inque Start Time | P1: SLA Days | Q1: Time in Queue | R1: Overall Request Time | S1: Region
A2: Jason Popp | B2: CAP0027594 | D2: larry cruz | E2: lc11268 | F2: Corp_Bus | G2: O&T Risk Mgmt & Compliance | H2: O&T Risk Mgmt & Compliance | I2: O&T Risk Mgmt & Compliance | J2: GIDA ISAW Repositories | K2: Storage Request - NAS | L2: Open | M2: Submitter Approval | N2: lc11268; | O2: 41336.862 | P2: 0 | Q2: 7.2426852 | R2: 7.2426852 | S2: ASPAC
A3: Sanjeev Kumar Singh Tomar | B3: CAP0026965 | D3: shafayet hossain | E3: sh61970 | F3: ICG_Tech | G3: ICG_Tech ASPAC | H3: ASPAC - In-Country Tech - Chan, Ying Man | I3: ASPAC - CMT - Chan, Ying Man | J3: BAU | K3: VMWare | L3: Open | M3: Pre-Design Approval | N3: cp30221;ds76190;jd03131;km96569;mb88090;mp96590;tb60866; | O3: 41301.293 | P3: 1 | Q3: 42.811655 | R3: 42.811655 | S3: ASPAC
A4: Yu On Venkie Lee | B4: CAP0024673 | D4: yu on venkie lee | E4: yl77858 | F4: CTI | G4: CTI Global Technology Operations | H4: Global Security Operations | I4: Information Assurance Services - IAS | J4: VPR13510 2N Restoration | K4: Storage Request - SAN | L4: Open | M4: Submitter Approval | N4: yl77858; | O4: 41165.929 | P4: 0 | Q4: 178.17561 | R4: 178.17561 | S4: ASPAC
A5: Kam Bong So | B5: CAP0025960 | D5: connie kwok | E5: ck12002 | F5: ICG_Tech | G5: ICG_Tech Citi Markets Technology | H5: ICG_Tech_CMT - G10 Global Rates | I5: GMT - Kim,Joo | J5: BAU | K5: Storage Request - SAN | L5: Open | M5: CTI Approval | N5: ac94164;jn62051;js45746;ks14775;md46033;pr72496;rb71989;rs81295;ss84555;sy25911;ta19710;vv58942; | O5: 41247.286 | P5: 3 | Q5: 96.817986 | R5: 111.1142 | S5: ASPAC
A6: Srinivasarao Thella | B6: CAP0025378 | D6: srinivasarao thella | E6: mc98347 | F6: ICG_Tech | G6: ICG_Tech GTS Tech Treasury and Trade Services | H6: TTS - Man, Eric | I6: TTS - Man, Eric | J6: NAS Storage for BMC Servers_ASPAC | K6: Storage Request - NAS | L6: Open | M6: CTI Approval | O6: 41253.127 | P6: 3 | Q6: 90.977454 | R6: 145.18448 | S6: ASPAC
A7: Daniel Roedema | B7: CAP0026357 | D7: demonte brown | E7: db89128 | F7: CTO | G7: CATE | H7: CATE | I7: CCC - Venkatachalam,Guruvayurappan | J7: Microsoft Lync 2010 - ASPAC | K7: Infrastructure | L7: Open | M7: CTI Approval | N7: ac94164;jn62051;js45746;ks14775;md46033;pr72496;rb71989;rs81295;ss84555;sy25911;ta19710;vv58942; | O7: 41261.355 | P7: 5 | Q7: 82.749236 | R7: 88.045405 | S7: ASPAC
A8: Balasubramanian Pichumani | B8: CAP0025037 | D8: Ba;asubramanian Pichumani | E8: bp23017 | F8: GCG | G8: Asia Pacific | H8: Global Consumer Bank, Japan | I8: Global Consumer Bank, Japan | J8: BAU | K8: Storage Request - SAN | L8: Open | M8: Submitter Approval | N8: bp23017; | O8: 41184.248 | P8: 0 | Q8: 159.85604 | R8: 159.85604 | S8: ASPAC
A9: Gowtham Ganesan | B9: CAP0024076 | D9: Gowtham Ganesan | E9: gg18915 | F9: CTI | G9: CTI Global Technology Operations | H9: Global Security Operations | I9: Information Assurance Services - IAS | J9: SSH Tectia Apps servers Migration | K9: Storage Request - SAN | L9: Open | M9: Open | P9: 0 | R9: 210.06499 | S9: ASPAC
A10: Haresh Gandhi | B10: CAP0024249 | D10: balasubramanian pichumani | E10: gg18915 | F10: ICG_Tech | G10: ICG_Tech GTS Tech Treasury and Trade Services | H10: TTS - Man, Eric | I10: TTS - Man, Eric | J10: BAU | K10: Storage Request - SAN | L10: Open | M10: Final P&L Approval | N10: ep42429;gm12984;mj87031; | O10: 41183.368 | P10: 0 | Q10: 160.7366 | R10: 200.95626 | S10: ASPAC
A11: Vallinayakam Kamaleswaran | B11: CAP0024302 | D11: kamal | E11: vk63388 | F11: CTI | G11: CTI Global Technology Operations | H11: Global Security Operations | I11: Information Assurance Services - IAS | J11: BAU | K11: Storage Request - SAN | L11: Open | M11: Submitter Approval | N11: vk63388; | O11: 41145.069 | P11: 0 | Q11: 199.03596 | R11: 199.03596 | S11: ASPAC
A12: Matheswaran Ponnusamy | B12: CAP0024904 | D12: matheswaran ponnusamy | E12: mp59890 | F12: CTI | G12: CTI Global Technology Operations | H12: Global Security Operations | I12: Information Assurance Services - IAS | J12: WS10607705 | K12: Storage Request - SAN | L12: Open | M12: Submitter Approval | N12: mp59890; | O12: 41178.254 | P12: 0 | Q12: 165.85028 | R12: 165.85028 | S12: ASPAC
A13: Sreenivasan Asariparambil | B13: CAP0024968 | D13: Sreenivasan Asariparambil | E13: sa54951 | F13: GCG | G13: Asia Pacific | H13: India | I13: Moorthy,Sandesh Krishna | J13: AP-GCG-CIP Implementation | K13: Infrastructure | L13: Open | M13: Submitter Approval | N13: sa54951; | O13: 41180.077 | P13: 0 | Q13: 164.02789 | R13: 164.02789 | S13: ASPAC
A14: Vallinayakam Kamaleswaran | B14: CAP0025623 | D14: Kamlaeswaran Vallinayakam | E14: vk63388 | F14: CTO | G14: GFTS | H14: CTS Compliance Technology Services | I14: CTS - Goh,Sok Kim | J14: WS6013097 Global-CC-CitiKYC Unification Setup | K14: Storage Request - SAN | L14: Open | M14: Submitter Approval | N14: vk63388; | O14: 41212.104 | P14: 0 | Q14: 132.00045 | R14: 132.00045 | S14: ASPAC
A15: Siju Vellam Podichintavida | B15: CAP0025763 | D15: Butthaka Watthanakanjana | E15: bw99927 | F15: ICG_Tech | G15: ICG_Tech ASPAC | H15: ASPAC - CMT - Agarwal,Himanshu | I15: ASPAC- CMT - Agarwal,Himanshu | J15: BAU | K15: Storage Request - SAN | L15: Open | M15: P&L Approval | N15: cp30221;ds76190;jd03131;km96569;mb88090;mp96590;tb60866; | O15: 41319.962 | P15: 0 | Q15: 24.142118 | R15: 124.84289 | S15: ASPAC
A16: Kir Kip Lee | B16: CAP0025965 | D16: jagan | E16: jg53431 | F16: GCG | G16: Asia Pacific | H16: Indonesia | I16: Tantawi,Tuti | J16: WS9877984 DW Restoration | K16: Storage Request - SAN | L16: Open | M16: SA Approval | N16: ad33421;ag50732;ag95697;ak40444;ak47115;ak61266;al43710;al84347;ap51564;bp95974;br92748;cs72181;da39257;dc58786;dl95319;gg49465;gm65034;hg04219;jg53431;js47378;kl29887;kt23776;kw95563;ky38902;ms50752;ms73098;pm46702;pp83002;ps26891;pt97482;ra05079;rb0940 | O16: 41234.125 | P16: 1 | Q16: 109.97987 | R16: 110.95306 | S16: ASPAC
A17: Rajesh Balu | B17: CAP0026005 | D17: Rajesh Balu | E17: rb09400 | F17: GCG | G17: Asia Pacific | H17: India | I17: Moorthy,Sandesh Krishna | J17: VPR15816 GCG Digital Money Infrastructure Services | K17: AIX | L17: Open | M17: Submitter Approval | N17: rb09400; | O17: 41235.284 | P17: 0 | Q17: 108.82079 | R17: 108.82079 | S17: ASPAC
A18: Rajesh Balu | B18: CAP0026030 | D18: rajesh balu | E18: rb09400 | F18: ICG_Tech | G18: ICG_Tech Citi Markets Technology | H18: ICG_Tech_CMT - G10 Global Rates | I18: GMT - Kim,Joo | J18: WS6547157 | K18: AIX | L18: Open | M18: Submitter Approval | N18: rb09400; | O18: 41238.987 | P18: 0 | Q18: 105.11766 | R18: 105.11766 | S18: ASPAC
A19: Rajesh Balu | B19: CAP0026032 | D19: Rajesh Balu | E19: rb09400 | F19: ICG_Tech | G19: ICG_Tech GTS Tech Treasury and Trade Services | H19: TTS - Man, Eric | I19: TTS - Man, Eric | J19: WS6547157 | K19: No Servers - Memory/CPU Upgrade | L19: Open | M19: Submitter Approval | N19: rb09400; | O19: 41239.177 | P19: 0 | Q19: 104.92738 | R19: 104.92738 | S19: ASPAC
A20: Sujeesh Thovarayi | B20: CAP0026523 | D20: thomas mathias | E20: tm81308 | F20: GCG | G20: Asia Pacific | H20: Singapore | I20: Ong,Kim Boon | J20: BAU | K20: Storage Request - SAN | L20: Open | M20: Post-CTI Approval | N20: ak47115;ok18455;st90388; | O20: 41289.985 | P20: 0 | Q20: 54.119491 | R20: 74.927755 | S20: ASPAC
A21: Kir Kip Lee | B21: CAP0026565 | D21: kir kip lee | E21: kl29887 | F21: ICG_Tech | G21: ICG_Tech GTS Tech Treasury and Trade Services | H21: TTS - Man, Eric | I21: TTS - Man, Eric | J21: WS8014030 - ICG-AP-Trims Reporting | K21: AIX | L21: Open | M21: Pre-Design Approval | N21: ds56427;jl36031;mw02822;ob41451;rd13550;rs28691;sk73093;tl35537; | O21: 41277.958 | P21: 1 | Q21: 66.146771 | R21: 66.92184 | S21: ASPAC
... A24: Rajaramesh Alluri | B24: CAP0026635 | D24: Sreelal Kunnummal Sreedharan | E24: ra05079 | F24: ICG_Tech | G24: ICG_Tech GTS Tech Treasury and Trade Services | H24: TTS - Man, Eric | I24: TTS - Man, Eric | J24: WS6547157 | K24: Storage Request - SAN | L24: Open | M24: CTI Approval | N24: ac94164;jn62051;js45746;ks14775;md46033;pr72496;rb71989;rs81295;ss84555;sy25911;ta19710;vv58942; | O24: 41341.386 | P24: 3 | Q24: 2.7180324 | R24: 62.145903 | S24: ASPAC
A25: Gineesh Madapparambath | B25: CAP0026735 | D25: albert cerullo | E25: Gineesh Madapparambath (gm65034)_x000D_ _x000D_ ( orginally raised by : ac33575) | F25: ICG_Tech | G25: ICG_Tech Private Bank - Personal Wealth Management | H25: GWM - Global Banker Technologies | I25: GWM - Global Banker Technologies | J25: WS13042967-ICG-AP-CPB-InView Attivio | K25: Infrastructure | L25: Open | M25: Open | P25: 0 | R25: 55.555764 | S25: ASPAC
A26: Venkateswara Rao Munagapati | B26: CAP0026841 | D26: Venkates | E26: vm24623 | F26: GCG | G26: Asia Pacific | H26: Global Consumer Bank, Japan | I26: Global Consumer Bank, Japan | J26: VPR9302 - JP-CC-SHARED DOCUMENTUM ENV MIGRATION | K26: Storage Request - SAN | L26: Open | M26: Pre-Design Approval | N26: bo83516;db35844;es45096;ky38902;pb17916;rc07154;rl57190;rv56747;sn37291; | O26: 41296.016 | P26: 1 | Q26: 48.088773 | R26: 50.20706 | S26: ASPAC
A27: Kir Kip Lee | B27: CAP0026856 | D27: kir kip lee | E27: kl29887 | F27: GCG | G27: Asia Pacific | H27: Global Consumer Bank, Japan | I27: Global Consumer Bank, Japan | J27: VPR5487 AP-GDC-Oracle 11G Database Server Upgrade | K27: Storage Request - SAN | L27: Open | M27: SA Approval | N27: ah74163;bt61877;ck12002;dl47762;ea06461;jc60918;ks24484;wn20676; | O27: 41302.22 | P27: 1 | Q27: 41.884826 | R27: 47.986794 | S27: ASPAC
A28: Venkateswara Rao Munagapati | B28: CAP0027034 | D28: Venkates | E28: vm24623 | F28: GCG | G28: Asia Pacific | H28: Global Consumer Bank, Japan | I28: Global Consumer Bank, Japan | J28: VPR9302 - JP-CC-SHARED DOCUMENTUM ENV MIGRATION | K28: Storage Request - SAN | L28: Open | M28: CTI Approval | N28: ac94164;jn62051;js45746;ks14775;md46033;pr72496;rb71989;rs81295;ss84555;sy25911;ta19710;vv58942; | O28: 41341.347 | P28: 3 | Q28: 2.7576042 | R28: 39.136921 | S28: ASPAC
A29: Thomas Mathias | B29: CAP0027065 | D29: thomas mathias | E29: tm81308 | F29: GCG | G29: Asia Pacific | H29: Singapore | I29: Ong,Kim Boon | J29: BAU | K29: Storage Request - SAN | L29: Open | M29: Submitter Approval | N29: tm81308; | O29: 41306.069 | P29: 0 | Q29: 38.035046 | R29: 38.035046 | S29: ASPAC
A30: Thomas Mathias | B30: CAP0027068 | D30: thomas mathias | E30: tm81308 | F30: GCG | G30: Asia Pacific | H30: Singapore | I30: Ong,Kim Boon | J30: BAU | K30: Storage Request - SAN | L30: Open | M30: CTI Approval | N30: ac94164;jn62051;js45746;ks14775;md46033;pr72496;rb71989;rs81295;ss84555;sy25911;ta19710;vv58942; | O30: 41341.342 | P30: 3 | Q30: 2.7626157 | R30: 38.015625 | S30: ASPAC
A31: Deepan Chakkaravarthi | B31: CAP0027159 | D31: Deepan | E31: dc58786 | F31: CTO | G31: GFTS | H31: CTS Compliance Technology Services | I31: CTS - Goh,Sok Kim | J31: WS13211340 eCADD GTS Production Support | K31: Storage Request - SAN | L31: Open | M31: Final Business Signoff | N31: ak01803;ca02038;dy31417;gp73160;jk21035;jm06649;mk24183;mr56013;rp74042;rr89025;st71626; | O31: 41344.103 | P31: 0 | Q31: 0.0019444444 | R31: 32.192037 | S31: ASPAC
A32: Siju Vellam Podichintavida | B32: CAP0027246 | D32: sivakumar ganesan | E32: pp32252 | F32: GCG | G32: Cross Function | H32: CTO | I32: Mukundan, Bobby | J32: BAU | K32: Storage Request - SAN | L32: Open | M32: CTI Approval | N32: ac94164;jn62051;js45746;ks14775;md46033;pr72496;rb71989;rs81295;ss84555;sy25911;ta19710;vv58942; | O32: 41341.341 | P32: 3 | Q32: 2.7634838 | R32: 25.905602 | S32: ASPAC
A33: Kir Kip Lee | B33: CAP0027349 | D33: kir kip lee | E33: kl29887 | F33: CTO | G33: GFTS | H33: GFI GFTS International | I33: GFI - Akao,Yukitoshi | J33: VPR5487 AP-GDC-Oracle 11G Database | K33: Storage Request - SAN | L33: Open | M33: CTI Approval | N33: ac94164;jn62051;js45746;ks14775;md46033;pr72496;rb71989;rs81295;ss84555;sy25911;ta19710;vv58942; | O33: 41331.399 | P33: 3 | Q33: 12.705394 | R33: 18.993229 | S33: ASPAC
A34: Siju Vellam Podichintavida | B34: CAP0027410 | D34: praveen | E34: pp32252 | F34: ICG_Tech | G34: ICG_Tech GTS Tech Treasury and Trade Services | H34: TTS - Man, Eric | I34: TTS - Man, Eric | J34: BAU | K34: Storage Request - SAN | L34: Open | M34: SA Approval | N34: ak47115;ap52431;kl63712;rf63383;sv68762; | O34: 41334.065 | P34: 1 | Q34: 10.038981 | R34: 17.180301 | S34: ASPAC
A35: Sreelal Kunnummal Sreedharan | B35: CAP0027460 | D35: sreelal kunnummal sreedharan | E35: sk78401 | F35: GCG | G35: Asia Pacific | H35: India | I35: Moorthy,Sandesh Krishna | J35: DMIS- VPR15816 | K35: Storage Request - SAN | L35: Open | M35: Submitter Approval | N35: sk78401; | O35: 41330.062 | P35: 0 | Q35: 14.042674 | R35: 14.042674 | S35: ASPAC
A36: Deepan Chakkaravarthi | B36: CAP0027516 | D36: Deepan | E36: dc58786 | F36: GCG | G36: Asia Pacific | H36: Asia Regional Technology | I36: Hari, Sridhar | J36: WS9980079 GCG-AP-Global Tablet Implementation | K36: No Servers - Memory/CPU Upgrade | L36: Open | M36: CTI Approval | N36: ac94164;ah74163;bb56255;bj19907;bm58431;hm04981;jn62051;js45746;kl24810;kn92290;md46033;mj18591;mt06736;pm23510;rv56747;sl78306;sn37291;sy25911;tk49291;vw67949;wk63775;zw73585; | O36: 41337.318 | P36: 5 | Q36: 6.7866204 | R36: 12.145301 | S36: ASPAC
A37: Deepan Chakkaravarthi | B37: CAP0027517 | D37: Deepan | E37: dc58786 | F37: GCG | G37: Asia Pacific | H37: Korea, Republic of | I37: Lee,Gi Young | J37: WS9980079 GCG-AP-Global Tablet Implementation | K37: Storage Request - SAN | L37: Open | M37: Submitter Approval | N37: dc58786; | O37: 41331.97 | P37: 0 | Q37: 12.134306 | R37: 12.134306 | S37: ASPAC
... A75: Sanjay Kumar | B75: CAP0025443 | D75: sanjay kumar | E75: sk14668 | F75: ICG_Tech | G75: ICG_Tech GTS Tech Treasury and Trade Services | H75: TTS - Man, Eric | I75: TTS - Man, Eric | J75: WS7760321 | K75: Storage Request - SAN | L75: Open | M75: Submitter Approval | N75: sk14668; | O75: 41200.983 | P75: 0 | Q75: 143.12183 | R75: 143.12183 | S75: ASPAC
A76: Siju Vellam Podichintavida | B76: CAP0025754 | D76: senthilkumar kumaraswamy | E76: sk77284 | F76: GCG | G76: Global Product Development | H76: Global Product Development | I76: Cards - International | J76: BAU | K76: Storage Request - SAN | L76: Open | M76: Open | P76: 0 | R76: 125.14765 | S76: ASPAC
A77: Siju Vellam Podichintavida | B77: CAP0025802 | D77: umesh sonwane | E77: us51691 | F77: ICG_Tech | G77: ICG_Tech GTS Tech Treasury and Trade Services | H77: TTS - Man, Eric | I77: TTS - Man, Eric | J77: BAU | K77: Storage Request - SAN | L77: Open | M77: Pre-Design Approval | N77: ds56427;jl36031;mw02822;ob41451;rd13550;rs28691;sk73093;tl35537; | O77: 41220.979 | P77: 1 | Q77: 123.12549 | R77: 123.17564 | S77: ASPAC
A78: Siju Vellam Podichintavida | B78: CAP0026010 | D78: ka ho leung | E78: kl63712 | F78: CTI | G78: CTI Global Technology Operations | H78: Global Security Operations | I78: Information Assurance Services - IAS | J78: BAU | K78: Storage Request - SAN | L78: Open | M78: Submitter Approval | N78: kl63712; | O78: 41236.012 | P78: 0 | Q78: 108.092 | R78: 108.092 | S78: ASPAC
A79: Siju Vellam Podichintavida | B79: CAP0026649 | D79: ka tak randy ho | E79: kh92063 | F79: ICG_Tech | G79: ICG_Tech GTS Tech Treasury and Trade Services | H79: TTS - Man, Eric | I79: TTS - Man, Eric | J79: WS6271692 & WS6273608 | K79: No Servers - Memory/CPU Upgrade | L79: Open | M79: Pre-Design Approval | N79: ds56427;jl36031;mw02822;ob41451;rd13550;rs28691;sk73093;tl35537; | O79: 41283.986 | P79: 1 | Q79: 60.118958 | R79: 61.043368 | S79: ASPAC
A80: Siju Vellam Podichintavida | B80: CAP0026679 | D80: kee loong simon yap | E80: ky51621 | F80: GCG | G80: Asia Pacific | H80: Asia Regional Technology | I80: Hari, Sridhar | J80: BAU | K80: Storage Request - SAN | L80: Open | M80: Pre-Design Approval | N80: bo83516;db35844;es45096;ky38902;pb17916;rc07154;rl57190;rv56747;sn37291; | O80: 41284.165 | P80: 1 | Q80: 59.938993 | R80: 60.131979 | S80: ASPAC
A81: Siju Vellam Podichintavida | B81: CAP0026826 | D81: kee loong simon yap | E81: ky51621 | F81: ICG_Tech | G81: ICG_Tech ASPAC | H81: ASPAC - Kandall,Michael | I81: ASPAC - Kandall,Michael | J81: BAU | K81: Storage Request - SAN | L81: Open | M81: Pre-Design Approval | N81: cp30221;ds76190;jd03131;km96569;mb88090;mp96590;tb60866; | O81: 41292.177 | P81: 1 | Q81: 51.927211 | R81: 51.932766 | S81: ASPAC
A82: Siju Vellam Podichintavida | B82: CAP0026882 | D82: umesh sonwane | E82: us51691 | F82: ICG_Tech | G82: ICG_Tech GTS Tech Treasury and Trade Services | H82: TTS - Man, Eric | I82: TTS - Man, Eric | J82: BAU | K82: Storage Request - SAN | L82: Open | M82: Submitter Approval | N82: us51691; | O82: 41297.218 | P82: 0 | Q82: 46.886273 | R82: 46.886273 | S82: ASPAC
A83: Siju Vellam Podichintavida | B83: CAP0026908 | D83: umesh sonwane | E83: us51691 | F83: ICG_Tech | G83: ICG_Tech ASPAC | H83: ASPAC - In-Country Tech - Chan, Ying Man | I83: ASPAC - CMT - Chan, Ying Man | J83: BAU | K83: Storage Request - SAN | L83: Open | M83: Pre-Design Approval | N83: cp30221;ds76190;jd03131;km96569;mb88090;mp96590;tb60866; | O83: 41298.04 | P83: 1 | Q83: 46.064074 | R83: 46.112257 | S83: ASPAC
A84: Siju Vellam Podichintavida | B84: CAP0026910 | D84: umesh sonwane | E84: us51691 | F84: ICG_Tech | G84: ICG_Tech ASPAC | H84: ASPAC - In-Country Tech - Chan, Ying Man | I84: ASPAC - CMT - Chan, Ying Man | J84: BAU | K84: Storage Request - SAN | L84: Open | M84: Pre-Design Approval | N84: cp30221;ds76190;jd03131;km96569;mb88090;mp96590;tb60866; | O84: 41298.085 | P84: 1 | Q84: 46.019329 | R84: 46.041574 | S84: ASPAC
A85: Thomas Mathias | B85: CAP0026969 | D85: thomas mathias | E85: tm81308 | F85: GCG | G85: EMEA | H85: Middle East Cluster | I85: Egypt - Ben Makhlouf, Slah | J85: BAU | K85: Storage Request - SAN | L85: Open | M85: Submitter Approval | N85: tm81308; | O85: 41302.101 | P85: 0 | Q85: 42.003056 | R85: 42.003056 | S85: ASPAC
A86: Rajesh Balu | B86: CAP0026991 | D86: Suresh Makkan | E86: sm09402 | F86: GCG | G86: Asia Pacific | H86: Singapore | I86: Ong,Kim Boon | J86: VPR3691 | K86: Storage Request - SAN | L86: Open | M86: CTI Approval | N86: ac94164;jn62051;js45746;ks14775;md46033;pr72496;rb71989;rs81295;ss84555;sy25911;ta19710;vv58942; | O86: 41313.325 | P86: 3 | Q86: 30.779931 | R86: 40.99625 | S86: ASPAC
A87: Rajesh Balu | B87: CAP0027037 | D87: albert cerullo | E87: rb09400 | F87: ICG_Tech | G87: ICG_Tech Private Bank - Personal Wealth Management | H87: GWM - Asia Technology | I87: GWM - Asia Technology | J87: VPR3691 SUN to AIX Migration | K87: AIX | L87: Open | M87: Post-CTI Approval | N87: ac94164;jn62051;js45746;ks14775;md46033;pr72496;rb71989;rs81295;ss84555;sy25911;ta19710;vv58942; | O87: 41344.001 | P87: 0 | Q87: 0.10373843 | R87: 38.977095 | S87: ASPAC
A88: Siju Vellam Podichintavida | B88: CAP0027071 | D88: praveen | E88: sv68762 | F88: ICG_Tech | G88: ICG_Tech GTS Tech Treasury and Trade Services | H88: TTS - Man, Eric | I88: TTS - Man, Eric | J88: BAU | K88: Storage Request - SAN | L88: Open | M88: SA Approval | N88: ak47115;ap52431;hg04219;ky38902;rf63383;sv68762; | O88: 41306.258 | P88: 1 | Q88: 37.846528 | R88: 37.858044 | S88: ASPAC
A89: Rajesh Balu | B89: CAP0027095 | D89: =H89/33 -> #VALUE! | E89: rb09400 | F89: ICG_Tech | G89: ICG_Tech Private Bank - Personal Wealth Management | H89: GWM - Asia Technology | I89: GWM - Asia Technology | J89: VPR3691 SUN to AIX Migration | K89: Storage Request - SAN | L89: Open | M89: Pre-Design Approval | N89: ac33575;mb69558;mo77554; | O89: 41312.167 | P89: 1 | Q89: 31.937037 | R89: 35.105625 | S89: ASPAC
A90: Sujeesh Thovarayi | B90: CAP0027162 | D90: Muthukumar Sivagnanam | E90: ms34622 | F90: CTI | G90: CTI Global Technology Operations | H90: Global Security Operations | I90: Host & App Security Infrastructure - HASI | J90: BAU | K90: AIX | L90: Open | M90: CTI Approval | N90: ac94164;ah74163;bb56255;bj19907;bm58431;hm04981;jn62051;js45746;kl24810;kn92290;md46033;mj18591;mt06736;pm23510;rv56747;sl78306;sn37291;sy25911;tk49291;vw67949;wk63775;zw73585; | O90: 41312.331 | P90: 5 | Q90: 31.77338 | R90: 32.119398 | S90: ASPAC
A91: Sujeesh Thovarayi | B91: CAP0027163 | D91: Muthukumar Sivagnanam | E91: ms34622 | F91: CTI | G91: CTI Operations - Regional | H91: CTI Asia Pacific | I91: CTI Asia Pacific | J91: BAU | K91: Storage Request - SAN | L91: Open | M91: CTI Approval | N91: ac94164;jn62051;js45746;ks14775;md46033;pr72496;rb71989;rs81295;ss84555;sy25911;ta19710;vv58942; | O91: 41312.347 | P91: 3 | Q91: 31.757396 | R91: 32.091736 | S91: ASPAC
A92: Rajesh Balu | B92: CAP0027178 | D92: Suresh Makkan | E92: sm09402 | F92: ICG_Tech | G92: ICG_Tech Private Bank - Personal Wealth Management | H92: GWM - Asia Technology | I92: GWM - Asia Technology | J92: VPR3691 SUN to AIX Migration | K92: AIX | L92: Open | M92: Pre-Design Approval | N92: ac33575;mb69558;mo77554; | O92: 41317.987 | P92: 1 | Q92: 26.117685 | R92: 30.94294 | S92: ASPAC
A93: Rajesh Balu | B93: CAP0027245 | D93: Sureshmakkan | E93: sm09402 | F93: ICG_Tech | G93: ICG_Tech Private Bank - Personal Wealth Management | H93: GWM - Asia Technology | I93: GWM - Asia Technology | J93: VPR3691 SUN to AIX Migration | K93: Storage Request - SAN | L93: Open | M93: Submitter Approval | N93: sm09402; | O93: 41318.198 | P93: 0 | Q93: 25.906782 | R93: 25.906782 | S93: ASPAC
A94: Suresh Makkan | B94: CAP0027324 | D94: albert cerullo | E94: vp75140 | F94: ICG_Tech | G94: ICG_Tech Private Bank - Personal Wealth Management | H94: GWM - Asia Technology | I94: GWM - Asia Technology | J94: CPB ASPAC SAN BAU1_2013 | K94: Storage Request - SAN | L94: Open | M94: CTI Approval | N94: ac94164;jn62051;js45746;ks14775;md46033;pr72496;rb71989;rs81295;ss84555;sy25911;ta19710;vv58942; | O94: 41343.983 | P94: 3 | Q94: 0.12167824 | R94: 20.042361 | S94: ASPAC
A95: Siju Vellam Podichintavida | B95: CAP0027377 | D95: praveen | E95: pp32252 | F95: ICG_Tech | G95: ICG_Tech GTS Tech Treasury and Trade Services | H95: TTS - Man, Eric | I95: TTS - Man, Eric | J95: BAU | K95: Storage Request - SAN | L95: Open | M95: Pre-Design Approval | N95: rs28691;ww84651; | O95: 41330.086 | P95: 1 | Q95: 14.018148 | R95: 18.120706 | S95: ASPAC
A96: Siju Vellam Podichintavida | B96: CAP0027409 | D96: sivakumar ganesan | E96: sg10633 | F96: ICG_Tech | G96: ICG_Tech ASPAC | H96: ASPAC - CMT - Morgan,Patrick | I96: ASPAC-CMT-Morgan,Patrick | J96: BAU | K96: Storage Request - SAN | L96: Open | M96: Pre-Design Approval | N96: cp30221;ds76190;jd03131;km96569;mb88090;mp96590;tb60866; | O96: 41326.933 | P96: 1 | Q96: 17.171586 | R96: 17.188576 | S96: ASPAC
A97: Siju Vellam Podichintavida | B97: CAP0027415 | D97: Sahil Gupta | E97: sg05736 | F97: ICG_Tech | G97: ICG_Tech GTS Tech Treasury and Trade Services | H97: TTS - Man, Eric | I97: TTS - Man, Eric | J97: WS12002085 ICG-AP-EMBS DASD Increase estimated | K97: Storage Request - SAN | L97: Open | M97: Pre-Design Approval | N97: rs28691;ww84651; | O97: 41331.22 | P97: 1 | Q97: 12.884398 | R97: 16.914769 | S97: ASPAC
A98: Siju Vellam Podichintavida | B98: CAP0027459 | D98: kee loong simon yap | E98: ky51621 | F98: ICG_Tech | G98: ICG_Tech GTS Tech Treasury and Trade Services | H98: TTS - Man, Eric | I98: TTS - Man, Eric | J98: WS13845985-WS13643935-WS13818091 | K98: Storage Request - SAN | L98: Open | M98: SA Approval | N98: ak47115; | O98: 41330.118 | P98: 1 | Q98: 13.986898 | R98: 14.052743 | S98: ASPAC
A99: Prakash Dayalan | B99: CAP0027489 | D99: Quiapo, Angelie Manansala [CCC-OT_IT] | E99: pd17033 | F99: CTI | G99: CTI Operations - Regional | H99: CTI Asia Pacific | I99: CTI Asia Pacific | J99: Provision On Demand-VPR3691 | K99: Storage Request - SAN | L99: Open | M99: Submitter Approval | N99: aq66851;pd17033; | O99: 41331.174 | P99: 0 | Q99: 12.929988 | R99: 12.929988 | S99: ASPAC
A100: Angelie Quiapo | B100: CAP0027561 | D100: Hall, Ian | E100: aq66851 | F100: CTI | G100: CTI Operations - Regional | H100: CTI EMEA | I100: CTI - EMEA | J100: BAU | K100: Storage Request - SAN | L100: Open | M100: CTI Approval | N100: ac94164;jn62051;js45746;ks14775;md46033;pr72496;rb71989;rs81295;ss84555;sy25911;ta19710;vv58942; | O100: 41338.337 | P100: 3 | Q100: 5.7671296 | R100: 9.8790278 | S100: ASPAC
A101: Thomas Mathias | B101: CAP0027597 | D101: thomas mathias | E101: tm81308 | F101: GCG | G101: Asia Pacific | H101: Singapore | I101: Ong,Kim Boon | J101: BAU | K101: Storage Request - SAN | L101: Open | M101: Submitter Approval | N101: tm81308; | O101: 41337.226 | P101: 0 | Q101: 6.8781829 | R101: 6.8781829 | S101: ASPAC
... A118: Ramasamy Ashokan | B118: CAP0027239 | D118: Jeanette Suamen | E118: js79581 | F118: CTI | G118: CTI Global Data Center Services | H118: Distributed Systems | I118: Unix | J118: Citiplanner | K118: Storage Request - SAN | L118: Open | M118: CTI Approval | N118: ac94164;jn62051;js45746;ks14775;md46033;pr72496;rb71989;rs81295;ss84555;sy25911;ta19710;vv58942; | O118: 41324.365 | P118: 3 | Q118: 19.73956 | R118: 26.04081 | S118: ASPAC
A119: Ramasamy Ashokan | B119: CAP0027596 | D119: ramasamy.ashokan | E119: ra95253 | F119: CTI | G119: CTI Global Data Center Services | H119: Distributed Systems | I119: Unix | J119: BAU | K119: Storage Request - SAN | L119: Open | M119: Post-CTI Approval | O119: 41338.156 | P119: 0 | Q119: 5.9482986 | R119: 7.0151736 | S119: ASPAC
A120: Lampinen, John | B120: CAP0025846 | D120: ashish goyal | E120: ag29915 | F120: GCG | G120: Global Product Development | H120: Global Product Development | I120: Cards - International | J120: GC V1 (storage | K120: Storage Request - SAN | L120: Open | M120: Pre-Design Approval | N120: bo83516;es45096;ke63942;pb17916;pm46702;rc07154;rl57190;sp10283; | O120: 41227.094 | P120: 1 | Q120: 117.01074 | R120: 118.98735 | S120: ASPAC
A121: Lampinen, John | B121: CAP0026231 | D121: Lavika Zellary | E121: lz42300 | F121: GCG | G121: Global Product Development | H121: Global Product Development | I121: Cards - International | J121: G2C V1 | K121: Storage Request - DASD Mainframe | L121: Open | M121: Submitter Approval | N121: lz42300; | O121: 41248.214 | P121: 0 | Q121: 95.890694 | R121: 95.890694 | S121: ASPAC
A122: Lampinen, John | B122: CAP0026232 | D122: lavika zellary | E122: LZ42300 | F122: GCG | G122: Global Product Development | H122: Global Product Development | I122: Cards - International | J122: G2C V1 | K122: Storage Request - DASD Mainframe | L122: Open | M122: Submitter Approval | N122: lz42300;LZ42300; | O122: 41248.219 | P122: 0 | Q122: 95.88581 | R122: 95.88581 | S122: ASPAC
A123: Lampinen, John | B123: CAP0026262 | D123: lavika zellary | E123: lz42300 | F123: GCG | G123: Global Product Development | H123: Global Product Development | I123: Cards - International | J123: G2C V1 | K123: Storage Request - DASD Mainframe | L123: Open | M123: Submitter Approval | N123: lz42300; | O123: 41249.055 | P123: 0 | Q123: 95.049745 | R123: 95.049745 | S123: ASPAC
A124: Lampinen, John | B124: CAP0026264 | D124: lavika zellary | E124: lz42300 | F124: GCG | G124: Global Product Development | H124: Global Product Development | I124: Cards - International | J124: GC V1 (storage | K124: Storage Request - DASD Mainframe | L124: Open | M124: Submitter Approval | N124: lz42300; | O124: 41249.068 | P124: 0 | Q124: 95.036157 | R124: 95.036157 | S124: ASPAC
A125: Lampinen, John | B125: CAP0026265 | D125: lavika zellary | E125: lz42300 | F125: GCG | G125: Global Product Development | H125: Global Product Development | I125: Cards - International | J125: 11201 | K125: Storage Request - DASD Mainframe | L125: Open | M125: Submitter Approval | N125: lz42300; | O125: 41249.073 | P125: 0 | Q125: 95.031771 | R125: 95.031771 | S125: ASPAC
A126: Lampinen, John | B126: CAP0026266 | D126: lavika zellary | E126: lz42300 | F126: GCG | G126: Global Product Development | H126: Global Product Development | I126: Cards - International | J126: G2C V1 | K126: Storage Request - DASD Mainframe | L126: Open | M126: Submitter Approval | N126: lz42300; | O126: 41249.076 | P126: 0 | Q126: 95.028032 | R126: 95.028032 | S126: ASPAC
A127: Lampinen, John | B127: CAP0027537 | D127: Jason Reyes Henson | E127: jh68627 | F127: CTI | G127: CTI Global Technology Operations | H127: Global Security Operations | I127: Information Assurance Services - IAS | J127: Add Space in MY Control-D CIT2 | K127: Storage Request - DASD Mainframe | L127: Open | M127: Submitter Approval | N127: jh68627; | O127: 41333.083 | P127: 0 | Q127: 11.021609 | R127: 11.021609 | S127: ASPAC
A128: Joseph La Manna | B128: CAP0027598 | D128: ma. carmela vertucio | E128: mv13623 | F128: GCG | G128: Global Product Development | H128: Global Product Development | I128: Cards - International | J128: EMEA Rainbow | K128: Storage Request - DASD Mainframe | L128: Open | M128: CTI Approval | N128: em86939;mg63100;tc25277; | O128: 41338.213 | P128: 3 | Q128: 5.89125 | R128: 6.8367361 | S128: ASPAC
A129: Hon Khiong Yong | B129: CAP0026329 | D129: chong wei ang | E129: ca35376 | F129: ICG_Tech | G129: ICG_Tech Citi Markets Technology | H129: ICG_Tech_CMT - G10 Global Rates | I129: GMT - Kim,Joo | J129: Netbackup Media servers | K129: Cost Reduction | L129: Open | M129: Submitter Approval | N129: ca35376; | O129: 41254.079 | P129: 0 | Q129: 90.02537 | R129: 90.02537 | S129: ASPAC
A130: Bala Chandra Kasturi | B130: CAP0027487 | D130: Bala | E130: bk08369 | F130: GCG | G130: Asia Pacific | H130: Global Consumer Bank, Japan | I130: Global Consumer Bank, Japan | J130: VPR5487 Oracle 11g Upgrade CitiOption | K130: Storage Request - SAN | L130: Open | M130: CTI Approval | N130: ac94164;jn62051;js45746;ks14775;md46033;pr72496;rb71989;rs81295;ss84555;sy25911;ta19710;vv58942; | O130: 41341.34 | P130: 3 | Q130: 2.7642824 | R130: 13.009144 | S130: ASPAC
A131: Bala Chandra Kasturi | B131: CAP0027491 | D131: Bala | E131: bk08369 | F131: GCG | G131: Asia Pacific | H131: Singapore | I131: Yohannan,Rajesh | J131: GCG-AP-CBOL Network HSM & MQ Clustering | K131: Storage Request - SAN | L131: Open | M131: Submitter Approval | N131: bk08369; | O131: 41331.186 | P131: 0 | Q131: 12.918727 | R131: 12.918727 | S131: ASPAC
... A142: Ramalingam Venkatessin | B142: CAP0025034 | D142: Palani KamalaKannan | E142: pk30433 | F142: ICG_Tech | G142: ICG_Tech GTS Tech Treasury and Trade Services | H142: TTS - Man, Eric | I142: TTS - Man, Eric | J142: WS8014030 - ICG-AP-Trims Reporting System | K142: Storage Request - SAN | L142: Open | M142: P&L Approval | N142: ds56427;jl36031;mw02822;ob41451;rd13550;rs28691;sk73093;tl35537; | O142: 41185.11 | P142: 0 | Q142: 158.99479 | R142: 160.00036 | S142: ASPAC
A143: Ramalingam Venkatessin | B143: CAP0025036 | D143: Palani KamalaKannan | E143: pk30433 | F143: ICG_Tech | G143: ICG_Tech GTS Tech Treasury and Trade Services | H143: TTS - Man, Eric | I143: TTS - Man, Eric | J143: WS8014030 - ICG-AP-Trims Reporting System | K143: AIX | L143: Open | M143: Open | P143: 0 | R143: 159.93757 | S143: ASPAC
A144: Christopher Johnson | B144: CAP0025186 | D144: Christopher Johnson | E144: cj03460 | F144: CTO | G144: GFTS | H144: CTS Compliance Technology Services | I144: CTS - Goh,Sok Kim | J144: Global-CC-CitiKYC Unification Setup | K144: Storage Request - SAN | L144: Open | M144: Submitter Approval | N144: cj03460; | O144: 41190.259 | P144: 0 | Q144: 153.84531 | R144: 153.84531 | S144: ASPAC
A145: Christopher Johnson | B145: CAP0025412 | D145: Shaik Masthan | E145: sm53895 | F145: CTO | G145: GFTS | H145: GFI GFTS International | I145: GFI - Akao,Yukitoshi | J145: CTO-SG/HK-DC - India RBI Regulatory Reporting | K145: AIX | L145: Open | M145: Submitter Approval | N145: sm53895; | O145: 41199.922 | P145: 0 | Q145: 144.18255 | R145: 144.18255 | S145: ASPAC
A146: Christopher Johnson | B146: CAP0026358 | D146: Srinivas Rao | E146: su52819 | F146: GCG | G146: EMEA | H146: ECT Cluster | I146: ECT - Qadir,Khurram | J146: VPR13154 - Genesis (CSI 164164) | K146: Storage Request - SAN | L146: Open | M146: CTI Approval | N146: ac94164;jn62051;js45746;ks14775;md46033;pr72496;rb71989;rs81295;ss84555;sy25911;ta19710;vv58942; | O146: 41257.24 | P146: 3 | Q146: 86.864375 | R146: 87.866262 | S146: ASPAC
A147: Ramalingam Venkatessin | B147: CAP0026522 | D147: jagan.gandreddy | E147: jg53431 | F147: GCG | G147: Asia Pacific | H147: India | I147: Moorthy,Sandesh Krishna | J147: AP-GCG-CIP Implementation | K147: Storage Request - SAN | L147: Open | M147: Submitter Approval | N147: jg53431; | O147: 41269.116 | P147: 0 | Q147: 74.988438 | R147: 74.988438 | S147: ASPAC
A148: Rajesh Natarajan | B148: CAP0026603 | D148: Manavalan | E148: mg03456 | F148: GCG | G148: Asia Pacific | H148: China | I148: Tan,Kongweng | J148: VPR7113 North Asia Rainbow | K148: Storage Request - SAN | L148: Open | M148: Pre-Design Approval | N148: bo83516;db35844;es45096;jf70821;ky38902;pb17916;rc07154;rl57190;rv56747;sn37291; | O148: 41281.138 | P148: 1 | Q148: 62.966458 | R148: 62.997755 | S148: ASPAC
A149: Selvakumar Ponraj | B149: CAP0026843 | D149: Selva | E149: bk08369 | F149: ICG_Tech | G149: ICG_Tech GTS Tech Treasury and Trade Services | H149: TTS - Fabian,Eduard | I149: TTS - Fabian,Eduard | J149: VPR5487-AP-GDC-Oracle 11g Upgrade | K149: Storage Request - SAN | L149: Open | M149: P&L Approval | N149: jl35973;jl36031;mw02822;ob41451;rd13550;rs28691;sk73093;tl35537; | O149: 41313.209 | P149: 0 | Q149: 30.895081 | R149: 49.168553 | S149: ASPAC
A150: Deenadayalan Manickam | B150: CAP0026972 | D150: Deenadayalan Manickam | E150: dm96604 | F150: GCG | G150: Global Product Development | H150: Global Product Development | I150: eBusiness Deployment | J150: WS10461981 | K150: No Servers - Memory/CPU Upgrade | L150: Open | M150: Post-CTI Approval | N150: ac94164;ah74163;bb56255;bj19907;bm58431;hm04981;jn62051;js45746;kl24810;kn92290;md46033;mj18591;mt06736;pm23510;rv56747;sl78306;sn37291;sy25911;tk49291;vw67949;wk63775;zw73585; | O150: 41324.212 | P150: 0 | Q150: 19.892257 | R150: 41.990382 | S150: ASPAC
A151: Deenadayalan Manickam | B151: CAP0026976 | D151: Deenadayalan Manickam | E151: dm96604 | F151: GCG | G151: Global Product Development | H151: Global Product Development | I151: eBusiness Deployment | J151: WS10461981 | K151: Storage Request - SAN | L151: Open | M151: Pre-Design Approval | N151: bo83516;es45096;ke63942;pb17916;pm46702;rc07154;rl57190;sp10283; | O151: 41309.014 | P151: 1 | Q151: 35.090162 | R151: 41.897558 | S151: ASPAC
A152: Karthikeyan Baburaj | B152: CAP0027133 | D152: Karthikeyan.Baburaj | E152: kb80323 | F152: ICG_Tech | G152: ICG_Tech Citi Markets Technology | H152: ICG_Tech_CMT - Equities & Equity Middle Office | I152: Global Equities - Christie,Matt | J152: WS9587737 | K152: Storage Request - SAN | L152: Open | M152: Pre-Design Approval | N152: cp30221;ds76190;jd03131;km96569;mb88090;mp96590;tb60866; | O152: 41311.171 | P152: 1 | Q152: 32.933681 | R152: 32.992766 | S152: ASPAC
A153: Janakiraman Santhanam | B153: CAP0027235 | D153: Janakiraman Santhanam | E153: js47378 | F153: CTI | G153: CTI Global Data Center Services | H153: Storage & Backup | I153: Storage & Backup | J153: AP-GDC-zlinux Workload Migration | K153: Storage Request - SAN | L153: Open | M153: Submitter Approval | N153: js47378; | O153: 41317.934 | P153: 0 | Q153: 26.170938 | R153: 26.170938 | S153: ASPAC
A154: Janakiraman Santhanam | B154: CAP0027237 | D154: Janakiraman Santhanam | E154: js47378 | F154: CTI | G154: CTI Global Data Center Services | H154: Engineering - Integration | I154: Engineering - Integration | J154: AP-GDC-zlinux Workload Migration | K154: No Servers - Memory/CPU Upgrade | L154: Open | M154: Submitter Approval | N154: js47378; | O154: 41318.018 | P154: 0 | Q154: 26.086609 | R154: 26.086609 | S154: ASPAC
A155: Christopher Johnson | B155: CAP0027348 | D155: christopher johnson | E155: cj03460 | F155: CTO | G155: GFTS | H155: CTS Compliance Technology Services | I155: CTS - Goh,Sok Kim | J155: WS6013097 Global-CC-CitiKYC Unification Setup | K155: Storage Request - SAN | L155: Open | M155: Submitter Approval | N155: cj03460; | O155: 41325.106 | P155: 0 | Q155: 18.998067 | R155: 18.998067 | S155: ASPAC
... A170: Alok Sinha | B170: CAP0027461 | D170: Abhishek Sinha | E170: sa43442 | F170: GCG | G170: Cross Function | H170: Contact Center & Loss Mitigation (CCLM) | I170: Lutz, Alexander | J170: VPR9858 | K170: Infrastructure | L170: Open | M170: VDR Approval | N170: an89698;bm72511;cb34562;cc73457;ct39258;de93703;;gq81991;kc57616;kc5761; | O170: 41341.339 | P170: 0 | Q170: 2.7654282 | R170: 14.025532 | S170: ASPAC
A171: Sinha Abhishek | B171: CAP0027612 | D171: Abhishek Sinha | E171: sa43442 | F171: CTI | G171: CTI Global Technology Operations | H171: Global Security Operations | I171: Information Assurance Services - IAS | J171: WS10746920 | L171: Open | M171: 3544 | N171: 132133 | O171: 41338.34 | P171: 3 | Q171: 5.7646181 | R171: 6.1677546 | S171: ASPAC
A172: Sinha Abhishek | B172: CAP0027614 | D172: Abhishek Sinha | E172: sa43442 | F172: CTI | G172: CTI Global Technology Operations | H172: Global Security Operations | I172: Information Assurance Services - IAS | J172: WS10746920 | K172: 3564 | L172: e89,d9e | M172: CTI Approval | N172: ac94164;jn62051;js45746;ks14775;md46033;pr72496;rb71989;rs81295;ss84555;sy25911;ta19710;vv58942; | O172: 41338.339 | P172: 3 | Q172: 5.7657755 | R172: 6.1243866 | S172: ASPAC
A173: Sinha Abhishek | B173: CAP0027674 | C173: CAP0024653 | D173: Abhishek Sinha | E173: sa43442 | F173: CTO | G173: GFTS | H173: CSD CTO Solutions Development | I173: CSD - Luthra, Ramit | J173: WS6145042 SG-CC-Asia SharePoint 2007 Upgrade | K173: Storage Request - SAN | L173: Open | M173: CTI Approval | N173: ac94164;jn62051;js45746;ks14775;md46033;pr72496;rb71989;rs81295;ss84555;sy25911;ta19710;vv58942; | O173: 41340.784 | P173: 3 | Q173: 3.3207755 | R173: 4.0115972 | S173: ASPAC
A174: Mark Chen | B174: CAP0024834 | D174: rick chen | E174: rc96755 | F174: CTI | G174: CTI Global Technology Operations | H174: Global Security Operations | I174: Information Assurance Services - IAS | J174: NA | K174: 3943 | L174: 521522523 | M174: Submitter Approval | N174: rc96755; | O174: 41173.154 | P174: 0 | Q174: 170.95015 | R174: 170.95015 | S174: ASPAC
A175: Mark Chen | B175: CAP0025351 | D175: rick chen | E175: rc96755 | F175: GCG | G175: Asia Pacific | H175: Taiwan | I175: Huang,James | J175: WS8379650GDC-TW-Wintel servers EOL Tech Refresh | K175: Other (Describe Below) | L175: Open | M175: VDR Approval | N175: an89698;bm72511;cb34562;cc73457;ct39258;de93703;;gq81991;kc57616;kc5761; | O175: 41261.557 | P175: 0 | Q175: 82.547384 | R175: 146.17037 | S175: ASPAC
A176: Mark Chen | B176: CAP0025714 | D176: rick chen | E176: rc96755 | F176: CTI | G176: CTI Global Technology Operations | H176: Global Security Operations | I176: Information Assurance Services - IAS | J176: BAU | K176: No Servers - Memory/CPU Upgrade | L176: Open | M176: Submitter Approval | N176: rc96755; | O176: 41215.107 | P176: 0 | Q176: 128.99731 | R176: 128.99731 | S176: ASPAC
A177: Mark Chen | B177: CAP0026135 | D177: rick chen | E177: rc96755 | F177: GCG | G177: Asia Pacific | H177: Taiwan | I177: Huang,James | J177: NA | K177: Other (Describe Below) | L177: Open | M177: VDR Approval | N177: an89698;bm72511;cb34562;cc73457;ct39258;de93703;;gq81991;kc57616;kc5761; | O177: 41246.026 | P177: 0 | Q177: 98.0786 | R177: 101.25094 | S177: ASPAC
A178: Mark Chen | B178: CAP0026198 | D178: eric kao | E178: ek26390 | F178: GCG | G178: Asia Pacific | H178: Taiwan | I178: Huang,James | J178: N/A | K178: No Servers - Hard Drive Upgrade | L178: Open | M178: VDR Approval | N178: an89698;bm72511;cb34562;cc73457;ct39258;de93703;;gq81991;kc57616;kc5761; | O178: 41247.956 | P178: 0 | Q178: 96.148356 | R178: 96.999329 | S178: ASPAC
A179: Mark Chen | B179: CAP0026269 | D179: rick chen | E179: rc96755 | F179: CTI | G179: CTI Global Technology Operations | H179: Global Security Operations | I179: Information Assurance Services - IAS | J179: TW VM new request | K179: VMWare | L179: Open | M179: Submitter Approval | N179: rc96755; | O179: 41249.184 | P179: 0 | Q179: 94.920093 | R179: 94.920093 | S179: ASPAC
...

Sheet 070313
A1: SA Name | B1: Capacity ID | D1: Requestor | E1: Submitter | F1: Business Sector | G1: Business Group | H1: Business Line | I1: Business | J1: Project Name | K1: Type of Request | L1: Status | M1: Current Phase | N1: In Queue of | O1: Inque Start Time | P1: SLA Days | Q1: Time in Queue | R1: Overall Request Time | S1: Region
A2: Jason Popp | B2: CAP0027594 | D2: larry cruz | E2: lc11268 | F2: Corp_Bus | G2: O&T Risk Mgmt & Compliance | H2: O&T Risk Mgmt & Compliance | I2: O&T Risk Mgmt & Compliance | J2: GIDA ISAW Repositories | K2: Storage Request - NAS | L2: Open | M2: Submitter Approval | N2: lc11268; | O2: 41336.862 | P2: 0 | Q2: 3.2427315 | R2: 3.2427315 | S2: ASPAC
A3: Sanjeev Kumar Singh Tomar | B3: CAP0026965 | D3: shafayet hossain | E3: sh61970 | F3: ICG_Tech | G3: ICG_Tech ASPAC | H3: ASPAC - In-Country Tech - Chan, Ying Man | I3: ASPAC - CMT - Chan, Ying Man | J3: BAU | K3: VMWare | L3: Open | M3: Pre-Design Approval | N3: cp30221;ds76190;jd03131;km96569;mb88090;mp96590;tb60866; | O3: 41301.293 | P3: 1 | Q3: 38.811701 | R3: 38.811701 | S3: ASPAC
A4: Yu On Venkie Lee | B4: CAP0024673 | D4: yu on venkie lee | E4: yl77858 | F4: CTI | G4: CTI Global Technology Operations | H4: Global Security Operations | I4: Information Assurance Services - IAS | J4: VPR13510 2N Restoration | K4: Storage Request - SAN | L4: Open | M4: Submitter Approval | N4: yl77858; | O4: 41165.929 | P4: 0 | Q4: 174.17566 | R4: 174.17566 | S4: ASPAC
A5: Kam Bong So | B5: CAP0025960 | D5: connie kwok | E5: ck12002 | F5: ICG_Tech | G5: ICG_Tech Citi Markets Technology | H5: ICG_Tech_CMT - G10 Global Rates | I5: GMT - Kim,Joo | J5: BAU | K5: Storage Request - SAN | L5: Open | M5: CTI Approval | N5: ac94164;jn62051;js45746;ks14775;md46033;pr72496;rb71989;rs81295;ss84555;sy25911;ta19710;vv58942; | O5: 41247.286 | P5: 3 | Q5: 92.818032 | R5: 107.11425 | S5: ASPAC
A6: Srinivasarao Thella | B6: CAP0025378 | D6: srinivasarao thella | E6: mc98347 | F6: ICG_Tech | G6: ICG_Tech GTS Tech Treasury and Trade Services | H6: TTS - Man, Eric | I6: TTS - Man, Eric | J6: NAS Storage for BMC Servers_ASPAC | K6: Storage Request - NAS | L6: Open | M6: CTI Approval | O6: 41253.127 | P6: 3 | Q6: 86.9775 | R6: 141.18453 | S6: ASPAC
A7: Daniel Roedema | B7: CAP0026357 | D7: demonte brown | E7: db89128 | F7: CTO | G7: CATE | H7: CATE | I7: CCC - Venkatachalam,Guruvayurappan | J7: Microsoft Lync 2010 - ASPAC | K7: Infrastructure | L7: Open | M7: CTI Approval | N7: ac94164;jn62051;js45746;ks14775;md46033;pr72496;rb71989;rs81295;ss84555;sy25911;ta19710;vv58942; | O7: 41261.355 | P7: 5 | Q7: 78.749282 | R7: 84.045451 | S7: ASPAC
A8: Balasubramanian Pichumani | B8: CAP0025037 | D8: Ba;asubramanian Pichumani | E8: bp23017 | F8: GCG | G8: Asia Pacific | H8: Global Consumer Bank, Japan | I8: Global Consumer Bank, Japan | J8: BAU | K8: Storage Request - SAN | L8: Open | M8: Submitter Approval | N8: bp23017; | O8: 41184.248 | P8: 0 | Q8: 155.85609 | R8: 155.85609 | S8: ASPAC
A9: Gowtham Ganesan | B9: CAP0024076 | D9: Gowtham Ganesan | E9: gg18915 | F9: CTI | G9: CTI Global Technology Operations | H9: Global Security Operations | I9: Information Assurance Services - IAS | J9: SSH Tectia Apps servers Migration | K9: Storage Request - SAN | L9: Open | M9: Open | P9: 0 | R9: 206.06503 | S9: ASPAC
A10: Haresh Gandhi | B10: CAP0024249 | D10: balasubramanian pichumani | E10: gg18915 | F10: ICG_Tech | G10: ICG_Tech GTS Tech Treasury and Trade Services | H10: TTS - Man, Eric | I10: TTS - Man, Eric | J10: BAU | K10: Storage Request - SAN | L10: Open | M10: Final P&L Approval | N10: ep42429;gm12984;mj87031; | O10: 41183.368 | P10: 0 | Q10: 156.73664 | R10: 196.95631 | S10: ASPAC
